Workbook
Name _ftn1: '3.11'!#REF!
Name _ftn10: '3.11'!#REF!
Name _ftn11: '3.11'!#REF!
Name _ftn2: '3.11'!#REF!
Name _ftn3: '3.11'!#REF!
Name _ftn4: '3.11'!#REF!
Name _ftn5: '3.11'!#REF!
Name _ftn6: '3.11'!#REF!
Name _ftn7: '3.11'!#REF!
Name _ftn8: '3.11'!#REF!
Name _ftn9: '3.11'!#REF!
Name _ftnref1: '3.11'!#REF!
Name _ftnref10: '3.11'!#REF!
Name _ftnref11: '3.11'!#REF!
Name _ftnref2: '3.11'!#REF!
Name _ftnref3: '3.11'!#REF!
Name _ftnref4: '3.11'!#REF!
Name _ftnref5: '3.11'!#REF!
Name _ftnref6: '3.11'!#REF!
Name _ftnref7: '3.11'!#REF!
Name _ftnref8: '3.11'!#REF!
Name _ftnref9: '3.11'!#REF!
Name asdf: '[1]2'!#REF!
Name asdf: '[1]2'!#REF!
Name asdf: '[1]2'!#REF!
Name asdf: '[1]2'!#REF!
Name asdfasd: '[1]2'!#REF!
Name asdfasd: '[1]2'!#REF!
Name asdfasd: '[1]2'!#REF!
Name asdfasd: '[1]2'!#REF!
Name asdfasdfasdf: '[1]2'!#REF!
Name asdfasdfasdf: '[1]2'!#REF!
Name asdfasdfasdf: '[1]2'!#REF!
Name asdfasdfasdf: '[1]2'!#REF!
Name d_cw: #REF!
Name d_cw: #REF!
Name d_cw: #REF!
Name f_cw: #REF!
Name f_cw: #REF!
Name f_cw: #REF!
Name id.AP6: #REF!
Name id.AP6: #REF!
Name id.AP6: #REF!
Name id.GCATsub: #REF!
Name id.GCATsub: #REF!
Name id.GCATsub: #REF!
Name Muskuloskelettale_Rehabilitation: '[1]2'!#REF!
Name Muskuloskelettale_Rehabilitation: '[1]2'!#REF!
Name OLE_LINK1: '3.11'!#REF!
Name par.CW: '[2](PAR)'!$A$99:$H$143
Name par.CWt: '[2](PAR)'!$A$53:$H$97
Name par.F.AP6: '[2](PAR)'!$A$7:$H$51
Name par.pF_ZH: '[2](PAR)'!$A$145:$H$189
Name par.pIPS: '[2](PAR)'!$A$191:$H$235
Name qq.pivotGDZH: #REF!
Name qq.pivotGDZH: #REF!
Name qq.pivotGDZH: #REF!
Name sdfsdf: '[1]2'!#REF!
Name sdfsdf: '[1]2'!#REF!
Name val.AP6: #REF!

Sheet Page de garde
F2: Direction de la santé et des affaires sociales DSAS
F3: Direktion für Gesundheit und Soziales GSD
A6: Offre pour la liste hospitalière du canton de Fribourg 2024
A7: - Soins somatiques aigus -
A8: du prestataire :
A9: Veuillez saisir : établissement hospitalier
A11: pour le site suivant :
A12: Veuillez saisir : site
B15: Votre demande doit être déposée d’ici au 31 octobre 2023
B16: Le dossier d’offre doit être chargé électroniquement. La confirmation signée (uniquement la feuille 5) doit également être remise sur papier.
B17: Adresse e-mail pour la remise électronique
B18: ssp@fr.ch
B20: Adresse postale pour la remise sur papier :
B21: Service de la santé publique SSP
B22: Route des Cliniques 17
B23: 1700 Fribourg
B26: Pour toute question, veuillez nous joindre à l’adresse suivante :
B27: Cyrill Berger, responsable planification hospitalière cantonale
B28: Tél. : 041 26 305 29 22
B29: E-Mail: cyrill.berger@fr.ch
A33: © Fichier MS Excel créé par Spitalplanung.swiss SA sur la base du fichier d’offre MS Excel soins somatiques aigus et du concept GPPH en soins somatiques aigus de la Direction de la santé du canton de Zurich
A35: spitalplanung.swiss SA

Sheet Contenu
A3: Table des matières
A5: Informations importantes sur l’appel d’offre | D5: 1 | F5: Informations sur l’appel d’offre
D6: 2 | F6: Définitions des groupes de prestations (introduction)
D7: 2.1 | F7: Groupes de prestations
D8: 2.2 | F8: Groupes de prestations et exigences
A9: Documents à remplir par l’offrant | D9: 3 | F9: Formulaires pour l’offre
D10: 3.1 | F10: Exigences générales (soins somatiques aigus)
D11: 3.2 | F11: Informations sur les spécialistes et leur disponibilité
D12: 3.3 | F12: Exigences relatives au service d’urgences
D13: 3.4 | F13: Exigences relatives aux unités de soins intensifs
D14: 3.5 | F14: Coopérations (liens)
D15: 3.6 | F15: Tumor boards
D16: 3.7 | F16: Autres exigences
D17: 3.8 | F17: Soins de base
D18: 3.9 | F18: Résumé de l’offre pour les groupes de prestations
D19: 3.1 | F19: Pédiatrie et chirurgie pédiatrique
D20: 3.11 | F20: Soins palliatifs spécialisés en milieu hospitalier
D21: 3.12 | F21: Maison de naissance
... D24: 5 | F24: Déclaration
A26: Note rédactionnelle
A28: Dans le présent document, la forme la plus courte est utilisée pour les désignations des professions et des personnes, les deux sexes étant toujours visés.

Sheet 1 Info
A3: 1. Informations sur l’appel d’offre
A5: Mesdames, Messieurs,
A7: Le canton de Fribourg organise un appel d’offre pour la liste 2024 des hôpitaux en soins somatiques aigus. Nous vous mettons à disposition le présent dossier d’offre (formulaire XLSX), qui contient toutes les informations nécessaires pour pour le dépôt de votre offre.
A8: Veuillez noter que vous devez présenter un dossier d’offre distinct pour chaque site, indépendamment d’éventuelles coopérations, de l’appartenance à une association ou d’autres obligations contractuelles. Un site hospitalier est une partie d’un hôpital qui jouit d’une certaine autonomie organisationnelle. Les collaborateurs actifs sur le site hospitalier sont soumis à la direction technique et organisationnelle (pouvoir de donner des instructions) de l’hôpital ou du site, conformément à l’organisation structurelle et fonctionnelle de l’hôpital. L’accès des personnes handicapées au traitement est garanti au sein du site hospitalier.
A10: Le champ d’application et la procédure d’examen de votre offre sont décrits ci-après :
A11: 1 | B11: Champ d’application de l’offre : Les planifications cantonales prescrites à l’art. 39, al. 1, let. d LAMal ne portent que sur le champ d’application de cette loi tel qu’il est défini en son art. 1a. Les mesures et traitements stationnaires non couverts par l’assurance obligatoire des soins (AOS) sont exclus de l’obligation de planifier, à savoir notamment les soins remboursés par l’assurance-accidents, l’assurance-invalidité et l’assurance militaire ou prodigués aux personnes soignées à leurs propres frais ou aux frais d’assurances privées. Le présent dossier d’offre s’adresse donc aux hôpitaux intéressés à proposer, sur la liste hospitalière 2024, des prestations stationnaires en soins somatiques aigus à la charge de l’AOS pour la population fribourgeoise.
A12: 2 | B12: Informations à fournir dans le cadre du dossier d’offre (autodéclaration) : Les hôpitaux intéressés par un mandat de prestation doivent remplir le présent dossier d’offre (autodéclaration). Le dossier sert de base à l’examen de l’adéquation pour la liste hospitalière 2024 et à l’octroi de mandats de prestation. Afin d’éviter autant que possible des erreurs dans l’autodéclaration, le Service de la santé publique vérifie les données fournies dans le dossier d’offre.
A14: La structure du dossier d’offre est présentée ci-après. Pour une meilleure compréhension, le code couleur suivant s’applique :
A16: Les feuilles rouges contiennent des informations sur les groupes de prestations et les exigences correspondantes (feuilles 2, 2.1 et 2.2).
A17: Les formulaires contenant l’offre proprement dite sont en gris (feuilles 3.1 à 5).
A18: La feuille 3.1 concerne les informations sur les exigences générales de qualité auxquelles doit satisfaire un hôpital répertorié. Elles doivent être remplies par tous les hôpitaux répertoriés figurant sur la liste hospitalière 2024.
A19: Les feuilles 3.2 à 3.7 contiennent des questions sur les exigences spécifiques à la prestation. Elles doivent également être complétées si vous souhaitez faire une offre pour le groupe de prestations concerné. Vos réponses à ces questions seront automatiquement reportées sur la feuille relative à l’offre en gris foncé (feuille 3.9).
A20: La feuille 3.8 vous permet d’indiquer lequel des deux paquets de base est envisageable pour le site hospitalier.
A21: Veuillez en outre fournir des renseignements sur les groupes de prestations Chirurgie pédiatrique et pédiatrie (feuille 3.10), Soins palliatifs spécialisés en milieu hospitalier (feuille 3.11) et maison de naissance (feuille 3.12), dans la mesure où ils présentent un intérêt pour le site concerné.
A22: La feuille 3.13 vous permet de fournir d’autres informations pertinentes au sujet de votre offre. Ces informations concernent les mandats de prestation pour d’autres cantons (coordination intercantonale) ainsi que les mandats de prestation dans les domaines de la réadaptation et de la psychiatrie (synergies).
A23: Remplissez ensuite les informations générales requises (feuille 4) et la confirmation (feuille 5). Imprimez finalement la feuille 5 et signez la confirmation (uniquement la feuille 5).
A25: En raison de son importance particulière, la feuille relative à l’offre 3.9 est surlignée en gris foncé. Elle contient un aperçu des indications que vous avez fournies aux feuilles 3.2 à 3.8 concernant les exigences spécifiques aux prestations. Afin de faciliter la lecture, les couleurs suivantes ont été utilisées pour les différentes exigences en fonction des informations que vous avez fournies :
A27: Vous pouvez saisir vos données dans les champs jaune clair. Les autres champs sont bloqués. Toutes les informations importantes pour votre offre doivent être consignées dans le présent formulaire d’offre ou dans un document séparé, avec une description succincte et un renvoi au document en question. Avant de déposer votre offre, veuillez vous assurer que tous les champs en jaune ont été remplis et qu’il ne reste plus aucun champ jaune, à l’exception des champs de texte libre.
A28: Les champs de saisie sont en vert clair si votre offre concerne le groupe de prestations ou si vous répondez aux conditions requises.
... A30: Les champs de saisie sont gris si votre offre ne concerne pas le groupe de prestations en question.
B32: Il est donc recommandé de procéder de la manière suivante pour lire et remplir le formulaire :
A101: Attention !
A103: Les documents relatifs à l’appel d’offre doivent être remplis de manière exacte et conformément à l’état actuel des connaissances. Les champs sur fond jaune clair doivent être remplis dans ce sens, les autres champs sont bloqués. Toutes les informations importantes pour votre offre doivent être consignées dans le présent formulaire d’offre ou dans un document séparé, avec une description succincte et un renvoi au document en question. Cela nous permet de renseigner vos informations directement dans nos systèmes et d’éviter les erreurs de transmission. Avant de déposer votre offre, veuillez vous assurer que tous les champs en jaune ont été remplis et qu’il ne reste plus aucun champ jaune, à l’exception des champs de texte libre. Les champs non remplis seront interprétés comme des réponses négatives. Nous nous réservons le droit d’exiger des preuves.
A104: De plus, nous attirons votre attention sur le fait qu’un mandat de prestation vous oblige à pouvoir fournir, en tout temps et dans les limites des capacités, toutes les prestations définies dans le mandat pour tous les patients domiciliés dans le canton de Fribourg. Cela signifie que vous devez disposer en tout temps du personnel spécialisé et de l’infrastructure médico-technique nécessaires pour être en mesure de fournir toutes les prestations définies dans le mandat de prestations sur le site hospitalier concerné. Il n’est pas permis de restreindre l’offre de prestations au sein d’un groupe de prestations.
A105: Remise du dossier d’offre
A106: Le dossier d’offre doit être remis sous forme électronique et être accompagné d’une confirmation imprimée et signée (feuille 5 uniquement). Seuls seront pris en compte les dossiers d’offre qui auront été remis sous forme électronique et sur papier comme demandé.
A107: Les dossiers d’offre doivent être déposés sous forme électronique jusqu’au 31 octobre 2023 à 23h59 à l’adresse suivante :
A108: ssp@fr.ch
A110: En outre, la confirmation signée par les personnes autorisées, feuille 5 du dossier de d’offre (uniquement la feuille 5) doit être retournée par poste jusqu’au 31 octobre 2023 (date du cachet de poste) à l’adresse suivante :
A111: Service de la santé publique SSP
A112: Route des Cliniques 17
A113: 1700 Fribourg
A116: Vous avez des questions ?
... A120: E-Mail: cyrill.berger@fr.ch

Sheet 2
A3: 2. Définitions des groupes de prestations (introduction)
A5: La liste hospitalière 2024 du canton de Fribourg pour les soins somatiques aigus se fonde sur les bases suivantes :
A6: - | B6: Exigences générales FR
A7: - | B7: Exigences spécifiques aux prestations en soins somatiques aigus ZH (état 1.1.2023)
A8: - | B8: Exigences supplémentaires portant sur des prestations spécifiques - Soins somatiques aigu ZH (état 1.1.2023)
A9: - | B9: GPPH en soins somatiques aigus, définition SPL2023 ZH (catalogues CIM et CHOP)
A10: - | B10: GPPH en soins somatiques aigus, règles SPL2023 ZH (règles d’attribution)
A12: La définition des groupes de prestations et les exigences spécifiques aux prestations sont conformes à la systématique GPPH du canton de Zurich. Exceptions :
A13: - | B13: Aucune à ce jour
A14: Les exigences du canton de Zurich s’appliquent par conséquent. Lorsqu’une exigence spécifique n’est pas remplie, p. ex. nombre minimum de cas, la qualité doit et peut être garantie par une alternative équivalente. Ceci doit être indiqué et expliqué dans l’offre.
A15: L’offre doit en outre se baser sur la version du groupeur pour la définition des groupes de prestations de la GDZH en vigueur au moment de l’offre et sur les catalogues CHOP et CIM pour l’attribution des cas au sein des groupes de prestations médicales. L’aperçu des versions du groupeur se trouve sur le site Internet de la CDS et de la GDZH.
A16: Vous trouverez ci-dessous tous les groupes de prestations, classés selon les domaines de prestations déjà connus du concept de groupes de prestations pour les soins somatiques aigus. Les groupes de prestations sont structurés hiérarchiquement par domaine de prestations, comme l’indique la numérotation de l’abréviation. Par exemple, le groupe de prestations VIS1 constitue la base pour les autres groupes de prestations en chirurgie viscérale avec les abréviations VIS1.1-VIS1.5.
A17: Le paquet de base (PB) et le paquet de base programmé (PBP) forment le fondement pour tous les autres groupes de prestations. Le paquet de base (PB) constitue la base et est obligatoire pour tous les hôpitaux disposant d’un service d’urgences. Le PB comprend les prestations qui doivent être fournies en tout temps et dans leur intégralité par tous les hôpitaux répertoriés. Le paquet de base programmé (PBP) sert quant à lui de base pour les prestataires qui travaillent principalement en soins programmés et qui ne disposent pas d’un service d’urgences. Vous trouverez des informations plus détaillées à la feuille 3.8.

Sheet 2.1
A3: 2.1 Aperçu des groupes de prestations (selon liste hospitalière FR 2024)
A5: Domaine de prestation | B5: Groupes de prestations
A6: Intitulé | B6: Abréviation | C6: Intitulé
A7: =IF(ISBLANK('2.2'!B10),"",'2.2'!B10) -> Paquet de base | B7: =+'2.2'!C10 -> PB | C7: =+'2.2'!D10 -> Paquet de base chirurgie et médecine interne
A8: =IF(ISBLANK('2.2'!B11),"",'2.2'!B11) -> Paquet de base programmé | B8: =+'2.2'!C11 -> PBP | C8: =+'2.2'!D11 -> Paquet de base pour fournisseurs de prestations programmées
A9: =IF(ISBLANK('2.2'!B12),"",'2.2'!B12) -> Dermatologie | B9: =+'2.2'!C12 -> DER1 | C9: =+'2.2'!D12 -> Dermatologie (y c. vénérologie)
A10: =IF(ISBLANK('2.2'!B13),"",'2.2'!B13) | B10: =+'2.2'!C13 -> DER1.1 | C10: =+'2.2'!D13 -> Oncologie dermatologique
A11: =IF(ISBLANK('2.2'!B14),"",'2.2'!B14) | B11: =+'2.2'!C14 -> DER1.2 | C11: =+'2.2'!D14 -> Affections cutanées graves
A12: =IF(ISBLANK('2.2'!B15),"",'2.2'!B15) | B12: =+'2.2'!C15 -> DER2 | C12: =+'2.2'!D15 -> Traitement des plaies
A13: =IF(ISBLANK('2.2'!B16),"",'2.2'!B16) -> ORL | B13: =+'2.2'!C16 -> HNO1 | C13: =+'2.2'!D16 -> Oto-rhino-laryngologie (chirurgie ORL)
A14: =IF(ISBLANK('2.2'!B17),"",'2.2'!B17) | B14: =+'2.2'!C17 -> HNO1.1 | C14: =+'2.2'!D17 -> Chirurgie cervico-faciale
A15: =IF(ISBLANK('2.2'!B18),"",'2.2'!B18) | B15: =+'2.2'!C18 -> HNO1.1.1 | C15: =+'2.2'!D18 -> Interventions ORL complexes (chirurgie tumorale interdisciplinaire)
A16: =IF(ISBLANK('2.2'!B19),"",'2.2'!B19) | B16: =+'2.2'!C19 -> HNO1.2 | C16: =+'2.2'!D19 -> Chirurgie élargie du nez et des sinus
A17: =IF(ISBLANK('2.2'!B20),"",'2.2'!B20) | B17: =+'2.2'!C20 -> HNO1.2.1 | C17: =+'2.2'!D20 -> Chirurgie élargie du nez et des sinus avec ouverture de la dure-mère (chirurgie interdisciplinaire de la base du crâne)
A18: =IF(ISBLANK('2.2'!B21),"",'2.2'!B21) | B18: =+'2.2'!C21 -> HNO1.3 | C18: =+'2.2'!D21 -> Chirurgie de l’oreille moyenne (tympanoplastie, chirurgie mastoïdienne, ossiculoplastie y c. chirurgie stapédienne)
... A24: =IF(ISBLANK('2.2'!B27),"",'2.2'!B27) | B24: =+'2.2'!C27 -> NCH1.1 | C24: =+'2.2'!D27 -> Neurochirurgie spécialisée
B25: =+'2.2'!C28 -> NCH1.1.1 | C25: =+'2.2'!D28 -> Traitement des pathologies vasculaires du SNC autres que les anomalies vasculaires complexes (CIMHS)
B26: =+'2.2'!C29 -> NCH1.1.1.1 | C26: =+'2.2'!D29 -> Traitement des anomalies vasculaires complexes du SNC (CIMHS)
B27: =+'2.2'!C30 -> NCH1.1.2 | C27: =+'2.2'!D30 -> Neurochirurgie stéréotaxique fonctionnelle (CIMHS)
B28: =+'2.2'!C31 -> NCH1.1.3 | C28: =+'2.2'!D31 -> Chirurgie de l’épilepsie (CIMHS)
B29: =+'2.2'!C32 -> NCH2 | C29: =+'2.2'!D32 -> Neurochirurgie spinale
B30: =+'2.2'!C33 -> NCH2.1 | C30: =+'2.2'!D33 -> Processus expansifs intramédullaires primaires et secondaires (CIMHS)
B31: =+'2.2'!C34 -> NCH3 | C31: =+'2.2'!D34 -> Neurochirurgie périphérique
A32: =IF(ISBLANK('2.2'!B35),"",'2.2'!B35) -> Neurologie | B32: =+'2.2'!C35 -> NEU1 | C32: =+'2.2'!D35 -> Neurologie
A33: =IF(ISBLANK('2.2'!B36),"",'2.2'!B36) | B33: =+'2.2'!C36 -> NEU2 | C33: =+'2.2'!D36 -> Tumeur maligne secondaire du système nerveux
A34: =IF(ISBLANK('2.2'!B37),"",'2.2'!B37) | B34: =+'2.2'!C37 -> NEU2.1 | C34: =+'2.2'!D37 -> Tumeur primaire du système nerveux (sans patients palliatifs)
A35: =IF(ISBLANK('2.2'!B38),"",'2.2'!B38) | B35: =+'2.2'!C38 -> NEU3 | C35: =+'2.2'!D38 -> Maladies cérébrovasculaires
A36: =IF(ISBLANK('2.2'!B39),"",'2.2'!B39) | B36: =+'2.2'!C39 -> NEU3.1 | C36: =+'2.2'!D39 -> Traitement des maladies cérébrovasculaires en Stroke Center (CIMHS)
A37: =IF(ISBLANK('2.2'!B40),"",'2.2'!B40) | B37: =+'2.2'!C40 -> NEU4 | C37: =+'2.2'!D40 -> Epileptologie : diagnostic complexe
A38: =IF(ISBLANK('2.2'!B41),"",'2.2'!B41) | B38: =+'2.2'!C41 -> NEU4.1 | C38: =+'2.2'!D41 -> Epileptologie : traitement complexe
A39: =IF(ISBLANK('2.2'!B42),"",'2.2'!B42) | B39: =+'2.2'!C42 -> NEU4.2 | C39: =+'2.2'!D42 -> Epileptologie : diagnostic préopératoire de l’épilepsie (CIMHS)
A40: =IF(ISBLANK('2.2'!B43),"",'2.2'!B43) -> Ophtalmologie | B40: =+'2.2'!C43 -> AUG1 | C40: =+'2.2'!D43 -> Ophtalmologie
A41: =IF(ISBLANK('2.2'!B44),"",'2.2'!B44) | B41: =+'2.2'!C44 -> AUG1.1 | C41: =+'2.2'!D44 -> Strabologie
A42: =IF(ISBLANK('2.2'!B45),"",'2.2'!B45) | B42: =+'2.2'!C45 -> AUG1.2 | C42: =+'2.2'!D45 -> Orbite, paupières, voies lacrymales
A43: =IF(ISBLANK('2.2'!B46),"",'2.2'!B46) | B43: =+'2.2'!C46 -> AUG1.3 | C43: =+'2.2'!D46 -> Chirurgie spécialisée du segment antérieur
... A53: =IF(ISBLANK('2.2'!B56),"",'2.2'!B56) | B53: =+'2.2'!C56 -> VIS1.4 | C53: =+'2.2'!D56 -> Chirurgie bariatrique
B54: =+'2.2'!C57 -> VIS1.4.1 | C54: =+'2.2'!D57 -> Chirurgie bariatrique spécialisée (CIMHS)
A55: =IF(ISBLANK('2.2'!B58),"",'2.2'!B58) | B55: =+'2.2'!C58 -> VIS1.5 | C55: =+'2.2'!D58 -> Interventions sur le bas rectum (CIMHS)
A56: =IF(ISBLANK('2.2'!B59),"",'2.2'!B59) -> Hématologie | B56: =+'2.2'!C59 -> HAE1 | C56: =+'2.2'!D59 -> Lymphomes agressifs et leucémies aiguës
A57: =IF(ISBLANK('2.2'!B60),"",'2.2'!B60) | B57: =+'2.2'!C60 -> HAE1.1 | C57: =+'2.2'!D60 -> Lymphomes très agressifs et leucémies aiguës avec chimiothérapie curative
A58: =IF(ISBLANK('2.2'!B61),"",'2.2'!B61) | B58: =+'2.2'!C61 -> HAE2 | C58: =+'2.2'!D61 -> Lymphomes indolents et leucémies chroniques
A59: =IF(ISBLANK('2.2'!B62),"",'2.2'!B62) | B59: =+'2.2'!C62 -> HAE3 | C59: =+'2.2'!D62 -> Affections myéloprolifératives et syndromes myélodysplasiques
A60: =IF(ISBLANK('2.2'!B63),"",'2.2'!B63) | B60: =+'2.2'!C63 -> HAE4 | C60: =+'2.2'!D63 -> Transplantation de cellules souches hématopoïétiques autologues
A61: =IF(ISBLANK('2.2'!B64),"",'2.2'!B64) | B61: =+'2.2'!C64 -> HAE5 | C61: =+'2.2'!D64 -> Transplantation allogénique de cellules souches hématopoïétiques (CIMHS)
A62: =IF(ISBLANK('2.2'!B65),"",'2.2'!B65) -> Vaisseaux | B62: =+'2.2'!C65 -> GEF1 | C62: =+'2.2'!D65 -> Chirurgie vasculaire périphérique (artérielle)
A63: =IF(ISBLANK('2.2'!B66),"",'2.2'!B66) | B63: =+'2.2'!C66 -> ANG1 | C63: =+'2.2'!D66 -> IInterventions sur les vaisseaux périphériques (artériels)
A64: =IF(ISBLANK('2.2'!B67),"",'2.2'!B67) | B64: =+'2.2'!C67 -> GEFA | C64: =+'2.2'!D67 -> Interventions et chirurgie vasculaire sur les vaisseaux intra-abdominaux
A65: =IF(ISBLANK('2.2'!B68),"",'2.2'!B68) | B65: =+'2.2'!C68 -> GEF3 | C65: =+'2.2'!D68 -> Chirurgie carotidienne
A66: =IF(ISBLANK('2.2'!B69),"",'2.2'!B69) | B66: =+'2.2'!C69 -> ANG3 | C66: =+'2.2'!D69 -> Interventions sur la carotide et les vaisseaux extracrâniens
B67: =+'2.2'!C70 -> RAD1 | C67: =+'2.2'!D70 -> Radiologie interventionnelle (pour les vaisseaux, seulement diagnostique)
A68: =IF(ISBLANK('2.2'!B71),"",'2.2'!B71) | B68: =+'2.2'!C71 -> RAD2 | C68: =+'2.2'!D71 -> Radiologie interventionnelle complexe
A69: =IF(ISBLANK('2.2'!B72),"",'2.2'!B72) -> Cœur | B69: =+'2.2'!C72 -> HER1 | C69: =+'2.2'!D72 -> Chirurgie cardiaque simple
A70: =IF(ISBLANK('2.2'!B73),"",'2.2'!B73) | B70: =+'2.2'!C73 -> HER1.1 | C70: =+'2.2'!D73 -> Chirurgie cardiaque et chirurgie vasculaire avec machine cœur-poumons (sans chirurgie coronarienne)
A71: =IF(ISBLANK('2.2'!B74),"",'2.2'!B74) | B71: =+'2.2'!C74 -> HER1.1.1 | C71: =+'2.2'!D74 -> Chirurgie coronarienne (PAC)
A72: =IF(ISBLANK('2.2'!B75),"",'2.2'!B75) | B72: =+'2.2'!C75 -> HER1.1.2 | C72: =+'2.2'!D75 -> Chirurgie cardiaque congénitale complexe
B73: =+'2.2'!C76 -> HER1.1.3 | C73: =+'2.2'!D76 -> Chirurgie et interventions sur l’aorte thoracique
B74: =+'2.2'!C77 -> HER1.1.4 | C74: =+'2.2'!D77 -> Interventions ouvertes sur la valve aortique
B75: =+'2.2'!C78 -> HER1.1.5 | C75: =+'2.2'!D78 -> Interventions ouvertes sur la valve mitrale
A76: =IF(ISBLANK('2.2'!B79),"",'2.2'!B79) | B76: =+'2.2'!C79 -> KAR1 | C76: =+'2.2'!D79 -> Cardiologie (y c. stimulateur cardiaque)
A77: =IF(ISBLANK('2.2'!B80),"",'2.2'!B80) | B77: =+'2.2'!C80 -> KAR2 | C77: =+'2.2'!D80 -> Electrophysiologie et CRT
A78: =IF(ISBLANK('2.2'!B81),"",'2.2'!B81) | B78: =+'2.2'!C81 -> KAR3 | C78: =+'2.2'!D81 -> Cardiologie interventionnelle (interventions coronariennes)
A79: =IF(ISBLANK('2.2'!B82),"",'2.2'!B82) | B79: =+'2.2'!C82 -> KAR3.1 | C79: =+'2.2'!D82 -> Cardiologie interventionnelle (interventions structurelles)
A80: =IF(ISBLANK('2.2'!B83),"",'2.2'!B83) | B80: =+'2.2'!C83 -> KAR3.1.1 | C80: =+'2.2'!D83 -> Cardiologie interventionnelle complexe (interventions structurelles)
A81: =IF(ISBLANK('2.2'!B84),"",'2.2'!B84) -> Néphrologie | B81: =+'2.2'!C84 -> NEP1 | C81: =+'2.2'!D84 -> Néphrologie (défaillance rénale aiguë et insuffisance rénale chronique terminale)
A82: =IF(ISBLANK('2.2'!B85),"",'2.2'!B85) -> Urologie | B82: =+'2.2'!C85 -> URO1 | C82: =+'2.2'!D85 -> Urologie sans titre de formation approfondie « urologie opératoire »
A83: =IF(ISBLANK('2.2'!B86),"",'2.2'!B86) | B83: =+'2.2'!C86 -> URO1.1 | C83: =+'2.2'!D86 -> Urologie avec titre de formation approfondie « urologie opératoire »
A84: =IF(ISBLANK('2.2'!B87),"",'2.2'!B87) | B84: =+'2.2'!C87 -> URO1.1.1 | C84: =+'2.2'!D87 -> Prostatectomie radicale
A85: =IF(ISBLANK('2.2'!B88),"",'2.2'!B88) | B85: =+'2.2'!C88 -> URO1.1.2 | C85: =+'2.2'!D88 -> Cystectomie radicale (CIMHS)
A86: =IF(ISBLANK('2.2'!B89),"",'2.2'!B89) | B86: =+'2.2'!C89 -> URO1.1.3 | C86: =+'2.2'!D89 -> Chirurgie complexe des reins (néphrectomie pour tumeur et résection partielle du rein)
A87: =IF(ISBLANK('2.2'!B90),"",'2.2'!B90) | B87: =+'2.2'!C90 -> URO1.1.4 | C87: =+'2.2'!D90 -> Surrénalectomie isolée
B88: =+'2.2'!C91 -> URO1.1.7 | C88: =+'2.2'!D91 -> Implantation d’un sphincter urinaire artificiel
B89: =+'2.2'!C92 -> URO1.1.8 | C89: =+'2.2'!D92 -> Néphrostomie percutanée avec fragmentation de calculs
A90: =IF(ISBLANK('2.2'!B93),"",'2.2'!B93) -> Pneumologie | B90: =+'2.2'!C93 -> PNE1 | C90: =+'2.2'!D93 -> Pneumologie
A91: =IF(ISBLANK('2.2'!B94),"",'2.2'!B94) | B91: =+'2.2'!C94 -> PNE1.1 | C91: =+'2.2'!D94 -> Pneumologie avec assistance ventilatoire spéciale
A92: =IF(ISBLANK('2.2'!B95),"",'2.2'!B95) | B92: =+'2.2'!C95 -> PNE1.2 | C92: =+'2.2'!D95 -> Evaluation avant ou status après transplantation pulmonaire
A93: =IF(ISBLANK('2.2'!B96),"",'2.2'!B96) | B93: =+'2.2'!C96 -> PNE1.3 | C93: =+'2.2'!D96 -> Mmucoviscidose
A94: =IF(ISBLANK('2.2'!B97),"",'2.2'!B97) | B94: =+'2.2'!C97 -> PNE2 | C94: =+'2.2'!D97 -> Polysomnographie
A95: =IF(ISBLANK('2.2'!B98),"",'2.2'!B98) -> Chirurgie thoracique | B95: =+'2.2'!C98 -> THO1 | C95: =+'2.2'!D98 -> Chirurgie thoracique
A96: =IF(ISBLANK('2.2'!B99),"",'2.2'!B99) | B96: =+'2.2'!C99 -> THO1.1 | C96: =+'2.2'!D99 -> Néoplasmes malins de l'appareil respiratoire (résection curative par lobectomie / pneumonectomie)
A97: =IF(ISBLANK('2.2'!B100),"",'2.2'!B100) | B97: =+'2.2'!C100 -> THO1.2 | C97: =+'2.2'!D100 -> Opérations sur le médiastin
A98: =IF(ISBLANK('2.2'!B101),"",'2.2'!B101) -> Transplantations | B98: =+'2.2'!C101 -> TPL1 | C98: =+'2.2'!D101 -> Transplantation cardiaque (CIMHS)
B99: =+'2.2'!C102 -> TPL2 | C99: =+'2.2'!D102 -> Transplantation pulmonaire (CIMHS)
B100: =+'2.2'!C103 -> TPL3 | C100: =+'2.2'!D103 -> Transplantation hépatique (CIMHS)
B101: =+'2.2'!C104 -> TPL4 | C101: =+'2.2'!D104 -> Transplantation de pancréas (CIMHS)
B102: =+'2.2'!C105 -> TPL5 | C102: =+'2.2'!D105 -> Transplantation rénale (CIMHS)
B103: =+'2.2'!C106 -> TPL6 | C103: =+'2.2'!D106 -> Transplantation intestinale
B104: =+'2.2'!C107 -> TPL7 | C104: =+'2.2'!D107 -> Transplantation splénique
A105: =IF(ISBLANK('2.2'!B108),"",'2.2'!B108) -> Chirurgie de l’appareil locomoteur | B105: =+'2.2'!C108 -> BEW1 | C105: =+'2.2'!D108 -> Chirurgie de l’appareil locomoteur
A106: =IF(ISBLANK('2.2'!B109),"",'2.2'!B109) | B106: =+'2.2'!C109 -> BEW2 | C106: =+'2.2'!D109 -> Orthopédie
A107: =IF(ISBLANK('2.2'!B110),"",'2.2'!B110) | B107: =+'2.2'!C110 -> BEW3 | C107: =+'2.2'!D110 -> Chirurgie de la main
A108: =IF(ISBLANK('2.2'!B111),"",'2.2'!B111) | B108: =+'2.2'!C111 -> BEW4 | C108: =+'2.2'!D111 -> Arthroscopie de l’épaule et du coude
A109: =IF(ISBLANK('2.2'!B112),"",'2.2'!B112) | B109: =+'2.2'!C112 -> BEW5 | C109: =+'2.2'!D112 -> Arthroscopie du genou
A110: =IF(ISBLANK('2.2'!B113),"",'2.2'!B113) | B110: =+'2.2'!C113 -> BEW6 | C110: =+'2.2'!D113 -> Reconstruction des membres supérieurs
A111: =IF(ISBLANK('2.2'!B114),"",'2.2'!B114) | B111: =+'2.2'!C114 -> BEW7 | C111: =+'2.2'!D114 -> Reconstruction des membres inférieurs
A112: =IF(ISBLANK('2.2'!B115),"",'2.2'!B115) | B112: =+'2.2'!C115 -> BEW7.1 | C112: =+'2.2'!D115 -> Prothèses de hanche de première intention
B113: =+'2.2'!C116 -> BEW7.1.1 | C113: =+'2.2'!D116 -> Reprises de prothèse de hanche
A114: =IF(ISBLANK('2.2'!B117),"",'2.2'!B117) | B114: =+'2.2'!C117 -> BEW7.2 | C114: =+'2.2'!D117 -> Prothèses du genou de première intention
A115: =IF(ISBLANK('2.2'!B118),"",'2.2'!B118) | B115: =+'2.2'!C118 -> BEW7.2.1 | C115: =+'2.2'!D118 -> Reprises de prothèses de genou
A116: =IF(ISBLANK('2.2'!B119),"",'2.2'!B119) | B116: =+'2.2'!C119 -> BEW8 | C116: =+'2.2'!D119 -> Chirurgie de la colonne vertébrale
A117: =IF(ISBLANK('2.2'!B120),"",'2.2'!B120) | B117: =+'2.2'!C120 -> BEW8.1 | C117: =+'2.2'!D120 -> Chirurgie spécialisée de la colonne vertébrale
...

Sheet 2.2
A3: 22.2 Groupes de prestations et exigences sur la base de l’annexe à la liste hospitalière zurichoise 2023 en soins somatiques aigus : Exigences spécifiques aux prestations (version 2023.1 ; valable à partir du 1er janvier 2023)
A5: Les groupes de prestations sont énumérés ci-dessous avec les exigences spécifiques correspondantes. Les exigences sont décrites en détail dans les tableaux 3.3 à 3.8. De plus amples informations sur les exigences spécifiques aux prestations sont décrites dans le document « Exigences supplémentaires portant sur des prestations spécifiques - Soins somatiques aigu ZH (état 1.1.2023) ».
A7: =+interne1!A1 -> Grands domaines | B7: =+interne1!B1 -> Domaines de prestations | C7: =+interne1!C1 -> Groupes de prestations | E7: Exigences spécifiques aux groupes de prestations
J8: Liens
C9: =+interne1!C2 -> Abréviation | D9: =+interne1!D2 -> Intitulé | E9: =+interne1!I2 -> Paquet de base | F9: =+interne1!E2 -> Spécialiste FMH / formations approfondies : | G9: =+interne1!F2 -> Dispo- nibilité | H9: =+interne1!G2 -> Service d’urgences | I9: =+interne1!H2 -> Soins intensifs | J9: =+interne1!J2 -> Uniquement en interne | K9: =+interne1!K2 -> En interne ou en coopération | L9: =+interne1!L2 -> Tumor board | M9: =+interne1!M2 -> Nombre minimum de cas (NMC) | N9: =+interne1!N2 -> Autres exigences
A10: =IF(ISBLANK(interne1!A3),"",interne1!A3) -> Soins de base | B10: =IF(ISBLANK(interne1!B3),"",interne1!B3) -> Paquet de base | C10: =IF(ISBLANK(interne1!C3),"",interne1!C3) -> PB | D10: =IF(ISBLANK(interne1!D3),"",interne1!D3) -> Paquet de base chirurgie et médecine interne | E10: =IF(ISBLANK(interne1!I3),"",interne1!I3) | F10: =IF(ISBLANK(interne1!E3),"",interne1!E3) -> Médecine interne générale et chirurgie et anesthésiologie | G10: =IF(ISBLANK(interne1!F3),"",interne1!F3) -> 1 | H10: =IF(ISBLANK(interne1!G3),"",interne1!G3) -> 1 | I10: =IF(ISBLANK(interne1!H3),"",interne1!H3) -> 1 | J10: =IF(ISBLANK(interne1!J3),"",interne1!J3) | K10: =IF(ISBLANK(interne1!K3),"",interne1!K3) | L10: =IF(ISBLANK(interne1!L3),"",interne1!L3) | M10: =IF(ISBLANK(interne1!M3),"",interne1!M3) | N10: =IF(ISBLANK(interne1!N3),"",interne1!N3)
A11: =IF(ISBLANK(interne1!A4),"",interne1!A4) | B11: =IF(ISBLANK(interne1!B4),"",interne1!B4) -> Paquet de base programmé | C11: =IF(ISBLANK(interne1!C4),"",interne1!C4) -> PBP | D11: =IF(ISBLANK(interne1!D4),"",interne1!D4) -> Paquet de base pour fournisseurs de prestations programmées | E11: =IF(ISBLANK(interne1!I4),"",interne1!I4) | F11: =IF(ISBLANK(interne1!E4),"",interne1!E4) -> En fonction du groupe de prestations | G11: =IF(ISBLANK(interne1!F4),"",interne1!F4) -> 2 | H11: =IF(ISBLANK(interne1!G4),"",interne1!G4) -> 0 | I11: =IF(ISBLANK(interne1!H4),"",interne1!H4) -> 1 | J11: =IF(ISBLANK(interne1!J4),"",interne1!J4) | K11: =IF(ISBLANK(interne1!K4),"",interne1!K4) -> PB | L11: =IF(ISBLANK(interne1!L4),"",interne1!L4) | M11: =IF(ISBLANK(interne1!M4),"",interne1!M4) | N11: =IF(ISBLANK(interne1!N4),"",interne1!N4)
A12: =IF(ISBLANK(interne1!A5),"",interne1!A5) -> Système nerveux et organes sensoriels | B12: =IF(ISBLANK(interne1!B5),"",interne1!B5) -> Dermatologie | C12: =IF(ISBLANK(interne1!C5),"",interne1!C5) -> DER1 | D12: =IF(ISBLANK(interne1!D5),"",interne1!D5) -> Dermatologie (y c. vénérologie) | E12: =IF(ISBLANK(interne1!I5),"",interne1!I5) -> PB | F12: =IF(ISBLANK(interne1!E5),"",interne1!E5) -> (dermatologie et vénérologie) | G12: =IF(ISBLANK(interne1!F5),"",interne1!F5) -> 1 | H12: =IF(ISBLANK(interne1!G5),"",interne1!G5) -> 2 | I12: =IF(ISBLANK(interne1!H5),"",interne1!H5) -> 1 | J12: =IF(ISBLANK(interne1!J5),"",interne1!J5) | K12: =IF(ISBLANK(interne1!K5),"",interne1!K5) | L12: =IF(ISBLANK(interne1!L5),"",interne1!L5) | M12: =IF(ISBLANK(interne1!M5),"",interne1!M5) | N12: =IF(ISBLANK(interne1!N5),"",interne1!N5)
A13: =IF(ISBLANK(interne1!A6),"",interne1!A6) | B13: =IF(ISBLANK(interne1!B6),"",interne1!B6) | C13: =IF(ISBLANK(interne1!C6),"",interne1!C6) -> DER1.1 | D13: =IF(ISBLANK(interne1!D6),"",interne1!D6) -> Oncologie dermatologique | E13: =IF(ISBLANK(interne1!I6),"",interne1!I6) -> PB | F13: =IF(ISBLANK(interne1!E6),"",interne1!E6) -> (dermatologie et vénérologie) | G13: =IF(ISBLANK(interne1!F6),"",interne1!F6) | H13: =IF(ISBLANK(interne1!G6),"",interne1!G6) -> 0 | I13: =IF(ISBLANK(interne1!H6),"",interne1!H6) -> 1 | J13: =IF(ISBLANK(interne1!J6),"",interne1!J6) -> ONK1 | K13: =IF(ISBLANK(interne1!K6),"",interne1!K6) | L13: =IF(ISBLANK(interne1!L6),"",interne1!L6) -> oui | M13: =IF(ISBLANK(interne1!M6),"",interne1!M6) -> S:10 | N13: =IF(ISBLANK(interne1!N6),"",interne1!N6)
A14: =IF(ISBLANK(interne1!A7),"",interne1!A7) | B14: =IF(ISBLANK(interne1!B7),"",interne1!B7) | C14: =IF(ISBLANK(interne1!C7),"",interne1!C7) -> DER1.2 | D14: =IF(ISBLANK(interne1!D7),"",interne1!D7) -> Affections cutanées graves | E14: =IF(ISBLANK(interne1!I7),"",interne1!I7) -> PB | F14: =IF(ISBLANK(interne1!E7),"",interne1!E7) -> (dermatologie et vénérologie) | G14: =IF(ISBLANK(interne1!F7),"",interne1!F7) -> 2 | H14: =IF(ISBLANK(interne1!G7),"",interne1!G7) -> 2 | I14: =IF(ISBLANK(interne1!H7),"",interne1!H7) -> 2 | J14: =IF(ISBLANK(interne1!J7),"",interne1!J7) | K14: =IF(ISBLANK(interne1!K7),"",interne1!K7) | L14: =IF(ISBLANK(interne1!L7),"",interne1!L7) | M14: =IF(ISBLANK(interne1!M7),"",interne1!M7) | N14: =IF(ISBLANK(interne1!N7),"",interne1!N7)
A15: =IF(ISBLANK(interne1!A8),"",interne1!A8) | B15: =IF(ISBLANK(interne1!B8),"",interne1!B8) | C15: =IF(ISBLANK(interne1!C8),"",interne1!C8) -> DER2 | D15: =IF(ISBLANK(interne1!D8),"",interne1!D8) -> Traitement des plaies | E15: =IF(ISBLANK(interne1!I8),"",interne1!I8) -> PBP/PB | F15: =IF(ISBLANK(interne1!E8),"",interne1!E8) | G15: =IF(ISBLANK(interne1!F8),"",interne1!F8) | H15: =IF(ISBLANK(interne1!G8),"",interne1!G8) -> 0 | I15: =IF(ISBLANK(interne1!H8),"",interne1!H8) -> 0 | J15: =IF(ISBLANK(interne1!J8),"",interne1!J8) | K15: =IF(ISBLANK(interne1!K8),"",interne1!K8) | L15: =IF(ISBLANK(interne1!L8),"",interne1!L8) | M15: =IF(ISBLANK(interne1!M8),"",interne1!M8) | N15: =IF(ISBLANK(interne1!N8),"",interne1!N8) -> Centre de compétences plaies
A16: =IF(ISBLANK(interne1!A9),"",interne1!A9) | B16: =IF(ISBLANK(interne1!B9),"",interne1!B9) -> ORL | C16: =IF(ISBLANK(interne1!C9),"",interne1!C9) -> HNO1 | D16: =IF(ISBLANK(interne1!D9),"",interne1!D9) -> Oto-rhino-laryngologie (chirurgie ORL) | E16: =IF(ISBLANK(interne1!I9),"",interne1!I9) -> PBP/PB | F16: =IF(ISBLANK(interne1!E9),"",interne1!E9) -> Oto-rhino-laryngologie | G16: =IF(ISBLANK(interne1!F9),"",interne1!F9) -> 2 | H16: =IF(ISBLANK(interne1!G9),"",interne1!G9) -> 0 | I16: =IF(ISBLANK(interne1!H9),"",interne1!H9) -> 1 | J16: =IF(ISBLANK(interne1!J9),"",interne1!J9) | K16: =IF(ISBLANK(interne1!K9),"",interne1!K9) | L16: =IF(ISBLANK(interne1!L9),"",interne1!L9) | M16: =IF(ISBLANK(interne1!M9),"",interne1!M9) | N16: =IF(ISBLANK(interne1!N9),"",interne1!N9)
A17: =IF(ISBLANK(interne1!A10),"",interne1!A10) | B17: =IF(ISBLANK(interne1!B10),"",interne1!B10) | C17: =IF(ISBLANK(interne1!C10),"",interne1!C10) -> HNO1.1 | D17: =IF(ISBLANK(interne1!D10),"",interne1!D10) -> Chirurgie cervico-faciale | E17: =IF(ISBLANK(interne1!I10),"",interne1!I10) -> PBP/PB | F17: =IF(ISBLANK(interne1!E10),"",interne1!E10) -> Oto-rhino-laryngologie | G17: =IF(ISBLANK(interne1!F10),"",interne1!F10) -> 2 | H17: =IF(ISBLANK(interne1!G10),"",interne1!G10) -> 0 | I17: =IF(ISBLANK(interne1!H10),"",interne1!H10) -> 1 | J17: =IF(ISBLANK(interne1!J10),"",interne1!J10) | K17: =IF(ISBLANK(interne1!K10),"",interne1!K10) | L17: =IF(ISBLANK(interne1!L10),"",interne1!L10) | M17: =IF(ISBLANK(interne1!M10),"",interne1!M10) | N17: =IF(ISBLANK(interne1!N10),"",interne1!N10)
A18: =IF(ISBLANK(interne1!A11),"",interne1!A11) | B18: =IF(ISBLANK(interne1!B11),"",interne1!B11) | C18: =IF(ISBLANK(interne1!C11),"",interne1!C11) -> HNO1.1.1 | D18: =IF(ISBLANK(interne1!D11),"",interne1!D11) -> Interventions ORL complexes (chirurgie tumorale interdisciplinaire) | E18: =IF(ISBLANK(interne1!I11),"",interne1!I11) -> PBP/PB | F18: =IF(ISBLANK(interne1!E11),"",interne1!E11) -> (Oto-rhino-laryngologie avec formation approfondie en chirurgie cervico-faciale) | G18: =IF(ISBLANK(interne1!F11),"",interne1!F11) -> 2 | H18: =IF(ISBLANK(interne1!G11),"",interne1!G11) -> 0 | I18: =IF(ISBLANK(interne1!H11),"",interne1!H11) -> 2 | J18: =IF(ISBLANK(interne1!J11),"",interne1!J11) -> KIE1 | K18: =IF(ISBLANK(interne1!K11),"",interne1!K11) | L18: =IF(ISBLANK(interne1!L11),"",interne1!L11) -> oui | M18: =IF(ISBLANK(interne1!M11),"",interne1!M11) | N18: =IF(ISBLANK(interne1!N11),"",interne1!N11)
A19: =IF(ISBLANK(interne1!A12),"",interne1!A12) | B19: =IF(ISBLANK(interne1!B12),"",interne1!B12) | C19: =IF(ISBLANK(interne1!C12),"",interne1!C12) -> HNO1.2 | D19: =IF(ISBLANK(interne1!D12),"",interne1!D12) -> Chirurgie élargie du nez et des sinus | E19: =IF(ISBLANK(interne1!I12),"",interne1!I12) -> PBP/PB | F19: =IF(ISBLANK(interne1!E12),"",interne1!E12) -> Oto-rhino-laryngologie | G19: =IF(ISBLANK(interne1!F12),"",interne1!F12) -> 2 | H19: =IF(ISBLANK(interne1!G12),"",interne1!G12) -> 0 | I19: =IF(ISBLANK(interne1!H12),"",interne1!H12) -> 1 | J19: =IF(ISBLANK(interne1!J12),"",interne1!J12) | K19: =IF(ISBLANK(interne1!K12),"",interne1!K12) | L19: =IF(ISBLANK(interne1!L12),"",interne1!L12) | M19: =IF(ISBLANK(interne1!M12),"",interne1!M12) | N19: =IF(ISBLANK(interne1!N12),"",interne1!N12)
A20: =IF(ISBLANK(interne1!A13),"",interne1!A13) | B20: =IF(ISBLANK(interne1!B13),"",interne1!B13) | C20: =IF(ISBLANK(interne1!C13),"",interne1!C13) -> HNO1.2.1 | D20: =IF(ISBLANK(interne1!D13),"",interne1!D13) -> Chirurgie élargie du nez et des sinus avec ouverture de la dure-mère (chirurgie interdisciplinaire de la base du crâne) | E20: =IF(ISBLANK(interne1!I13),"",interne1!I13) -> PB | F20: =IF(ISBLANK(interne1!E13),"",interne1!E13) -> (Oto-rhino-laryngologie avec formation approfondie en chirurgie cervico-faciale) | G20: =IF(ISBLANK(interne1!F13),"",interne1!F13) -> 2 | H20: =IF(ISBLANK(interne1!G13),"",interne1!G13) -> 0 | I20: =IF(ISBLANK(interne1!H13),"",interne1!H13) -> 1 | J20: =IF(ISBLANK(interne1!J13),"",interne1!J13) -> NCH1 | K20: =IF(ISBLANK(interne1!K13),"",interne1!K13) | L20: =IF(ISBLANK(interne1!L13),"",interne1!L13) | M20: =IF(ISBLANK(interne1!M13),"",interne1!M13) | N20: =IF(ISBLANK(interne1!N13),"",interne1!N13)
A21: =IF(ISBLANK(interne1!A14),"",interne1!A14) | B21: =IF(ISBLANK(interne1!B14),"",interne1!B14) | C21: =IF(ISBLANK(interne1!C14),"",interne1!C14) -> HNO1.3 | D21: =IF(ISBLANK(interne1!D14),"",interne1!D14) -> Chirurgie de l’oreille moyenne (tympanoplastie, chirurgie mastoïdienne, ossiculoplastie y c. chirurgie stapédienne) | E21: =IF(ISBLANK(interne1!I14),"",interne1!I14) -> PBP/PB | F21: =IF(ISBLANK(interne1!E14),"",interne1!E14) -> Oto-rhino-laryngologie | G21: =IF(ISBLANK(interne1!F14),"",interne1!F14) -> 2 | H21: =IF(ISBLANK(interne1!G14),"",interne1!G14) -> 0 | I21: =IF(ISBLANK(interne1!H14),"",interne1!H14) -> 1 | J21: =IF(ISBLANK(interne1!J14),"",interne1!J14) | K21: =IF(ISBLANK(interne1!K14),"",interne1!K14) | L21: =IF(ISBLANK(interne1!L14),"",interne1!L14) | M21: =IF(ISBLANK(interne1!M14),"",interne1!M14) | N21: =IF(ISBLANK(interne1!N14),"",interne1!N14)
... A31: =IF(ISBLANK(interne1!A24),"",interne1!A24) | B31: =IF(ISBLANK(interne1!B24),"",interne1!B24) | C31: =IF(ISBLANK(interne1!C24),"",interne1!C24) -> NCH1.1.3 | D31: =IF(ISBLANK(interne1!D24),"",interne1!D24) -> Chirurgie de l’épilepsie (CIMHS) | E31: =IF(ISBLANK(interne1!I24),"",interne1!I24) | F31: =IF(ISBLANK(interne1!E24),"",interne1!E24) | G31: =IF(ISBLANK(interne1!F24),"",interne1!F24) | H31: =IF(ISBLANK(interne1!G24),"",interne1!G24) | I31: =IF(ISBLANK(interne1!H24),"",interne1!H24) | J31: =IF(ISBLANK(interne1!J24),"",interne1!J24) | K31: =IF(ISBLANK(interne1!K24),"",interne1!K24) | L31: =IF(ISBLANK(interne1!L24),"",interne1!L24) | M31: =IF(ISBLANK(interne1!M24),"",interne1!M24) | N31: =IF(ISBLANK(interne1!N24),"",interne1!N24) -> Les exigences actuelles de la CIMHS font foi
C32: =IF(ISBLANK(interne1!C25),"",interne1!C25) -> NCH2 | D32: =IF(ISBLANK(interne1!D25),"",interne1!D25) -> Neurochirurgie spinale | E32: =IF(ISBLANK(interne1!I25),"",interne1!I25) -> PBP/PB | F32: =IF(ISBLANK(interne1!E25),"",interne1!E25) -> (Neurochirurgie) | G32: =IF(ISBLANK(interne1!F25),"",interne1!F25) -> 2 | H32: =IF(ISBLANK(interne1!G25),"",interne1!G25) | I32: =IF(ISBLANK(interne1!H25),"",interne1!H25) -> 1 | J32: =IF(ISBLANK(interne1!J25),"",interne1!J25) | K32: =IF(ISBLANK(interne1!K25),"",interne1!K25) -> BEW8 | L32: =IF(ISBLANK(interne1!L25),"",interne1!L25) | M32: =IF(ISBLANK(interne1!M25),"",interne1!M25) | N32: =IF(ISBLANK(interne1!N25),"",interne1!N25)
C33: =IF(ISBLANK(interne1!C26),"",interne1!C26) -> NCH2.1 | D33: =IF(ISBLANK(interne1!D26),"",interne1!D26) -> Processus expansifs intramédullaires primaires et secondaires (CIMHS) | E33: =IF(ISBLANK(interne1!I26),"",interne1!I26) | F33: =IF(ISBLANK(interne1!E26),"",interne1!E26) | G33: =IF(ISBLANK(interne1!F26),"",interne1!F26) | H33: =IF(ISBLANK(interne1!G26),"",interne1!G26) | I33: =IF(ISBLANK(interne1!H26),"",interne1!H26) | J33: =IF(ISBLANK(interne1!J26),"",interne1!J26) | K33: =IF(ISBLANK(interne1!K26),"",interne1!K26) | L33: =IF(ISBLANK(interne1!L26),"",interne1!L26) | M33: =IF(ISBLANK(interne1!M26),"",interne1!M26) | N33: =IF(ISBLANK(interne1!N26),"",interne1!N26) -> Les exigences actuelles de la CIMHS font foi
C34: =IF(ISBLANK(interne1!C27),"",interne1!C27) -> NCH3 | D34: =IF(ISBLANK(interne1!D27),"",interne1!D27) -> Neurochirurgie périphérique | E34: =IF(ISBLANK(interne1!I27),"",interne1!I27) -> PBP/PB | F34: =IF(ISBLANK(interne1!E27),"",interne1!E27) -> (Neurochirurgie) | G34: =IF(ISBLANK(interne1!F27),"",interne1!F27) -> 2 | H34: =IF(ISBLANK(interne1!G27),"",interne1!G27) | I34: =IF(ISBLANK(interne1!H27),"",interne1!H27) -> 1 | J34: =IF(ISBLANK(interne1!J27),"",interne1!J27) -> BEW1 ou BEW2 ou BEW3 | K34: =IF(ISBLANK(interne1!K27),"",interne1!K27) | L34: =IF(ISBLANK(interne1!L27),"",interne1!L27) | M34: =IF(ISBLANK(interne1!M27),"",interne1!M27) | N34: =IF(ISBLANK(interne1!N27),"",interne1!N27)
A35: =IF(ISBLANK(interne1!A28),"",interne1!A28) | B35: =IF(ISBLANK(interne1!B28),"",interne1!B28) -> Neurologie | C35: =IF(ISBLANK(interne1!C28),"",interne1!C28) -> NEU1 | D35: =IF(ISBLANK(interne1!D28),"",interne1!D28) -> Neurologie | E35: =IF(ISBLANK(interne1!I28),"",interne1!I28) -> PB | F35: =IF(ISBLANK(interne1!E28),"",interne1!E28) -> (Neurologie) | G35: =IF(ISBLANK(interne1!F28),"",interne1!F28) -> 2 | H35: =IF(ISBLANK(interne1!G28),"",interne1!G28) -> 2 | I35: =IF(ISBLANK(interne1!H28),"",interne1!H28) -> 0 | J35: =IF(ISBLANK(interne1!J28),"",interne1!J28) | K35: =IF(ISBLANK(interne1!K28),"",interne1!K28) | L35: =IF(ISBLANK(interne1!L28),"",interne1!L28) | M35: =IF(ISBLANK(interne1!M28),"",interne1!M28) | N35: =IF(ISBLANK(interne1!N28),"",interne1!N28)
A36: =IF(ISBLANK(interne1!A29),"",interne1!A29) | B36: =IF(ISBLANK(interne1!B29),"",interne1!B29) | C36: =IF(ISBLANK(interne1!C29),"",interne1!C29) -> NEU2 | D36: =IF(ISBLANK(interne1!D29),"",interne1!D29) -> Tumeur maligne secondaire du système nerveux | E36: =IF(ISBLANK(interne1!I29),"",interne1!I29) -> PB | F36: =IF(ISBLANK(interne1!E29),"",interne1!E29) -> Médecine interne générale Neurologie Radio-oncologie / radiothérapie Oncologie médicale | G36: =IF(ISBLANK(interne1!F29),"",interne1!F29) -> 2 | H36: =IF(ISBLANK(interne1!G29),"",interne1!G29) -> 2 | I36: =IF(ISBLANK(interne1!H29),"",interne1!H29) -> 0 | J36: =IF(ISBLANK(interne1!J29),"",interne1!J29) | K36: =IF(ISBLANK(interne1!K29),"",interne1!K29) | L36: =IF(ISBLANK(interne1!L29),"",interne1!L29) -> oui | M36: =IF(ISBLANK(interne1!M29),"",interne1!M29) | N36: =IF(ISBLANK(interne1!N29),"",interne1!N29)
A37: =IF(ISBLANK(interne1!A30),"",interne1!A30) | B37: =IF(ISBLANK(interne1!B30),"",interne1!B30) | C37: =IF(ISBLANK(interne1!C30),"",interne1!C30) -> NEU2.1 | D37: =IF(ISBLANK(interne1!D30),"",interne1!D30) -> Tumeur primaire du système nerveux (sans patients palliatifs) | E37: =IF(ISBLANK(interne1!I30),"",interne1!I30) -> PB | F37: =IF(ISBLANK(interne1!E30),"",interne1!E30) -> Neurologie Neurochirurgie | G37: =IF(ISBLANK(interne1!F30),"",interne1!F30) -> 2 | H37: =IF(ISBLANK(interne1!G30),"",interne1!G30) -> 2 | I37: =IF(ISBLANK(interne1!H30),"",interne1!H30) -> 0 | J37: =IF(ISBLANK(interne1!J30),"",interne1!J30) -> NEU1 + NCH1 | K37: =IF(ISBLANK(interne1!K30),"",interne1!K30) -> RAO1 | L37: =IF(ISBLANK(interne1!L30),"",interne1!L30) -> oui | M37: =IF(ISBLANK(interne1!M30),"",interne1!M30) | N37: =IF(ISBLANK(interne1!N30),"",interne1!N30)
A38: =IF(ISBLANK(interne1!A31),"",interne1!A31) | B38: =IF(ISBLANK(interne1!B31),"",interne1!B31) | C38: =IF(ISBLANK(interne1!C31),"",interne1!C31) -> NEU3 | D38: =IF(ISBLANK(interne1!D31),"",interne1!D31) -> Maladies cérébrovasculaires | E38: =IF(ISBLANK(interne1!I31),"",interne1!I31) -> PB | F38: =IF(ISBLANK(interne1!E31),"",interne1!E31) -> Neurologie Médecine interne générale | G38: =IF(ISBLANK(interne1!F31),"",interne1!F31) -> 2 | H38: =IF(ISBLANK(interne1!G31),"",interne1!G31) -> 2 | I38: =IF(ISBLANK(interne1!H31),"",interne1!H31) -> 2 | J38: =IF(ISBLANK(interne1!J31),"",interne1!J31) | K38: =IF(ISBLANK(interne1!K31),"",interne1!K31) -> NEU3.1 | L38: =IF(ISBLANK(interne1!L31),"",interne1!L31) | M38: =IF(ISBLANK(interne1!M31),"",interne1!M31) | N38: =IF(ISBLANK(interne1!N31),"",interne1!N31) -> Stroke unit certifiée selon la Swiss Federation of Clinical Neuro-Societies (SFCNS)
A39: =IF(ISBLANK(interne1!A32),"",interne1!A32) | B39: =IF(ISBLANK(interne1!B32),"",interne1!B32) | C39: =IF(ISBLANK(interne1!C32),"",interne1!C32) -> NEU3.1 | D39: =IF(ISBLANK(interne1!D32),"",interne1!D32) -> Traitement des maladies cérébrovasculaires en Stroke Center (CIMHS) | E39: =IF(ISBLANK(interne1!I32),"",interne1!I32) | F39: =IF(ISBLANK(interne1!E32),"",interne1!E32) | G39: =IF(ISBLANK(interne1!F32),"",interne1!F32) | H39: =IF(ISBLANK(interne1!G32),"",interne1!G32) | I39: =IF(ISBLANK(interne1!H32),"",interne1!H32) | J39: =IF(ISBLANK(interne1!J32),"",interne1!J32) | K39: =IF(ISBLANK(interne1!K32),"",interne1!K32) | L39: =IF(ISBLANK(interne1!L32),"",interne1!L32) | M39: =IF(ISBLANK(interne1!M32),"",interne1!M32) | N39: =IF(ISBLANK(interne1!N32),"",interne1!N32) -> Les exigences actuelles de la CIMHS font foi
A40: =IF(ISBLANK(interne1!A33),"",interne1!A33) | B40: =IF(ISBLANK(interne1!B33),"",interne1!B33) | C40: =IF(ISBLANK(interne1!C33),"",interne1!C33) -> NEU4 | D40: =IF(ISBLANK(interne1!D33),"",interne1!D33) -> Epileptologie : diagnostic complexe | E40: =IF(ISBLANK(interne1!I33),"",interne1!I33) | F40: =IF(ISBLANK(interne1!E33),"",interne1!E33) -> Neurologie | G40: =IF(ISBLANK(interne1!F33),"",interne1!F33) -> 2 | H40: =IF(ISBLANK(interne1!G33),"",interne1!G33) | I40: =IF(ISBLANK(interne1!H33),"",interne1!H33) | J40: =IF(ISBLANK(interne1!J33),"",interne1!J33) | K40: =IF(ISBLANK(interne1!K33),"",interne1!K33) -> NEU4.1 + NEU4.2 | L40: =IF(ISBLANK(interne1!L33),"",interne1!L33) | M40: =IF(ISBLANK(interne1!M33),"",interne1!M33) -> S:10 | N40: =IF(ISBLANK(interne1!N33),"",interne1!N33) -> Un monitorage vidéo/EEG à long terme est obligatoire, personnel formé dans le domaine (FND) disponible en cas de besoin. Evaluation psychiatrique obligatoire pour le diagnostic d’une crise psychogène non épileptique.
A41: =IF(ISBLANK(interne1!A34),"",interne1!A34) | B41: =IF(ISBLANK(interne1!B34),"",interne1!B34) | C41: =IF(ISBLANK(interne1!C34),"",interne1!C34) -> NEU4.1 | D41: =IF(ISBLANK(interne1!D34),"",interne1!D34) -> Epileptologie : traitement complexe | E41: =IF(ISBLANK(interne1!I34),"",interne1!I34) | F41: =IF(ISBLANK(interne1!E34),"",interne1!E34) -> Neurologie | G41: =IF(ISBLANK(interne1!F34),"",interne1!F34) -> 2 | H41: =IF(ISBLANK(interne1!G34),"",interne1!G34) | I41: =IF(ISBLANK(interne1!H34),"",interne1!H34) | J41: =IF(ISBLANK(interne1!J34),"",interne1!J34) | K41: =IF(ISBLANK(interne1!K34),"",interne1!K34) | L41: =IF(ISBLANK(interne1!L34),"",interne1!L34) | M41: =IF(ISBLANK(interne1!M34),"",interne1!M34) -> S:10 | N41: =IF(ISBLANK(interne1!N34),"",interne1!N34) -> Des représentants de tous les domaines thérapeutiques impliqués doivent participer à chaque réunion hebdomadaire de l’équipe.
A42: =IF(ISBLANK(interne1!A35),"",interne1!A35) | B42: =IF(ISBLANK(interne1!B35),"",interne1!B35) | C42: =IF(ISBLANK(interne1!C35),"",interne1!C35) -> NEU4.2 | D42: =IF(ISBLANK(interne1!D35),"",interne1!D35) -> Epileptologie : diagnostic préopératoire de l’épilepsie (CIMHS) | E42: =IF(ISBLANK(interne1!I35),"",interne1!I35) | F42: =IF(ISBLANK(interne1!E35),"",interne1!E35) | G42: =IF(ISBLANK(interne1!F35),"",interne1!F35) | H42: =IF(ISBLANK(interne1!G35),"",interne1!G35) | I42: =IF(ISBLANK(interne1!H35),"",interne1!H35) | J42: =IF(ISBLANK(interne1!J35),"",interne1!J35) | K42: =IF(ISBLANK(interne1!K35),"",interne1!K35) | L42: =IF(ISBLANK(interne1!L35),"",interne1!L35) | M42: =IF(ISBLANK(interne1!M35),"",interne1!M35) | N42: =IF(ISBLANK(interne1!N35),"",interne1!N35) -> Les exigences actuelles de la CIMHS font foi
A43: =IF(ISBLANK(interne1!A36),"",interne1!A36) | B43: =IF(ISBLANK(interne1!B36),"",interne1!B36) -> Ophtalmologie | C43: =IF(ISBLANK(interne1!C36),"",interne1!C36) -> AUG1 | D43: =IF(ISBLANK(interne1!D36),"",interne1!D36) -> Ophtalmologie | E43: =IF(ISBLANK(interne1!I36),"",interne1!I36) -> PBP/PB | F43: =IF(ISBLANK(interne1!E36),"",interne1!E36) -> (Ophtalmologie avec formation approfondie en chirurgie ophtalmologique) | G43: =IF(ISBLANK(interne1!F36),"",interne1!F36) -> 2 | H43: =IF(ISBLANK(interne1!G36),"",interne1!G36) -> 0 | I43: =IF(ISBLANK(interne1!H36),"",interne1!H36) -> 1 | J43: =IF(ISBLANK(interne1!J36),"",interne1!J36) | K43: =IF(ISBLANK(interne1!K36),"",interne1!K36) | L43: =IF(ISBLANK(interne1!L36),"",interne1!L36) | M43: =IF(ISBLANK(interne1!M36),"",interne1!M36) | N43: =IF(ISBLANK(interne1!N36),"",interne1!N36)
A44: =IF(ISBLANK(interne1!A37),"",interne1!A37) | B44: =IF(ISBLANK(interne1!B37),"",interne1!B37) | C44: =IF(ISBLANK(interne1!C37),"",interne1!C37) -> AUG1.1 | D44: =IF(ISBLANK(interne1!D37),"",interne1!D37) -> Strabologie | E44: =IF(ISBLANK(interne1!I37),"",interne1!I37) -> PBP/PB | F44: =IF(ISBLANK(interne1!E37),"",interne1!E37) -> (Ophtalmologie avec formation approfondie en chirurgie ophtalmologique) | G44: =IF(ISBLANK(interne1!F37),"",interne1!F37) -> 2 | H44: =IF(ISBLANK(interne1!G37),"",interne1!G37) -> 0 | I44: =IF(ISBLANK(interne1!H37),"",interne1!H37) -> 1 | J44: =IF(ISBLANK(interne1!J37),"",interne1!J37) | K44: =IF(ISBLANK(interne1!K37),"",interne1!K37) | L44: =IF(ISBLANK(interne1!L37),"",interne1!L37) | M44: =IF(ISBLANK(interne1!M37),"",interne1!M37) | N44: =IF(ISBLANK(interne1!N37),"",interne1!N37)
A45: =IF(ISBLANK(interne1!A38),"",interne1!A38) | B45: =IF(ISBLANK(interne1!B38),"",interne1!B38) | C45: =IF(ISBLANK(interne1!C38),"",interne1!C38) -> AUG1.2 | D45: =IF(ISBLANK(interne1!D38),"",interne1!D38) -> Orbite, paupières, voies lacrymales | E45: =IF(ISBLANK(interne1!I38),"",interne1!I38) -> PBP/PB | F45: =IF(ISBLANK(interne1!E38),"",interne1!E38) -> (Ophtalmologie avec formation approfondie en chirurgie ophtalmologique) | G45: =IF(ISBLANK(interne1!F38),"",interne1!F38) -> 2 | H45: =IF(ISBLANK(interne1!G38),"",interne1!G38) -> 0 | I45: =IF(ISBLANK(interne1!H38),"",interne1!H38) -> 1 | J45: =IF(ISBLANK(interne1!J38),"",interne1!J38) | K45: =IF(ISBLANK(interne1!K38),"",interne1!K38) | L45: =IF(ISBLANK(interne1!L38),"",interne1!L38) | M45: =IF(ISBLANK(interne1!M38),"",interne1!M38) | N45: =IF(ISBLANK(interne1!N38),"",interne1!N38)
A46: =IF(ISBLANK(interne1!A39),"",interne1!A39) | B46: =IF(ISBLANK(interne1!B39),"",interne1!B39) | C46: =IF(ISBLANK(interne1!C39),"",interne1!C39) -> AUG1.3 | D46: =IF(ISBLANK(interne1!D39),"",interne1!D39) -> Chirurgie spécialisée du segment antérieur | E46: =IF(ISBLANK(interne1!I39),"",interne1!I39) -> PBP/PB | F46: =IF(ISBLANK(interne1!E39),"",interne1!E39) -> (Ophtalmologie avec formation approfondie en chirurgie ophtalmologique) | G46: =IF(ISBLANK(interne1!F39),"",interne1!F39) -> 2 | H46: =IF(ISBLANK(interne1!G39),"",interne1!G39) -> 0 | I46: =IF(ISBLANK(interne1!H39),"",interne1!H39) -> 1 | J46: =IF(ISBLANK(interne1!J39),"",interne1!J39) | K46: =IF(ISBLANK(interne1!K39),"",interne1!K39) | L46: =IF(ISBLANK(interne1!L39),"",interne1!L39) | M46: =IF(ISBLANK(interne1!M39),"",interne1!M39) | N46: =IF(ISBLANK(interne1!N39),"",interne1!N39)
... A56: =IF(ISBLANK(interne1!A49),"",interne1!A49) | B56: =IF(ISBLANK(interne1!B49),"",interne1!B49) | C56: =IF(ISBLANK(interne1!C49),"",interne1!C49) -> VIS1.4 | D56: =IF(ISBLANK(interne1!D49),"",interne1!D49) -> Chirurgie bariatrique | E56: =IF(ISBLANK(interne1!I49),"",interne1!I49) -> PB | F56: =IF(ISBLANK(interne1!E49),"",interne1!E49) -> (Chirurgie avec formation approfondie en chirurgie viscérale) | G56: =IF(ISBLANK(interne1!F49),"",interne1!F49) -> 2 | H56: =IF(ISBLANK(interne1!G49),"",interne1!G49) -> 2 | I56: =IF(ISBLANK(interne1!H49),"",interne1!H49) -> 1 | J56: =IF(ISBLANK(interne1!J49),"",interne1!J49) | K56: =IF(ISBLANK(interne1!K49),"",interne1!K49) -> END1 | L56: =IF(ISBLANK(interne1!L49),"",interne1!L49) | M56: =IF(ISBLANK(interne1!M49),"",interne1!M49) | N56: =IF(ISBLANK(interne1!N49),"",interne1!N49) -> Reconnaissance SMOB Centre primaire ou centre de référence
C57: =IF(ISBLANK(interne1!C50),"",interne1!C50) -> VIS1.4.1 | D57: =IF(ISBLANK(interne1!D50),"",interne1!D50) -> Chirurgie bariatrique spécialisée (CIMHS) | E57: =IF(ISBLANK(interne1!I50),"",interne1!I50) | F57: =IF(ISBLANK(interne1!E50),"",interne1!E50) | G57: =IF(ISBLANK(interne1!F50),"",interne1!F50) | H57: =IF(ISBLANK(interne1!G50),"",interne1!G50) | I57: =IF(ISBLANK(interne1!H50),"",interne1!H50) | J57: =IF(ISBLANK(interne1!J50),"",interne1!J50) | K57: =IF(ISBLANK(interne1!K50),"",interne1!K50) | L57: =IF(ISBLANK(interne1!L50),"",interne1!L50) | M57: =IF(ISBLANK(interne1!M50),"",interne1!M50) | N57: =IF(ISBLANK(interne1!N50),"",interne1!N50) -> Les exigences actuelles de la CIMHS font foi
A58: =IF(ISBLANK(interne1!A51),"",interne1!A51) | B58: =IF(ISBLANK(interne1!B51),"",interne1!B51) | C58: =IF(ISBLANK(interne1!C51),"",interne1!C51) -> VIS1.5 | D58: =IF(ISBLANK(interne1!D51),"",interne1!D51) -> Interventions sur le bas rectum (CIMHS) | E58: =IF(ISBLANK(interne1!I51),"",interne1!I51) | F58: =IF(ISBLANK(interne1!E51),"",interne1!E51) | G58: =IF(ISBLANK(interne1!F51),"",interne1!F51) | H58: =IF(ISBLANK(interne1!G51),"",interne1!G51) | I58: =IF(ISBLANK(interne1!H51),"",interne1!H51) | J58: =IF(ISBLANK(interne1!J51),"",interne1!J51) | K58: =IF(ISBLANK(interne1!K51),"",interne1!K51) | L58: =IF(ISBLANK(interne1!L51),"",interne1!L51) | M58: =IF(ISBLANK(interne1!M51),"",interne1!M51) | N58: =IF(ISBLANK(interne1!N51),"",interne1!N51) -> Les exigences actuelles de la CIMHS font foi
A59: =IF(ISBLANK(interne1!A52),"",interne1!A52) | B59: =IF(ISBLANK(interne1!B52),"",interne1!B52) -> Hématologie | C59: =IF(ISBLANK(interne1!C52),"",interne1!C52) -> HAE1 | D59: =IF(ISBLANK(interne1!D52),"",interne1!D52) -> Lymphomes agressifs et leucémies aiguës | E59: =IF(ISBLANK(interne1!I52),"",interne1!I52) -> PB | F59: =IF(ISBLANK(interne1!E52),"",interne1!E52) -> Hématologie Oncologie médicale Médecine interne générale | G59: =IF(ISBLANK(interne1!F52),"",interne1!F52) -> 1 | H59: =IF(ISBLANK(interne1!G52),"",interne1!G52) -> 1 | I59: =IF(ISBLANK(interne1!H52),"",interne1!H52) -> 2 | J59: =IF(ISBLANK(interne1!J52),"",interne1!J52) -> ONK1 | K59: =IF(ISBLANK(interne1!K52),"",interne1!K52) | L59: =IF(ISBLANK(interne1!L52),"",interne1!L52) -> oui | M59: =IF(ISBLANK(interne1!M52),"",interne1!M52) | N59: =IF(ISBLANK(interne1!N52),"",interne1!N52)
A60: =IF(ISBLANK(interne1!A53),"",interne1!A53) | B60: =IF(ISBLANK(interne1!B53),"",interne1!B53) | C60: =IF(ISBLANK(interne1!C53),"",interne1!C53) -> HAE1.1 | D60: =IF(ISBLANK(interne1!D53),"",interne1!D53) -> Lymphomes très agressifs et leucémies aiguës avec chimiothérapie curative | E60: =IF(ISBLANK(interne1!I53),"",interne1!I53) -> PB | F60: =IF(ISBLANK(interne1!E53),"",interne1!E53) -> Hématologie Oncologie médicale | G60: =IF(ISBLANK(interne1!F53),"",interne1!F53) -> 1 | H60: =IF(ISBLANK(interne1!G53),"",interne1!G53) -> 1 | I60: =IF(ISBLANK(interne1!H53),"",interne1!H53) -> 2 | J60: =IF(ISBLANK(interne1!J53),"",interne1!J53) -> ONK1 | K60: =IF(ISBLANK(interne1!K53),"",interne1!K53) | L60: =IF(ISBLANK(interne1!L53),"",interne1!L53) -> oui | M60: =IF(ISBLANK(interne1!M53),"",interne1!M53) -> S:10 | N60: =IF(ISBLANK(interne1!N53),"",interne1!N53)
A61: =IF(ISBLANK(interne1!A54),"",interne1!A54) | B61: =IF(ISBLANK(interne1!B54),"",interne1!B54) | C61: =IF(ISBLANK(interne1!C54),"",interne1!C54) -> HAE2 | D61: =IF(ISBLANK(interne1!D54),"",interne1!D54) -> Lymphomes indolents et leucémies chroniques | E61: =IF(ISBLANK(interne1!I54),"",interne1!I54) -> PB | F61: =IF(ISBLANK(interne1!E54),"",interne1!E54) -> Hématologie Oncologie médicale Médecine interne générale | G61: =IF(ISBLANK(interne1!F54),"",interne1!F54) -> 1 | H61: =IF(ISBLANK(interne1!G54),"",interne1!G54) -> 1 | I61: =IF(ISBLANK(interne1!H54),"",interne1!H54) -> 1 | J61: =IF(ISBLANK(interne1!J54),"",interne1!J54) -> ONK1 | K61: =IF(ISBLANK(interne1!K54),"",interne1!K54) | L61: =IF(ISBLANK(interne1!L54),"",interne1!L54) -> oui | M61: =IF(ISBLANK(interne1!M54),"",interne1!M54) | N61: =IF(ISBLANK(interne1!N54),"",interne1!N54)
A62: =IF(ISBLANK(interne1!A55),"",interne1!A55) | B62: =IF(ISBLANK(interne1!B55),"",interne1!B55) | C62: =IF(ISBLANK(interne1!C55),"",interne1!C55) -> HAE3 | D62: =IF(ISBLANK(interne1!D55),"",interne1!D55) -> Affections myéloprolifératives et syndromes myélodysplasiques | E62: =IF(ISBLANK(interne1!I55),"",interne1!I55) -> PB | F62: =IF(ISBLANK(interne1!E55),"",interne1!E55) -> Hématologie Oncologie médicale Médecine interne générale | G62: =IF(ISBLANK(interne1!F55),"",interne1!F55) -> 1 | H62: =IF(ISBLANK(interne1!G55),"",interne1!G55) -> 1 | I62: =IF(ISBLANK(interne1!H55),"",interne1!H55) -> 1 | J62: =IF(ISBLANK(interne1!J55),"",interne1!J55) | K62: =IF(ISBLANK(interne1!K55),"",interne1!K55) | L62: =IF(ISBLANK(interne1!L55),"",interne1!L55) -> oui | M62: =IF(ISBLANK(interne1!M55),"",interne1!M55) | N62: =IF(ISBLANK(interne1!N55),"",interne1!N55)
A63: =IF(ISBLANK(interne1!A56),"",interne1!A56) | B63: =IF(ISBLANK(interne1!B56),"",interne1!B56) | C63: =IF(ISBLANK(interne1!C56),"",interne1!C56) -> HAE4 | D63: =IF(ISBLANK(interne1!D56),"",interne1!D56) -> Transplantation de cellules souches hématopoïétiques autologues | E63: =IF(ISBLANK(interne1!I56),"",interne1!I56) -> PB | F63: =IF(ISBLANK(interne1!E56),"",interne1!E56) -> (Oncologie médicale) (Hématologie) | G63: =IF(ISBLANK(interne1!F56),"",interne1!F56) -> 2 | H63: =IF(ISBLANK(interne1!G56),"",interne1!G56) -> 2 | I63: =IF(ISBLANK(interne1!H56),"",interne1!H56) -> 2 | J63: =IF(ISBLANK(interne1!J56),"",interne1!J56) | K63: =IF(ISBLANK(interne1!K56),"",interne1!K56) | L63: =IF(ISBLANK(interne1!L56),"",interne1!L56) | M63: =IF(ISBLANK(interne1!M56),"",interne1!M56) -> S:10 | N63: =IF(ISBLANK(interne1!N56),"",interne1!N56) -> Accréditation JACIE
A64: =IF(ISBLANK(interne1!A57),"",interne1!A57) | B64: =IF(ISBLANK(interne1!B57),"",interne1!B57) | C64: =IF(ISBLANK(interne1!C57),"",interne1!C57) -> HAE5 | D64: =IF(ISBLANK(interne1!D57),"",interne1!D57) -> Transplantation allogénique de cellules souches hématopoïétiques (CIMHS) | E64: =IF(ISBLANK(interne1!I57),"",interne1!I57) | F64: =IF(ISBLANK(interne1!E57),"",interne1!E57) | G64: =IF(ISBLANK(interne1!F57),"",interne1!F57) | H64: =IF(ISBLANK(interne1!G57),"",interne1!G57) | I64: =IF(ISBLANK(interne1!H57),"",interne1!H57) | J64: =IF(ISBLANK(interne1!J57),"",interne1!J57) | K64: =IF(ISBLANK(interne1!K57),"",interne1!K57) | L64: =IF(ISBLANK(interne1!L57),"",interne1!L57) | M64: =IF(ISBLANK(interne1!M57),"",interne1!M57) | N64: =IF(ISBLANK(interne1!N57),"",interne1!N57) -> Les exigences actuelles de la CIMHS font foi
A65: =IF(ISBLANK(interne1!A58),"",interne1!A58) | B65: =IF(ISBLANK(interne1!B58),"",interne1!B58) -> Vaisseaux | C65: =IF(ISBLANK(interne1!C58),"",interne1!C58) -> GEF1 | D65: =IF(ISBLANK(interne1!D58),"",interne1!D58) -> Chirurgie vasculaire périphérique (artérielle) | E65: =IF(ISBLANK(interne1!I58),"",interne1!I58) -> PB | F65: =IF(ISBLANK(interne1!E58),"",interne1!E58) -> (Chirurgie vasculaire) (chirurgie cardiaque et vasculaire thoracique) | G65: =IF(ISBLANK(interne1!F58),"",interne1!F58) -> 2 | H65: =IF(ISBLANK(interne1!G58),"",interne1!G58) -> 2 | I65: =IF(ISBLANK(interne1!H58),"",interne1!H58) -> 1 | J65: =IF(ISBLANK(interne1!J58),"",interne1!J58) -> ANG1 + RAD1 | K65: =IF(ISBLANK(interne1!K58),"",interne1!K58) | L65: =IF(ISBLANK(interne1!L58),"",interne1!L58) | M65: =IF(ISBLANK(interne1!M58),"",interne1!M58) -> S:10 | N65: =IF(ISBLANK(interne1!N58),"",interne1!N58) -> Conférence interdisciplinaire d’indication avec des MQS chirurgie et intervention. Concept de collaboration spécifique nécessaire
A66: =IF(ISBLANK(interne1!A59),"",interne1!A59) | B66: =IF(ISBLANK(interne1!B59),"",interne1!B59) | C66: =IF(ISBLANK(interne1!C59),"",interne1!C59) -> ANG1 | D66: =IF(ISBLANK(interne1!D59),"",interne1!D59) -> IInterventions sur les vaisseaux périphériques (artériels) | E66: =IF(ISBLANK(interne1!I59),"",interne1!I59) -> PB | F66: Angiologie Radiologie interventionnelle EBIR Cardiologie Chirurgie vasculaire Oncologie médicale | G66: =IF(ISBLANK(interne1!F59),"",interne1!F59) -> 2 | H66: =IF(ISBLANK(interne1!G59),"",interne1!G59) -> 2 | I66: =IF(ISBLANK(interne1!H59),"",interne1!H59) -> 1 | J66: =IF(ISBLANK(interne1!J59),"",interne1!J59) -> RAD1 | K66: =IF(ISBLANK(interne1!K59),"",interne1!K59) -> GEF1 | L66: =IF(ISBLANK(interne1!L59),"",interne1!L59) | M66: =IF(ISBLANK(interne1!M59),"",interne1!M59) | N66: =IF(ISBLANK(interne1!N59),"",interne1!N59) -> Conférence interdisciplinaire d’indication avec des MQS chirurgie et intervention. Concept de collaboration spécifique nécessaire
A67: =IF(ISBLANK(interne1!A60),"",interne1!A60) | B67: =IF(ISBLANK(interne1!B60),"",interne1!B60) | C67: =IF(ISBLANK(interne1!C60),"",interne1!C60) -> GEFA | D67: =IF(ISBLANK(interne1!D60),"",interne1!D60) -> Interventions et chirurgie vasculaire sur les vaisseaux intra-abdominaux | E67: =IF(ISBLANK(interne1!I60),"",interne1!I60) -> PB | F67: =IF(ISBLANK(interne1!E60),"",interne1!E60) -> Chirurgie vasculaire Chirurgie cardiaque et vasculaire thoracique (Angiologie) (Radiologie) (Cardiologie) | G67: =IF(ISBLANK(interne1!F60),"",interne1!F60) -> 3 | H67: =IF(ISBLANK(interne1!G60),"",interne1!G60) -> 3 | I67: =IF(ISBLANK(interne1!H60),"",interne1!H60) -> 2 | J67: =IF(ISBLANK(interne1!J60),"",interne1!J60) -> RAD1 | K67: =IF(ISBLANK(interne1!K60),"",interne1!K60) -> HER1.1 | L67: =IF(ISBLANK(interne1!L60),"",interne1!L60) | M67: =IF(ISBLANK(interne1!M60),"",interne1!M60) -> S:20 | N67: =IF(ISBLANK(interne1!N60),"",interne1!N60) -> - Pour les interventions, uniquement MQS angiologie, radiologie ou cardiologie - Pour les opérations, uniquement MQS chirurgie vasculaire, chirurgie cardiaque et vasculaire thoracique ou chirurgie pédiatrique autorisés - Opérateurs joignables en tout temps en phase postopératoire et intervention en 30 min garantie au besoin - Conférence interdisciplinaire d’indication avec des MQS chirurgie et intervention. Concept de collaboration spécifique nécessaire - Données à saisir dans le registre Swissvasc
A68: =IF(ISBLANK(interne1!A61),"",interne1!A61) | B68: =IF(ISBLANK(interne1!B61),"",interne1!B61) | C68: =IF(ISBLANK(interne1!C61),"",interne1!C61) -> GEF3 | D68: =IF(ISBLANK(interne1!D61),"",interne1!D61) -> Chirurgie carotidienne | E68: =IF(ISBLANK(interne1!I61),"",interne1!I61) -> PB | F68: =IF(ISBLANK(interne1!E61),"",interne1!E61) -> (Chirurgie vasculaire) (Chirurgie cardiaque et vasculaire thoracique, chirurgie vasculaire) (Radiologie interventionnelle EBIR) (Neurochirurgie) | G68: =IF(ISBLANK(interne1!F61),"",interne1!F61) -> 2 | H68: =IF(ISBLANK(interne1!G61),"",interne1!G61) -> 2 | I68: =IF(ISBLANK(interne1!H61),"",interne1!H61) -> 2 | J68: =IF(ISBLANK(interne1!J61),"",interne1!J61) -> NEU1 + RAD1 | K68: =IF(ISBLANK(interne1!K61),"",interne1!K61) -> ANG3 + HER1.1 | L68: =IF(ISBLANK(interne1!L61),"",interne1!L61) | M68: =IF(ISBLANK(interne1!M61),"",interne1!M61) -> S:10 (ou 20 avec ANG3) | N68: =IF(ISBLANK(interne1!N61),"",interne1!N61) -> - Spécialiste joignable en tout temps en phase postopératoire afin de garantir une intervention nécessaire dans l’heure. - En cas d’intervention sur la carotide, discuter et documenter lors de la conférence interdisciplinaire d’indication - Conférence interdisciplinaire d’indication avec des MQS chirurgie et intervention. Concept de collaboration spécifique nécessaire - Saisir les données dans le registre Swissvasc - Contrôle de suivi par spécialiste en neurologie 30 jours après intervention
A69: =IF(ISBLANK(interne1!A62),"",interne1!A62) | B69: =IF(ISBLANK(interne1!B62),"",interne1!B62) | C69: =IF(ISBLANK(interne1!C62),"",interne1!C62) -> ANG3 | D69: =IF(ISBLANK(interne1!D62),"",interne1!D62) -> Interventions sur la carotide et les vaisseaux extracrâniens | E69: =IF(ISBLANK(interne1!I62),"",interne1!I62) -> PB | F69: =IF(ISBLANK(interne1!E62),"",interne1!E62) -> (Angiologie) (Radiologie) (Cardiologie) (Radiologie avec formation approfondie en neuroradiologie invasive) | G69: =IF(ISBLANK(interne1!F62),"",interne1!F62) -> 2 | H69: =IF(ISBLANK(interne1!G62),"",interne1!G62) -> 2 | I69: =IF(ISBLANK(interne1!H62),"",interne1!H62) -> 2 | J69: =IF(ISBLANK(interne1!J62),"",interne1!J62) -> GEF3 + NEU1 + RAD1 | K69: =IF(ISBLANK(interne1!K62),"",interne1!K62) -> HER1.1 | L69: =IF(ISBLANK(interne1!L62),"",interne1!L62) | M69: =IF(ISBLANK(interne1!M62),"",interne1!M62) -> S:10 (ou 20 avec GEF3) | N69: =IF(ISBLANK(interne1!N62),"",interne1!N62) -> - Spécialiste joignable en tout temps en phase postopératoire afin de garantir une intervention nécessaire dans l’heure. - En cas d’intervention sur la carotide, discuter et documenter lors de la conférence interdisciplinaire d’indication - Saisir les données dans le registre Swissvasc - Contrôle de suivi par spécialiste en neurologie 30 jours après l’intervention
A70: =IF(ISBLANK(interne1!A63),"",interne1!A63) | B70: =IF(ISBLANK(interne1!B63),"",interne1!B63) | C70: =IF(ISBLANK(interne1!C63),"",interne1!C63) -> RAD1 | D70: =IF(ISBLANK(interne1!D63),"",interne1!D63) -> Radiologie interventionnelle (pour les vaisseaux, seulement diagnostique) | E70: =IF(ISBLANK(interne1!I63),"",interne1!I63) -> PB | F70: =IF(ISBLANK(interne1!E63),"",interne1!E63) -> Radiologie | G70: =IF(ISBLANK(interne1!F63),"",interne1!F63) -> 2 | H70: =IF(ISBLANK(interne1!G63),"",interne1!G63) -> 2 | I70: =IF(ISBLANK(interne1!H63),"",interne1!H63) -> 1 | J70: =IF(ISBLANK(interne1!J63),"",interne1!J63) | K70: =IF(ISBLANK(interne1!K63),"",interne1!K63) | L70: =IF(ISBLANK(interne1!L63),"",interne1!L63) | M70: =IF(ISBLANK(interne1!M63),"",interne1!M63) | N70: =IF(ISBLANK(interne1!N63),"",interne1!N63) -> Conférence interdisciplinaire d’indication (GEF/ANG)
A71: =IF(ISBLANK(interne1!A64),"",interne1!A64) | B71: =IF(ISBLANK(interne1!B64),"",interne1!B64) | C71: =IF(ISBLANK(interne1!C64),"",interne1!C64) -> RAD2 | D71: =IF(ISBLANK(interne1!D64),"",interne1!D64) -> Radiologie interventionnelle complexe | E71: =IF(ISBLANK(interne1!I64),"",interne1!I64) -> PB | F71: =IF(ISBLANK(interne1!E64),"",interne1!E64) -> Radiologie interventionnelle EBIR | G71: =IF(ISBLANK(interne1!F64),"",interne1!F64) -> 2 | H71: =IF(ISBLANK(interne1!G64),"",interne1!G64) -> 2 | I71: =IF(ISBLANK(interne1!H64),"",interne1!H64) -> 2 | J71: =IF(ISBLANK(interne1!J64),"",interne1!J64) | K71: =IF(ISBLANK(interne1!K64),"",interne1!K64) | L71: =IF(ISBLANK(interne1!L64),"",interne1!L64) | M71: =IF(ISBLANK(interne1!M64),"",interne1!M64) | N71: =IF(ISBLANK(interne1!N64),"",interne1!N64) -> Conférence interdisciplinaire d’indication (GEF/ANG)
A72: =IF(ISBLANK(interne1!A65),"",interne1!A65) | B72: =IF(ISBLANK(interne1!B65),"",interne1!B65) -> Cœur | C72: =IF(ISBLANK(interne1!C65),"",interne1!C65) -> HER1 | D72: =IF(ISBLANK(interne1!D65),"",interne1!D65) -> Chirurgie cardiaque simple | E72: =IF(ISBLANK(interne1!I65),"",interne1!I65) -> PB | F72: =IF(ISBLANK(interne1!E65),"",interne1!E65) -> Chirurgie cardiaque et vasculaire thoracique | G72: =IF(ISBLANK(interne1!F65),"",interne1!F65) -> 3 | H72: =IF(ISBLANK(interne1!G65),"",interne1!G65) -> 3 | I72: =IF(ISBLANK(interne1!H65),"",interne1!H65) -> 3 | J72: =IF(ISBLANK(interne1!J65),"",interne1!J65) -> HER1.1 | K72: =IF(ISBLANK(interne1!K65),"",interne1!K65) | L72: =IF(ISBLANK(interne1!L65),"",interne1!L65) | M72: =IF(ISBLANK(interne1!M65),"",interne1!M65) | N72: =IF(ISBLANK(interne1!N65),"",interne1!N65) -> Programme de qualité cantonal jusqu’à définition d’une solution nationale
A73: =IF(ISBLANK(interne1!A66),"",interne1!A66) | B73: =IF(ISBLANK(interne1!B66),"",interne1!B66) | C73: =IF(ISBLANK(interne1!C66),"",interne1!C66) -> HER1.1 | D73: =IF(ISBLANK(interne1!D66),"",interne1!D66) -> Chirurgie cardiaque et chirurgie vasculaire avec machine cœur-poumons (sans chirurgie coronarienne) | E73: =IF(ISBLANK(interne1!I66),"",interne1!I66) -> PB | F73: =IF(ISBLANK(interne1!E66),"",interne1!E66) -> Chirurgie cardiaque et vasculaire thoracique | G73: =IF(ISBLANK(interne1!F66),"",interne1!F66) -> 3 | H73: =IF(ISBLANK(interne1!G66),"",interne1!G66) -> 3 | I73: =IF(ISBLANK(interne1!H66),"",interne1!H66) -> 3 | J73: =IF(ISBLANK(interne1!J66),"",interne1!J66) -> KAR3 + KAR3.1 | K73: =IF(ISBLANK(interne1!K66),"",interne1!K66) | L73: =IF(ISBLANK(interne1!L66),"",interne1!L66) | M73: =IF(ISBLANK(interne1!M66),"",interne1!M66) | N73: =IF(ISBLANK(interne1!N66),"",interne1!N66) -> Programme de qualité cantonal jusqu’à définition d’une solution nationale
A74: =IF(ISBLANK(interne1!A67),"",interne1!A67) | B74: =IF(ISBLANK(interne1!B67),"",interne1!B67) | C74: =IF(ISBLANK(interne1!C67),"",interne1!C67) -> HER1.1.1 | D74: =IF(ISBLANK(interne1!D67),"",interne1!D67) -> Chirurgie coronarienne (PAC) | E74: =IF(ISBLANK(interne1!I67),"",interne1!I67) -> PB | F74: =IF(ISBLANK(interne1!E67),"",interne1!E67) -> Chirurgie cardiaque et vasculaire thoracique | G74: =IF(ISBLANK(interne1!F67),"",interne1!F67) -> 3 | H74: =IF(ISBLANK(interne1!G67),"",interne1!G67) -> 3 | I74: =IF(ISBLANK(interne1!H67),"",interne1!H67) -> 3 | J74: =IF(ISBLANK(interne1!J67),"",interne1!J67) | K74: =IF(ISBLANK(interne1!K67),"",interne1!K67) | L74: =IF(ISBLANK(interne1!L67),"",interne1!L67) | M74: =IF(ISBLANK(interne1!M67),"",interne1!M67) -> S:100 | N74: =IF(ISBLANK(interne1!N67),"",interne1!N67) -> Programme de qualité cantonal jusqu’à définition d’une solution nationale
A75: =IF(ISBLANK(interne1!A68),"",interne1!A68) | B75: =IF(ISBLANK(interne1!B68),"",interne1!B68) | C75: =IF(ISBLANK(interne1!C68),"",interne1!C68) -> HER1.1.2 | D75: =IF(ISBLANK(interne1!D68),"",interne1!D68) -> Chirurgie cardiaque congénitale complexe | E75: =IF(ISBLANK(interne1!I68),"",interne1!I68) -> PB | F75: =IF(ISBLANK(interne1!E68),"",interne1!E68) -> Chirurgie cardiaque et vasculaire thoracique Cardiologie | G75: =IF(ISBLANK(interne1!F68),"",interne1!F68) -> 3 | H75: =IF(ISBLANK(interne1!G68),"",interne1!G68) -> 3 | I75: =IF(ISBLANK(interne1!H68),"",interne1!H68) -> 3 | J75: =IF(ISBLANK(interne1!J68),"",interne1!J68) | K75: =IF(ISBLANK(interne1!K68),"",interne1!K68) | L75: =IF(ISBLANK(interne1!L68),"",interne1!L68) | M75: =IF(ISBLANK(interne1!M68),"",interne1!M68) -> S:10 | N75: =IF(ISBLANK(interne1!N68),"",interne1!N68) -> Programme de qualité cantonal jusqu’à définition d’une solution nationale
C76: =IF(ISBLANK(interne1!C69),"",interne1!C69) -> HER1.1.3 | D76: =IF(ISBLANK(interne1!D69),"",interne1!D69) -> Chirurgie et interventions sur l’aorte thoracique | E76: =IF(ISBLANK(interne1!I69),"",interne1!I69) -> PB | F76: =IF(ISBLANK(interne1!E69),"",interne1!E69) -> Chirurgie cardiaque et vasculaire thoracique | G76: =IF(ISBLANK(interne1!F69),"",interne1!F69) -> 3 | H76: =IF(ISBLANK(interne1!G69),"",interne1!G69) -> 3 | I76: =IF(ISBLANK(interne1!H69),"",interne1!H69) -> 3 | J76: =IF(ISBLANK(interne1!J69),"",interne1!J69) | K76: =IF(ISBLANK(interne1!K69),"",interne1!K69) | L76: =IF(ISBLANK(interne1!L69),"",interne1!L69) | M76: =IF(ISBLANK(interne1!M69),"",interne1!M69) | N76: =IF(ISBLANK(interne1!N69),"",interne1!N69) -> Programme de qualité cantonal jusqu’à définition d’une solution nationale
C77: =IF(ISBLANK(interne1!C70),"",interne1!C70) -> HER1.1.4 | D77: =IF(ISBLANK(interne1!D70),"",interne1!D70) -> Interventions ouvertes sur la valve aortique | E77: =IF(ISBLANK(interne1!I70),"",interne1!I70) -> PB | F77: =IF(ISBLANK(interne1!E70),"",interne1!E70) -> Chirurgie cardiaque et vasculaire thoracique | G77: =IF(ISBLANK(interne1!F70),"",interne1!F70) -> 3 | H77: =IF(ISBLANK(interne1!G70),"",interne1!G70) -> 3 | I77: =IF(ISBLANK(interne1!H70),"",interne1!H70) -> 3 | J77: =IF(ISBLANK(interne1!J70),"",interne1!J70) | K77: =IF(ISBLANK(interne1!K70),"",interne1!K70) | L77: =IF(ISBLANK(interne1!L70),"",interne1!L70) | M77: =IF(ISBLANK(interne1!M70),"",interne1!M70) | N77: =IF(ISBLANK(interne1!N70),"",interne1!N70) -> Programme de qualité cantonal jusqu’à définition d’une solution nationale
C78: =IF(ISBLANK(interne1!C71),"",interne1!C71) -> HER1.1.5 | D78: =IF(ISBLANK(interne1!D71),"",interne1!D71) -> Interventions ouvertes sur la valve mitrale | E78: =IF(ISBLANK(interne1!I71),"",interne1!I71) -> PB | F78: =IF(ISBLANK(interne1!E71),"",interne1!E71) -> Chirurgie cardiaque et vasculaire thoracique | G78: =IF(ISBLANK(interne1!F71),"",interne1!F71) -> 3 | H78: =IF(ISBLANK(interne1!G71),"",interne1!G71) -> 3 | I78: =IF(ISBLANK(interne1!H71),"",interne1!H71) -> 3 | J78: =IF(ISBLANK(interne1!J71),"",interne1!J71) | K78: =IF(ISBLANK(interne1!K71),"",interne1!K71) | L78: =IF(ISBLANK(interne1!L71),"",interne1!L71) | M78: =IF(ISBLANK(interne1!M71),"",interne1!M71) | N78: =IF(ISBLANK(interne1!N71),"",interne1!N71) -> Programme de qualité cantonal jusqu’à définition d’une solution nationale
A79: =IF(ISBLANK(interne1!A72),"",interne1!A72) | B79: =IF(ISBLANK(interne1!B72),"",interne1!B72) | C79: =IF(ISBLANK(interne1!C72),"",interne1!C72) -> KAR1 | D79: =IF(ISBLANK(interne1!D72),"",interne1!D72) -> Cardiologie (y c. stimulateur cardiaque) | E79: =IF(ISBLANK(interne1!I72),"",interne1!I72) -> PB | F79: =IF(ISBLANK(interne1!E72),"",interne1!E72) -> Cardiologie Chirurgie cardiaque et vasculaire thoracique | G79: =IF(ISBLANK(interne1!F72),"",interne1!F72) -> 2 | H79: =IF(ISBLANK(interne1!G72),"",interne1!G72) -> 2 | I79: =IF(ISBLANK(interne1!H72),"",interne1!H72) -> 2 | J79: =IF(ISBLANK(interne1!J72),"",interne1!J72) | K79: =IF(ISBLANK(interne1!K72),"",interne1!K72) -> KAR3 + KAR3.1 | L79: =IF(ISBLANK(interne1!L72),"",interne1!L72) | M79: =IF(ISBLANK(interne1!M72),"",interne1!M72) -> S: 50 | N79: =IF(ISBLANK(interne1!N72),"",interne1!N72) -> Directives de la Société Suisse de Cardiologie relatives à la thérapie par défibrillateur, documentation dans le registre
A80: =IF(ISBLANK(interne1!A73),"",interne1!A73) | B80: =IF(ISBLANK(interne1!B73),"",interne1!B73) | C80: =IF(ISBLANK(interne1!C73),"",interne1!C73) -> KAR2 | D80: =IF(ISBLANK(interne1!D73),"",interne1!D73) -> Electrophysiologie et CRT | E80: =IF(ISBLANK(interne1!I73),"",interne1!I73) -> PB | F80: =IF(ISBLANK(interne1!E73),"",interne1!E73) -> Cardiologie | G80: =IF(ISBLANK(interne1!F73),"",interne1!F73) -> 2 | H80: =IF(ISBLANK(interne1!G73),"",interne1!G73) -> 2 | I80: =IF(ISBLANK(interne1!H73),"",interne1!H73) -> 2 | J80: =IF(ISBLANK(interne1!J73),"",interne1!J73) | K80: =IF(ISBLANK(interne1!K73),"",interne1!K73) -> HER1.1 | L80: =IF(ISBLANK(interne1!L73),"",interne1!L73) | M80: =IF(ISBLANK(interne1!M73),"",interne1!M73) -> S: 100 | N80: =IF(ISBLANK(interne1!N73),"",interne1!N73)
A81: =IF(ISBLANK(interne1!A74),"",interne1!A74) | B81: =IF(ISBLANK(interne1!B74),"",interne1!B74) | C81: =IF(ISBLANK(interne1!C74),"",interne1!C74) -> KAR3 | D81: =IF(ISBLANK(interne1!D74),"",interne1!D74) -> Cardiologie interventionnelle (interventions coronariennes) | E81: =IF(ISBLANK(interne1!I74),"",interne1!I74) -> PB | F81: =IF(ISBLANK(interne1!E74),"",interne1!E74) -> Cardiologie | G81: =IF(ISBLANK(interne1!F74),"",interne1!F74) -> 3 | H81: =IF(ISBLANK(interne1!G74),"",interne1!G74) -> 3 | I81: =IF(ISBLANK(interne1!H74),"",interne1!H74) -> 3 | J81: =IF(ISBLANK(interne1!J74),"",interne1!J74) | K81: =IF(ISBLANK(interne1!K74),"",interne1!K74) -> HER1.1 | L81: =IF(ISBLANK(interne1!L74),"",interne1!L74) | M81: =IF(ISBLANK(interne1!M74),"",interne1!M74) -> S: 500 | N81: =IF(ISBLANK(interne1!N74),"",interne1!N74)
A82: =IF(ISBLANK(interne1!A75),"",interne1!A75) | B82: =IF(ISBLANK(interne1!B75),"",interne1!B75) | C82: =IF(ISBLANK(interne1!C75),"",interne1!C75) -> KAR3.1 | D82: =IF(ISBLANK(interne1!D75),"",interne1!D75) -> Cardiologie interventionnelle (interventions structurelles) | E82: =IF(ISBLANK(interne1!I75),"",interne1!I75) -> PB | F82: =IF(ISBLANK(interne1!E75),"",interne1!E75) -> Cardiologie Chirurgie cardiaque et vasculaire thoracique | G82: =IF(ISBLANK(interne1!F75),"",interne1!F75) -> 3 | H82: =IF(ISBLANK(interne1!G75),"",interne1!G75) -> 3 | I82: =IF(ISBLANK(interne1!H75),"",interne1!H75) -> 3 | J82: =IF(ISBLANK(interne1!J75),"",interne1!J75) | K82: =IF(ISBLANK(interne1!K75),"",interne1!K75) -> HER1.1 | L82: =IF(ISBLANK(interne1!L75),"",interne1!L75) | M82: =IF(ISBLANK(interne1!M75),"",interne1!M75) -> S:10 | N82: =IF(ISBLANK(interne1!N75),"",interne1!N75)
A83: =IF(ISBLANK(interne1!A76),"",interne1!A76) | B83: =IF(ISBLANK(interne1!B76),"",interne1!B76) | C83: =IF(ISBLANK(interne1!C76),"",interne1!C76) -> KAR3.1.1 | D83: =IF(ISBLANK(interne1!D76),"",interne1!D76) -> Cardiologie interventionnelle complexe (interventions structurelles) | E83: =IF(ISBLANK(interne1!I76),"",interne1!I76) -> PB | F83: =IF(ISBLANK(interne1!E76),"",interne1!E76) -> Cardiologie Chirurgie cardiaque et vasculaire thoracique | G83: =IF(ISBLANK(interne1!F76),"",interne1!F76) -> 3 | H83: =IF(ISBLANK(interne1!G76),"",interne1!G76) -> 3 | I83: =IF(ISBLANK(interne1!H76),"",interne1!H76) -> 3 | J83: =IF(ISBLANK(interne1!J76),"",interne1!J76) -> HER1.1 | K83: =IF(ISBLANK(interne1!K76),"",interne1!K76) | L83: =IF(ISBLANK(interne1!L76),"",interne1!L76) | M83: =IF(ISBLANK(interne1!M76),"",interne1!M76) -> S:75 | N83: =IF(ISBLANK(interne1!N76),"",interne1!N76)
A84: =IF(ISBLANK(interne1!A77),"",interne1!A77) | B84: =IF(ISBLANK(interne1!B77),"",interne1!B77) -> Néphrologie | C84: =IF(ISBLANK(interne1!C77),"",interne1!C77) -> NEP1 | D84: =IF(ISBLANK(interne1!D77),"",interne1!D77) -> Néphrologie (défaillance rénale aiguë et insuffisance rénale chronique terminale) | E84: =IF(ISBLANK(interne1!I77),"",interne1!I77) -> PB | F84: =IF(ISBLANK(interne1!E77),"",interne1!E77) -> (Néphrologie) Médecine intensive | G84: =IF(ISBLANK(interne1!F77),"",interne1!F77) -> 2 | H84: =IF(ISBLANK(interne1!G77),"",interne1!G77) -> 2 | I84: =IF(ISBLANK(interne1!H77),"",interne1!H77) -> 2 | J84: =IF(ISBLANK(interne1!J77),"",interne1!J77) | K84: =IF(ISBLANK(interne1!K77),"",interne1!K77) -> VIS1 + GEF1 + ANG1 + RAD1 | L84: =IF(ISBLANK(interne1!L77),"",interne1!L77) | M84: =IF(ISBLANK(interne1!M77),"",interne1!M77) | N84: =IF(ISBLANK(interne1!N77),"",interne1!N77) -> L’hémodialyse ambulatoire ne peut être proposée qu’en association avec la dialyse péritonéale
A85: =IF(ISBLANK(interne1!A78),"",interne1!A78) | B85: =IF(ISBLANK(interne1!B78),"",interne1!B78) -> Urologie | C85: =IF(ISBLANK(interne1!C78),"",interne1!C78) -> URO1 | D85: =IF(ISBLANK(interne1!D78),"",interne1!D78) -> Urologie sans titre de formation approfondie « urologie opératoire » | E85: =IF(ISBLANK(interne1!I78),"",interne1!I78) -> PBP/PB | F85: =IF(ISBLANK(interne1!E78),"",interne1!E78) -> (Urologie) | G85: =IF(ISBLANK(interne1!F78),"",interne1!F78) -> 2 | H85: =IF(ISBLANK(interne1!G78),"",interne1!G78) -> 0 | I85: =IF(ISBLANK(interne1!H78),"",interne1!H78) -> 1 | J85: =IF(ISBLANK(interne1!J78),"",interne1!J78) | K85: =IF(ISBLANK(interne1!K78),"",interne1!K78) | L85: =IF(ISBLANK(interne1!L78),"",interne1!L78) -> oui | M85: =IF(ISBLANK(interne1!M78),"",interne1!M78) | N85: =IF(ISBLANK(interne1!N78),"",interne1!N78)
A86: =IF(ISBLANK(interne1!A79),"",interne1!A79) | B86: =IF(ISBLANK(interne1!B79),"",interne1!B79) | C86: =IF(ISBLANK(interne1!C79),"",interne1!C79) -> URO1.1 | D86: =IF(ISBLANK(interne1!D79),"",interne1!D79) -> Urologie avec titre de formation approfondie « urologie opératoire » | E86: =IF(ISBLANK(interne1!I79),"",interne1!I79) -> PBP/PB | F86: =IF(ISBLANK(interne1!E79),"",interne1!E79) -> (Urologie avec formation approfondie en urologie opératoire) | G86: =IF(ISBLANK(interne1!F79),"",interne1!F79) -> 2 | H86: =IF(ISBLANK(interne1!G79),"",interne1!G79) | I86: =IF(ISBLANK(interne1!H79),"",interne1!H79) -> 1 | J86: =IF(ISBLANK(interne1!J79),"",interne1!J79) | K86: =IF(ISBLANK(interne1!K79),"",interne1!K79) | L86: =IF(ISBLANK(interne1!L79),"",interne1!L79) | M86: =IF(ISBLANK(interne1!M79),"",interne1!M79) | N86: =IF(ISBLANK(interne1!N79),"",interne1!N79)
A87: =IF(ISBLANK(interne1!A80),"",interne1!A80) | B87: =IF(ISBLANK(interne1!B80),"",interne1!B80) | C87: =IF(ISBLANK(interne1!C80),"",interne1!C80) -> URO1.1.1 | D87: =IF(ISBLANK(interne1!D80),"",interne1!D80) -> Prostatectomie radicale | E87: =IF(ISBLANK(interne1!I80),"",interne1!I80) -> PBP/PB | F87: =IF(ISBLANK(interne1!E80),"",interne1!E80) -> (Urologie avec formation approfondie en urologie opératoire) | G87: =IF(ISBLANK(interne1!F80),"",interne1!F80) -> 2 | H87: =IF(ISBLANK(interne1!G80),"",interne1!G80) -> 0 | I87: =IF(ISBLANK(interne1!H80),"",interne1!H80) -> 1 | J87: =IF(ISBLANK(interne1!J80),"",interne1!J80) | K87: =IF(ISBLANK(interne1!K80),"",interne1!K80) | L87: =IF(ISBLANK(interne1!L80),"",interne1!L80) -> oui | M87: =IF(ISBLANK(interne1!M80),"",interne1!M80) -> O:10 S:10 | N87: =IF(ISBLANK(interne1!N80),"",interne1!N80) -> Opérateur joignable en tout temps en phase postopératoire afin de garantir une intervention nécessaire dans l’heure
A88: =IF(ISBLANK(interne1!A81),"",interne1!A81) | B88: =IF(ISBLANK(interne1!B81),"",interne1!B81) | C88: =IF(ISBLANK(interne1!C81),"",interne1!C81) -> URO1.1.2 | D88: =IF(ISBLANK(interne1!D81),"",interne1!D81) -> Cystectomie radicale (CIMHS) | E88: =IF(ISBLANK(interne1!I81),"",interne1!I81) | F88: =IF(ISBLANK(interne1!E81),"",interne1!E81) | G88: =IF(ISBLANK(interne1!F81),"",interne1!F81) | H88: =IF(ISBLANK(interne1!G81),"",interne1!G81) | I88: =IF(ISBLANK(interne1!H81),"",interne1!H81) | J88: =IF(ISBLANK(interne1!J81),"",interne1!J81) | K88: =IF(ISBLANK(interne1!K81),"",interne1!K81) | L88: =IF(ISBLANK(interne1!L81),"",interne1!L81) | M88: =IF(ISBLANK(interne1!M81),"",interne1!M81) | N88: =IF(ISBLANK(interne1!N81),"",interne1!N81) -> Les exigences actuelles de la CIMHS font foi
A89: =IF(ISBLANK(interne1!A82),"",interne1!A82) | B89: =IF(ISBLANK(interne1!B82),"",interne1!B82) | C89: =IF(ISBLANK(interne1!C82),"",interne1!C82) -> URO1.1.3 | D89: =IF(ISBLANK(interne1!D82),"",interne1!D82) -> Chirurgie complexe des reins (néphrectomie pour tumeur et résection partielle du rein) | E89: =IF(ISBLANK(interne1!I82),"",interne1!I82) -> PBP/PB | F89: =IF(ISBLANK(interne1!E82),"",interne1!E82) -> (Urologie avec formation approfondie en urologie opératoire) | G89: =IF(ISBLANK(interne1!F82),"",interne1!F82) -> 2 | H89: =IF(ISBLANK(interne1!G82),"",interne1!G82) -> 0 | I89: =IF(ISBLANK(interne1!H82),"",interne1!H82) -> 2 | J89: =IF(ISBLANK(interne1!J82),"",interne1!J82) | K89: =IF(ISBLANK(interne1!K82),"",interne1!K82) | L89: =IF(ISBLANK(interne1!L82),"",interne1!L82) -> oui | M89: =IF(ISBLANK(interne1!M82),"",interne1!M82) -> S:10 | N89: =IF(ISBLANK(interne1!N82),"",interne1!N82)
A90: =IF(ISBLANK(interne1!A83),"",interne1!A83) | B90: =IF(ISBLANK(interne1!B83),"",interne1!B83) | C90: =IF(ISBLANK(interne1!C83),"",interne1!C83) -> URO1.1.4 | D90: =IF(ISBLANK(interne1!D83),"",interne1!D83) -> Surrénalectomie isolée | E90: =IF(ISBLANK(interne1!I83),"",interne1!I83) -> PBP/PB | F90: =IF(ISBLANK(interne1!E83),"",interne1!E83) -> (Urologie avec formation approfondie en urologie opératoire) (Chirurgie avec formation approfondie en chirurgie viscérale) | G90: =IF(ISBLANK(interne1!F83),"",interne1!F83) -> 2 | H90: =IF(ISBLANK(interne1!G83),"",interne1!G83) -> 0 | I90: =IF(ISBLANK(interne1!H83),"",interne1!H83) -> 2 | J90: =IF(ISBLANK(interne1!J83),"",interne1!J83) | K90: =IF(ISBLANK(interne1!K83),"",interne1!K83) -> END1 | L90: =IF(ISBLANK(interne1!L83),"",interne1!L83) | M90: =IF(ISBLANK(interne1!M83),"",interne1!M83) | N90: =IF(ISBLANK(interne1!N83),"",interne1!N83)
C91: =IF(ISBLANK(interne1!C84),"",interne1!C84) -> URO1.1.7 | D91: =IF(ISBLANK(interne1!D84),"",interne1!D84) -> Implantation d’un sphincter urinaire artificiel | E91: =IF(ISBLANK(interne1!I84),"",interne1!I84) -> PBP/PB | F91: =IF(ISBLANK(interne1!E84),"",interne1!E84) -> (Urologie avec formations approfondies en urologie opératoire, en neuro-urologie et en urologie de la femme) | G91: =IF(ISBLANK(interne1!F84),"",interne1!F84) -> 2 | H91: =IF(ISBLANK(interne1!G84),"",interne1!G84) -> 0 | I91: =IF(ISBLANK(interne1!H84),"",interne1!H84) -> 1 | J91: =IF(ISBLANK(interne1!J84),"",interne1!J84) | K91: =IF(ISBLANK(interne1!K84),"",interne1!K84) | L91: =IF(ISBLANK(interne1!L84),"",interne1!L84) | M91: =IF(ISBLANK(interne1!M84),"",interne1!M84) | N91: =IF(ISBLANK(interne1!N84),"",interne1!N84)
C92: =IF(ISBLANK(interne1!C85),"",interne1!C85) -> URO1.1.8 | D92: =IF(ISBLANK(interne1!D85),"",interne1!D85) -> Néphrostomie percutanée avec fragmentation de calculs | E92: =IF(ISBLANK(interne1!I85),"",interne1!I85) -> PBP/PB | F92: =IF(ISBLANK(interne1!E85),"",interne1!E85) -> (Urologie avec formation approfondie en urologie opératoire) | G92: =IF(ISBLANK(interne1!F85),"",interne1!F85) -> 2 | H92: =IF(ISBLANK(interne1!G85),"",interne1!G85) -> 0 | I92: =IF(ISBLANK(interne1!H85),"",interne1!H85) -> 1 | J92: =IF(ISBLANK(interne1!J85),"",interne1!J85) -> RAD1 | K92: =IF(ISBLANK(interne1!K85),"",interne1!K85) | L92: =IF(ISBLANK(interne1!L85),"",interne1!L85) | M92: =IF(ISBLANK(interne1!M85),"",interne1!M85) | N92: =IF(ISBLANK(interne1!N85),"",interne1!N85)
A93: =IF(ISBLANK(interne1!A86),"",interne1!A86) | B93: =IF(ISBLANK(interne1!B86),"",interne1!B86) -> Pneumologie | C93: =IF(ISBLANK(interne1!C86),"",interne1!C86) -> PNE1 | D93: =IF(ISBLANK(interne1!D86),"",interne1!D86) -> Pneumologie | E93: =IF(ISBLANK(interne1!I86),"",interne1!I86) -> PB | F93: =IF(ISBLANK(interne1!E86),"",interne1!E86) -> (Pneumologie) | G93: =IF(ISBLANK(interne1!F86),"",interne1!F86) -> 1 | H93: =IF(ISBLANK(interne1!G86),"",interne1!G86) -> 1 | I93: =IF(ISBLANK(interne1!H86),"",interne1!H86) -> 1 | J93: =IF(ISBLANK(interne1!J86),"",interne1!J86) | K93: =IF(ISBLANK(interne1!K86),"",interne1!K86) -> THO1.1 | L93: =IF(ISBLANK(interne1!L86),"",interne1!L86) -> oui | M93: =IF(ISBLANK(interne1!M86),"",interne1!M86) | N93: =IF(ISBLANK(interne1!N86),"",interne1!N86) -> Possibilité de surveillance continue des patients, d’intubation et de ventilation mécanique de courte durée
A94: =IF(ISBLANK(interne1!A87),"",interne1!A87) | B94: =IF(ISBLANK(interne1!B87),"",interne1!B87) | C94: =IF(ISBLANK(interne1!C87),"",interne1!C87) -> PNE1.1 | D94: =IF(ISBLANK(interne1!D87),"",interne1!D87) -> Pneumologie avec assistance ventilatoire spéciale | E94: =IF(ISBLANK(interne1!I87),"",interne1!I87) -> PB | F94: =IF(ISBLANK(interne1!E87),"",interne1!E87) -> Pneumologie | G94: =IF(ISBLANK(interne1!F87),"",interne1!F87) -> 1 | H94: =IF(ISBLANK(interne1!G87),"",interne1!G87) -> 1 | I94: =IF(ISBLANK(interne1!H87),"",interne1!H87) -> 1 | J94: =IF(ISBLANK(interne1!J87),"",interne1!J87) | K94: =IF(ISBLANK(interne1!K87),"",interne1!K87) | L94: =IF(ISBLANK(interne1!L87),"",interne1!L87) | M94: =IF(ISBLANK(interne1!M87),"",interne1!M87) | N94: =IF(ISBLANK(interne1!N87),"",interne1!N87)
A95: =IF(ISBLANK(interne1!A88),"",interne1!A88) | B95: =IF(ISBLANK(interne1!B88),"",interne1!B88) | C95: =IF(ISBLANK(interne1!C88),"",interne1!C88) -> PNE1.2 | D95: =IF(ISBLANK(interne1!D88),"",interne1!D88) -> Evaluation avant ou status après transplantation pulmonaire | E95: =IF(ISBLANK(interne1!I88),"",interne1!I88) -> PB | F95: =IF(ISBLANK(interne1!E88),"",interne1!E88) -> Pneumologie | G95: =IF(ISBLANK(interne1!F88),"",interne1!F88) -> 2 | H95: =IF(ISBLANK(interne1!G88),"",interne1!G88) -> 2 | I95: =IF(ISBLANK(interne1!H88),"",interne1!H88) -> 2 | J95: =IF(ISBLANK(interne1!J88),"",interne1!J88) | K95: =IF(ISBLANK(interne1!K88),"",interne1!K88) -> TPL2 | L95: =IF(ISBLANK(interne1!L88),"",interne1!L88) | M95: =IF(ISBLANK(interne1!M88),"",interne1!M88) | N95: =IF(ISBLANK(interne1!N88),"",interne1!N88)
A96: =IF(ISBLANK(interne1!A89),"",interne1!A89) | B96: =IF(ISBLANK(interne1!B89),"",interne1!B89) | C96: =IF(ISBLANK(interne1!C89),"",interne1!C89) -> PNE1.3 | D96: =IF(ISBLANK(interne1!D89),"",interne1!D89) -> Mmucoviscidose | E96: =IF(ISBLANK(interne1!I89),"",interne1!I89) -> PB | F96: =IF(ISBLANK(interne1!E89),"",interne1!E89) -> Pneumologie | G96: =IF(ISBLANK(interne1!F89),"",interne1!F89) -> 2 | H96: =IF(ISBLANK(interne1!G89),"",interne1!G89) -> 2 | I96: =IF(ISBLANK(interne1!H89),"",interne1!H89) -> 2 | J96: =IF(ISBLANK(interne1!J89),"",interne1!J89) -> THO1 + END1 + HNO1.2 + GAE1 | K96: =IF(ISBLANK(interne1!K89),"",interne1!K89) -> TPL2 | L96: =IF(ISBLANK(interne1!L89),"",interne1!L89) | M96: =IF(ISBLANK(interne1!M89),"",interne1!M89) | N96: =IF(ISBLANK(interne1!N89),"",interne1!N89) -> Centre mucoviscidose avec personnel multidisciplinaire spécialisé en mucoviscidose et spécialiste mucoviscidose en tant que responsable médical, physiothérapie, conseil en nutrition, etc.
A97: =IF(ISBLANK(interne1!A90),"",interne1!A90) | B97: =IF(ISBLANK(interne1!B90),"",interne1!B90) | C97: =IF(ISBLANK(interne1!C90),"",interne1!C90) -> PNE2 | D97: =IF(ISBLANK(interne1!D90),"",interne1!D90) -> Polysomnographie | E97: =IF(ISBLANK(interne1!I90),"",interne1!I90) | F97: =IF(ISBLANK(interne1!E90),"",interne1!E90) -> Certificat de capacité en médecine du sommeil avec titre de spécialiste en pneumologie ou neurologie ou psychiatrie et psychothérapie | G97: =IF(ISBLANK(interne1!F90),"",interne1!F90) | H97: =IF(ISBLANK(interne1!G90),"",interne1!G90) -> 0 | I97: =IF(ISBLANK(interne1!H90),"",interne1!H90) -> 1 | J97: =IF(ISBLANK(interne1!J90),"",interne1!J90) | K97: =IF(ISBLANK(interne1!K90),"",interne1!K90) | L97: =IF(ISBLANK(interne1!L90),"",interne1!L90) | M97: =IF(ISBLANK(interne1!M90),"",interne1!M90) | N97: =IF(ISBLANK(interne1!N90),"",interne1!N90) -> Accréditation comme centre du sommeil par la SGSSC
A98: =IF(ISBLANK(interne1!A91),"",interne1!A91) | B98: =IF(ISBLANK(interne1!B91),"",interne1!B91) -> Chirurgie thoracique | C98: =IF(ISBLANK(interne1!C91),"",interne1!C91) -> THO1 | D98: =IF(ISBLANK(interne1!D91),"",interne1!D91) -> Chirurgie thoracique | E98: =IF(ISBLANK(interne1!I91),"",interne1!I91) -> PB | F98: =IF(ISBLANK(interne1!E91),"",interne1!E91) -> Chirurgie, avec formation approfondie en chirurgie générale et traumatologie ou chirurgie viscérale Chirurgie thoracique | G98: =IF(ISBLANK(interne1!F91),"",interne1!F91) -> 2 | H98: =IF(ISBLANK(interne1!G91),"",interne1!G91) -> 2 | I98: =IF(ISBLANK(interne1!H91),"",interne1!H91) -> 2 | J98: =IF(ISBLANK(interne1!J91),"",interne1!J91) -> PNE1 | K98: =IF(ISBLANK(interne1!K91),"",interne1!K91) | L98: =IF(ISBLANK(interne1!L91),"",interne1!L91) | M98: =IF(ISBLANK(interne1!M91),"",interne1!M91) | N98: =IF(ISBLANK(interne1!N91),"",interne1!N91)
A99: =IF(ISBLANK(interne1!A92),"",interne1!A92) | B99: =IF(ISBLANK(interne1!B92),"",interne1!B92) | C99: =IF(ISBLANK(interne1!C92),"",interne1!C92) -> THO1.1 | D99: =IF(ISBLANK(interne1!D92),"",interne1!D92) -> Néoplasmes malins de l'appareil respiratoire (résection curative par lobectomie / pneumonectomie) | E99: =IF(ISBLANK(interne1!I92),"",interne1!I92) -> PB | F99: =IF(ISBLANK(interne1!E92),"",interne1!E92) -> Chirurgie thoracique | G99: =IF(ISBLANK(interne1!F92),"",interne1!F92) -> 2 | H99: =IF(ISBLANK(interne1!G92),"",interne1!G92) -> 2 | I99: =IF(ISBLANK(interne1!H92),"",interne1!H92) -> 3 | J99: =IF(ISBLANK(interne1!J92),"",interne1!J92) | K99: =IF(ISBLANK(interne1!K92),"",interne1!K92) | L99: =IF(ISBLANK(interne1!L92),"",interne1!L92) -> oui | M99: =IF(ISBLANK(interne1!M92),"",interne1!M92) -> S:30 | N99: =IF(ISBLANK(interne1!N92),"",interne1!N92)
A100: =IF(ISBLANK(interne1!A93),"",interne1!A93) | B100: =IF(ISBLANK(interne1!B93),"",interne1!B93) | C100: =IF(ISBLANK(interne1!C93),"",interne1!C93) -> THO1.2 | D100: =IF(ISBLANK(interne1!D93),"",interne1!D93) -> Opérations sur le médiastin | E100: =IF(ISBLANK(interne1!I93),"",interne1!I93) -> PB | F100: =IF(ISBLANK(interne1!E93),"",interne1!E93) -> Chirurgie thoracique | G100: =IF(ISBLANK(interne1!F93),"",interne1!F93) -> 2 | H100: =IF(ISBLANK(interne1!G93),"",interne1!G93) -> 2 | I100: =IF(ISBLANK(interne1!H93),"",interne1!H93) -> 3 | J100: =IF(ISBLANK(interne1!J93),"",interne1!J93) | K100: =IF(ISBLANK(interne1!K93),"",interne1!K93) | L100: =IF(ISBLANK(interne1!L93),"",interne1!L93) -> oui (tumeurs du médiastin) | M100: =IF(ISBLANK(interne1!M93),"",interne1!M93) | N100: =IF(ISBLANK(interne1!N93),"",interne1!N93)
A101: =IF(ISBLANK(interne1!A94),"",interne1!A94) | B101: =IF(ISBLANK(interne1!B94),"",interne1!B94) -> Transplantations | C101: =IF(ISBLANK(interne1!C94),"",interne1!C94) -> TPL1 | D101: =IF(ISBLANK(interne1!D94),"",interne1!D94) -> Transplantation cardiaque (CIMHS) | E101: =IF(ISBLANK(interne1!I94),"",interne1!I94) | F101: =IF(ISBLANK(interne1!E94),"",interne1!E94) | G101: =IF(ISBLANK(interne1!F94),"",interne1!F94) | H101: =IF(ISBLANK(interne1!G94),"",interne1!G94) | I101: =IF(ISBLANK(interne1!H94),"",interne1!H94) | J101: =IF(ISBLANK(interne1!J94),"",interne1!J94) | K101: =IF(ISBLANK(interne1!K94),"",interne1!K94) | L101: =IF(ISBLANK(interne1!L94),"",interne1!L94) | M101: =IF(ISBLANK(interne1!M94),"",interne1!M94) | N101: =IF(ISBLANK(interne1!N94),"",interne1!N94) -> Les exigences actuelles de la CIMHS font foi
C102: =IF(ISBLANK(interne1!C95),"",interne1!C95) -> TPL2 | D102: =IF(ISBLANK(interne1!D95),"",interne1!D95) -> Transplantation pulmonaire (CIMHS) | E102: =IF(ISBLANK(interne1!I95),"",interne1!I95) | F102: =IF(ISBLANK(interne1!E95),"",interne1!E95) | G102: =IF(ISBLANK(interne1!F95),"",interne1!F95) | H102: =IF(ISBLANK(interne1!G95),"",interne1!G95) | I102: =IF(ISBLANK(interne1!H95),"",interne1!H95) | J102: =IF(ISBLANK(interne1!J95),"",interne1!J95) | K102: =IF(ISBLANK(interne1!K95),"",interne1!K95) | L102: =IF(ISBLANK(interne1!L95),"",interne1!L95) | M102: =IF(ISBLANK(interne1!M95),"",interne1!M95) | N102: =IF(ISBLANK(interne1!N95),"",interne1!N95) -> Les exigences actuelles de la CIMHS font foi
C103: =IF(ISBLANK(interne1!C96),"",interne1!C96) -> TPL3 | D103: =IF(ISBLANK(interne1!D96),"",interne1!D96) -> Transplantation hépatique (CIMHS) | E103: =IF(ISBLANK(interne1!I96),"",interne1!I96) | F103: =IF(ISBLANK(interne1!E96),"",interne1!E96) | G103: =IF(ISBLANK(interne1!F96),"",interne1!F96) | H103: =IF(ISBLANK(interne1!G96),"",interne1!G96) | I103: =IF(ISBLANK(interne1!H96),"",interne1!H96) | J103: =IF(ISBLANK(interne1!J96),"",interne1!J96) | K103: =IF(ISBLANK(interne1!K96),"",interne1!K96) | L103: =IF(ISBLANK(interne1!L96),"",interne1!L96) | M103: =IF(ISBLANK(interne1!M96),"",interne1!M96) | N103: =IF(ISBLANK(interne1!N96),"",interne1!N96) -> Les exigences actuelles de la CIMHS font foi
C104: =IF(ISBLANK(interne1!C97),"",interne1!C97) -> TPL4 | D104: =IF(ISBLANK(interne1!D97),"",interne1!D97) -> Transplantation de pancréas (CIMHS) | E104: =IF(ISBLANK(interne1!I97),"",interne1!I97) | F104: =IF(ISBLANK(interne1!E97),"",interne1!E97) | G104: =IF(ISBLANK(interne1!F97),"",interne1!F97) | H104: =IF(ISBLANK(interne1!G97),"",interne1!G97) | I104: =IF(ISBLANK(interne1!H97),"",interne1!H97) | J104: =IF(ISBLANK(interne1!J97),"",interne1!J97) | K104: =IF(ISBLANK(interne1!K97),"",interne1!K97) | L104: =IF(ISBLANK(interne1!L97),"",interne1!L97) | M104: =IF(ISBLANK(interne1!M97),"",interne1!M97) | N104: =IF(ISBLANK(interne1!N97),"",interne1!N97) -> Les exigences actuelles de la CIMHS font foi
C105: =IF(ISBLANK(interne1!C98),"",interne1!C98) -> TPL5 | D105: =IF(ISBLANK(interne1!D98),"",interne1!D98) -> Transplantation rénale (CIMHS) | E105: =IF(ISBLANK(interne1!I98),"",interne1!I98) | F105: =IF(ISBLANK(interne1!E98),"",interne1!E98) | G105: =IF(ISBLANK(interne1!F98),"",interne1!F98) | H105: =IF(ISBLANK(interne1!G98),"",interne1!G98) | I105: =IF(ISBLANK(interne1!H98),"",interne1!H98) | J105: =IF(ISBLANK(interne1!J98),"",interne1!J98) | K105: =IF(ISBLANK(interne1!K98),"",interne1!K98) | L105: =IF(ISBLANK(interne1!L98),"",interne1!L98) | M105: =IF(ISBLANK(interne1!M98),"",interne1!M98) | N105: =IF(ISBLANK(interne1!N98),"",interne1!N98) -> Les exigences actuelles de la CIMHS font foi
C106: =IF(ISBLANK(interne1!C99),"",interne1!C99) -> TPL6 | D106: =IF(ISBLANK(interne1!D99),"",interne1!D99) -> Transplantation intestinale | E106: =IF(ISBLANK(interne1!I99),"",interne1!I99) -> PB | F106: =IF(ISBLANK(interne1!E99),"",interne1!E99) | G106: =IF(ISBLANK(interne1!F99),"",interne1!F99) -> 3 | H106: =IF(ISBLANK(interne1!G99),"",interne1!G99) -> 3 | I106: =IF(ISBLANK(interne1!H99),"",interne1!H99) -> 3 | J106: =IF(ISBLANK(interne1!J99),"",interne1!J99) | K106: =IF(ISBLANK(interne1!K99),"",interne1!K99) | L106: =IF(ISBLANK(interne1!L99),"",interne1!L99) | M106: =IF(ISBLANK(interne1!M99),"",interne1!M99) | N106: =IF(ISBLANK(interne1!N99),"",interne1!N99)
C107: =IF(ISBLANK(interne1!C100),"",interne1!C100) -> TPL7 | D107: =IF(ISBLANK(interne1!D100),"",interne1!D100) -> Transplantation splénique | E107: =IF(ISBLANK(interne1!I100),"",interne1!I100) -> PB | F107: =IF(ISBLANK(interne1!E100),"",interne1!E100) | G107: =IF(ISBLANK(interne1!F100),"",interne1!F100) -> 3 | H107: =IF(ISBLANK(interne1!G100),"",interne1!G100) -> 3 | I107: =IF(ISBLANK(interne1!H100),"",interne1!H100) -> 3 | J107: =IF(ISBLANK(interne1!J100),"",interne1!J100) | K107: =IF(ISBLANK(interne1!K100),"",interne1!K100) | L107: =IF(ISBLANK(interne1!L100),"",interne1!L100) | M107: =IF(ISBLANK(interne1!M100),"",interne1!M100) | N107: =IF(ISBLANK(interne1!N100),"",interne1!N100)
A108: =IF(ISBLANK(interne1!A101),"",interne1!A101) -> Appareil locomoteur | B108: =IF(ISBLANK(interne1!B101),"",interne1!B101) -> Chirurgie de l’appareil locomoteur | C108: =IF(ISBLANK(interne1!C101),"",interne1!C101) -> BEW1 | D108: =IF(ISBLANK(interne1!D101),"",interne1!D101) -> Chirurgie de l’appareil locomoteur | E108: =IF(ISBLANK(interne1!I101),"",interne1!I101) -> PBP/PB | F108: =IF(ISBLANK(interne1!E101),"",interne1!E101) -> (Chirurgie orthopédique et traumatologie de l’appareil locomoteur) (Chirurgie avec formation approfondie en chirurgie générale et traumatologie) | G108: =IF(ISBLANK(interne1!F101),"",interne1!F101) -> 2 | H108: =IF(ISBLANK(interne1!G101),"",interne1!G101) -> 0 | I108: =IF(ISBLANK(interne1!H101),"",interne1!H101) -> 1 | J108: =IF(ISBLANK(interne1!J101),"",interne1!J101) | K108: =IF(ISBLANK(interne1!K101),"",interne1!K101) | L108: =IF(ISBLANK(interne1!L101),"",interne1!L101) | M108: =IF(ISBLANK(interne1!M101),"",interne1!M101) | N108: =IF(ISBLANK(interne1!N101),"",interne1!N101)
A109: =IF(ISBLANK(interne1!A102),"",interne1!A102) | B109: =IF(ISBLANK(interne1!B102),"",interne1!B102) | C109: =IF(ISBLANK(interne1!C102),"",interne1!C102) -> BEW2 | D109: =IF(ISBLANK(interne1!D102),"",interne1!D102) -> Orthopédie | E109: =IF(ISBLANK(interne1!I102),"",interne1!I102) -> PBP/PB | F109: =IF(ISBLANK(interne1!E102),"",interne1!E102) -> (Chirurgie orthopédique et traumatologie de l’appareil locomoteur) | G109: =IF(ISBLANK(interne1!F102),"",interne1!F102) -> 2 | H109: =IF(ISBLANK(interne1!G102),"",interne1!G102) -> 0 | I109: =IF(ISBLANK(interne1!H102),"",interne1!H102) -> 1 | J109: =IF(ISBLANK(interne1!J102),"",interne1!J102) | K109: =IF(ISBLANK(interne1!K102),"",interne1!K102) | L109: =IF(ISBLANK(interne1!L102),"",interne1!L102) | M109: =IF(ISBLANK(interne1!M102),"",interne1!M102) | N109: =IF(ISBLANK(interne1!N102),"",interne1!N102)
A110: =IF(ISBLANK(interne1!A103),"",interne1!A103) | B110: =IF(ISBLANK(interne1!B103),"",interne1!B103) | C110: =IF(ISBLANK(interne1!C103),"",interne1!C103) -> BEW3 | D110: =IF(ISBLANK(interne1!D103),"",interne1!D103) -> Chirurgie de la main | E110: =IF(ISBLANK(interne1!I103),"",interne1!I103) -> PBP/PB | F110: =IF(ISBLANK(interne1!E103),"",interne1!E103) -> ((Chirurgie de la main) | G110: =IF(ISBLANK(interne1!F103),"",interne1!F103) -> 2 | H110: =IF(ISBLANK(interne1!G103),"",interne1!G103) -> 0 | I110: =IF(ISBLANK(interne1!H103),"",interne1!H103) -> 1 | J110: =IF(ISBLANK(interne1!J103),"",interne1!J103) | K110: =IF(ISBLANK(interne1!K103),"",interne1!K103) | L110: =IF(ISBLANK(interne1!L103),"",interne1!L103) | M110: =IF(ISBLANK(interne1!M103),"",interne1!M103) | N110: =IF(ISBLANK(interne1!N103),"",interne1!N103) -> Clinique de jour spécialisée en chirurgie de la main
A111: =IF(ISBLANK(interne1!A104),"",interne1!A104) | B111: =IF(ISBLANK(interne1!B104),"",interne1!B104) | C111: =IF(ISBLANK(interne1!C104),"",interne1!C104) -> BEW4 | D111: =IF(ISBLANK(interne1!D104),"",interne1!D104) -> Arthroscopie de l’épaule et du coude | E111: =IF(ISBLANK(interne1!I104),"",interne1!I104) -> PBP/PB | F111: =IF(ISBLANK(interne1!E104),"",interne1!E104) -> (Chirurgie orthopédique et traumatologie de l’appareil locomoteur) (Chirurgie avec formation approfondie en chirurgie générale et traumatologie) | G111: =IF(ISBLANK(interne1!F104),"",interne1!F104) -> 2 | H111: =IF(ISBLANK(interne1!G104),"",interne1!G104) -> 0 | I111: =IF(ISBLANK(interne1!H104),"",interne1!H104) -> 1 | J111: =IF(ISBLANK(interne1!J104),"",interne1!J104) -> BEW1 ou BEW2 ou BEW3 | K111: =IF(ISBLANK(interne1!K104),"",interne1!K104) | L111: =IF(ISBLANK(interne1!L104),"",interne1!L104) | M111: =IF(ISBLANK(interne1!M104),"",interne1!M104) | N111: =IF(ISBLANK(interne1!N104),"",interne1!N104)
A112: =IF(ISBLANK(interne1!A105),"",interne1!A105) | B112: =IF(ISBLANK(interne1!B105),"",interne1!B105) | C112: =IF(ISBLANK(interne1!C105),"",interne1!C105) -> BEW5 | D112: =IF(ISBLANK(interne1!D105),"",interne1!D105) -> Arthroscopie du genou | E112: =IF(ISBLANK(interne1!I105),"",interne1!I105) -> PBP/PB | F112: =IF(ISBLANK(interne1!E105),"",interne1!E105) -> (Chirurgie orthopédique et traumatologie de l’appareil locomoteur) (Chirurgie avec formation approfondie en chirurgie générale et traumatologie) | G112: =IF(ISBLANK(interne1!F105),"",interne1!F105) -> 2 | H112: =IF(ISBLANK(interne1!G105),"",interne1!G105) -> 0 | I112: =IF(ISBLANK(interne1!H105),"",interne1!H105) -> 1 | J112: =IF(ISBLANK(interne1!J105),"",interne1!J105) -> BEW1 ou BEW2 | K112: =IF(ISBLANK(interne1!K105),"",interne1!K105) | L112: =IF(ISBLANK(interne1!L105),"",interne1!L105) | M112: =IF(ISBLANK(interne1!M105),"",interne1!M105) | N112: =IF(ISBLANK(interne1!N105),"",interne1!N105)
A113: =IF(ISBLANK(interne1!A106),"",interne1!A106) | B113: =IF(ISBLANK(interne1!B106),"",interne1!B106) | C113: =IF(ISBLANK(interne1!C106),"",interne1!C106) -> BEW6 | D113: =IF(ISBLANK(interne1!D106),"",interne1!D106) -> Reconstruction des membres supérieurs | E113: =IF(ISBLANK(interne1!I106),"",interne1!I106) -> PBP/PB | F113: =IF(ISBLANK(interne1!E106),"",interne1!E106) -> (Chirurgie orthopédique et traumatologie de l’appareil locomoteur) (Chirurgie avec formation approfondie en chirurgie générale et traumatologie) (Chirurgie de la main) | G113: =IF(ISBLANK(interne1!F106),"",interne1!F106) -> 2 | H113: =IF(ISBLANK(interne1!G106),"",interne1!G106) -> 0 | I113: =IF(ISBLANK(interne1!H106),"",interne1!H106) -> 1 | J113: =IF(ISBLANK(interne1!J106),"",interne1!J106) -> BEW1 ou BEW2 ou BEW3 | K113: =IF(ISBLANK(interne1!K106),"",interne1!K106) | L113: =IF(ISBLANK(interne1!L106),"",interne1!L106) | M113: =IF(ISBLANK(interne1!M106),"",interne1!M106) | N113: =IF(ISBLANK(interne1!N106),"",interne1!N106)
A114: =IF(ISBLANK(interne1!A107),"",interne1!A107) | B114: =IF(ISBLANK(interne1!B107),"",interne1!B107) | C114: =IF(ISBLANK(interne1!C107),"",interne1!C107) -> BEW7 | D114: =IF(ISBLANK(interne1!D107),"",interne1!D107) -> Reconstruction des membres inférieurs | E114: =IF(ISBLANK(interne1!I107),"",interne1!I107) -> PBP/PB | F114: =IF(ISBLANK(interne1!E107),"",interne1!E107) -> (Chirurgie orthopédique et traumatologie de l’appareil locomoteur) (Chirurgie avec formation approfondie en chirurgie générale et traumatologie) | G114: =IF(ISBLANK(interne1!F107),"",interne1!F107) -> 2 | H114: =IF(ISBLANK(interne1!G107),"",interne1!G107) -> 0 | I114: =IF(ISBLANK(interne1!H107),"",interne1!H107) -> 1 | J114: =IF(ISBLANK(interne1!J107),"",interne1!J107) -> BEW1 ou BEW2 | K114: =IF(ISBLANK(interne1!K107),"",interne1!K107) | L114: =IF(ISBLANK(interne1!L107),"",interne1!L107) | M114: =IF(ISBLANK(interne1!M107),"",interne1!M107) | N114: =IF(ISBLANK(interne1!N107),"",interne1!N107)
A115: =IF(ISBLANK(interne1!A108),"",interne1!A108) | B115: =IF(ISBLANK(interne1!B108),"",interne1!B108) | C115: =IF(ISBLANK(interne1!C108),"",interne1!C108) -> BEW7.1 | D115: =IF(ISBLANK(interne1!D108),"",interne1!D108) -> Prothèses de hanche de première intention | E115: =IF(ISBLANK(interne1!I108),"",interne1!I108) -> PBP/PB | F115: =IF(ISBLANK(interne1!E108),"",interne1!E108) -> (Chirurgie orthopédique et traumatologie de l’appareil locomoteur) (Chirurgie avec formation approfondie en chirurgie générale et traumatologie) | G115: =IF(ISBLANK(interne1!F108),"",interne1!F108) -> 2 | H115: =IF(ISBLANK(interne1!G108),"",interne1!G108) -> 0 | I115: =IF(ISBLANK(interne1!H108),"",interne1!H108) -> 1 | J115: =IF(ISBLANK(interne1!J108),"",interne1!J108) -> BEW1 ou BEW2 | K115: =IF(ISBLANK(interne1!K108),"",interne1!K108) | L115: =IF(ISBLANK(interne1!L108),"",interne1!L108) | M115: =IF(ISBLANK(interne1!M108),"",interne1!M108) -> O:15 S:50 | N115: =IF(ISBLANK(interne1!N108),"",interne1!N108) -> La disponibilité d'un opérateur agréé dans les 24 heures doit être garantie pour la prise en charge d’urgence des fractures au moyen de prothèses totales - Gérer un contrôle de l’indication tenant compte du résultat pour le patient, sur la base de SIRIS
C116: =IF(ISBLANK(interne1!C109),"",interne1!C109) -> BEW7.1.1 | D116: =IF(ISBLANK(interne1!D109),"",interne1!D109) -> Reprises de prothèse de hanche | E116: =IF(ISBLANK(interne1!I109),"",interne1!I109) -> PBP/PB | F116: =IF(ISBLANK(interne1!E109),"",interne1!E109) -> (Chirurgie orthopédique et traumatologie de l’appareil locomoteur) | G116: =IF(ISBLANK(interne1!F109),"",interne1!F109) -> 2 | H116: =IF(ISBLANK(interne1!G109),"",interne1!G109) -> 0 | I116: =IF(ISBLANK(interne1!H109),"",interne1!H109) -> 1 | J116: =IF(ISBLANK(interne1!J109),"",interne1!J109) | K116: =IF(ISBLANK(interne1!K109),"",interne1!K109) | L116: =IF(ISBLANK(interne1!L109),"",interne1!L109) | M116: =IF(ISBLANK(interne1!M109),"",interne1!M109) -> O: 50 dans BEW7.1 | N116: =IF(ISBLANK(interne1!N109),"",interne1!N109)
A117: =IF(ISBLANK(interne1!A110),"",interne1!A110) | B117: =IF(ISBLANK(interne1!B110),"",interne1!B110) | C117: =IF(ISBLANK(interne1!C110),"",interne1!C110) -> BEW7.2 | D117: =IF(ISBLANK(interne1!D110),"",interne1!D110) -> Prothèses du genou de première intention | E117: =IF(ISBLANK(interne1!I110),"",interne1!I110) -> PBP/PB | F117: =IF(ISBLANK(interne1!E110),"",interne1!E110) -> (Chirurgie orthopédique et traumatologie de l’appareil locomoteur) | G117: =IF(ISBLANK(interne1!F110),"",interne1!F110) -> 2 | H117: =IF(ISBLANK(interne1!G110),"",interne1!G110) -> 0 | I117: =IF(ISBLANK(interne1!H110),"",interne1!H110) -> 1 | J117: =IF(ISBLANK(interne1!J110),"",interne1!J110) -> BEW1 ou BEW2 | K117: =IF(ISBLANK(interne1!K110),"",interne1!K110) | L117: =IF(ISBLANK(interne1!L110),"",interne1!L110) | M117: =IF(ISBLANK(interne1!M110),"",interne1!M110) -> O:15 S:50 | N117: =IF(ISBLANK(interne1!N110),"",interne1!N110)
A118: =IF(ISBLANK(interne1!A111),"",interne1!A111) | B118: =IF(ISBLANK(interne1!B111),"",interne1!B111) | C118: =IF(ISBLANK(interne1!C111),"",interne1!C111) -> BEW7.2.1 | D118: =IF(ISBLANK(interne1!D111),"",interne1!D111) -> Reprises de prothèses de genou | E118: =IF(ISBLANK(interne1!I111),"",interne1!I111) -> PBP/PB | F118: =IF(ISBLANK(interne1!E111),"",interne1!E111) -> (Chirurgie orthopédique et traumatologie de l’appareil locomoteur) | G118: =IF(ISBLANK(interne1!F111),"",interne1!F111) -> 2 | H118: =IF(ISBLANK(interne1!G111),"",interne1!G111) -> 0 | I118: =IF(ISBLANK(interne1!H111),"",interne1!H111) -> 1 | J118: =IF(ISBLANK(interne1!J111),"",interne1!J111) | K118: =IF(ISBLANK(interne1!K111),"",interne1!K111) | L118: =IF(ISBLANK(interne1!L111),"",interne1!L111) | M118: =IF(ISBLANK(interne1!M111),"",interne1!M111) -> O: 50 dans BEW7.2 | N118: =IF(ISBLANK(interne1!N111),"",interne1!N111)
A119: =IF(ISBLANK(interne1!A112),"",interne1!A112) | B119: =IF(ISBLANK(interne1!B112),"",interne1!B112) | C119: =IF(ISBLANK(interne1!C112),"",interne1!C112) -> BEW8 | D119: =IF(ISBLANK(interne1!D112),"",interne1!D112) -> Chirurgie de la colonne vertébrale | E119: =IF(ISBLANK(interne1!I112),"",interne1!I112) -> PBP/PB | F119: =IF(ISBLANK(interne1!E112),"",interne1!E112) -> (Titre de formation approfondie en chirurgie de la colonne vertébrale) | G119: =IF(ISBLANK(interne1!F112),"",interne1!F112) -> 2 | H119: =IF(ISBLANK(interne1!G112),"",interne1!G112) -> 0 | I119: =IF(ISBLANK(interne1!H112),"",interne1!H112) -> 1 | J119: =IF(ISBLANK(interne1!J112),"",interne1!J112) -> BEW1 ou BEW2 ou NCH2 ou NCH3 | K119: =IF(ISBLANK(interne1!K112),"",interne1!K112) -> RHE1 + NCH2 | L119: =IF(ISBLANK(interne1!L112),"",interne1!L112) | M119: =IF(ISBLANK(interne1!M112),"",interne1!M112) -> S:100, O:50 | N119: =IF(ISBLANK(interne1!N112),"",interne1!N112)
A120: =IF(ISBLANK(interne1!A113),"",interne1!A113) | B120: =IF(ISBLANK(interne1!B113),"",interne1!B113) | C120: =IF(ISBLANK(interne1!C113),"",interne1!C113) -> BEW8.1 | D120: =IF(ISBLANK(interne1!D113),"",interne1!D113) -> Chirurgie spécialisée de la colonne vertébrale | E120: =IF(ISBLANK(interne1!I113),"",interne1!I113) -> PBP/PB | F120: =IF(ISBLANK(interne1!E113),"",interne1!E113) -> (Titre de formation approfondie en chirurgie de la colonne vertébrale) | G120: =IF(ISBLANK(interne1!F113),"",interne1!F113) -> 3 | H120: =IF(ISBLANK(interne1!G113),"",interne1!G113) | I120: =IF(ISBLANK(interne1!H113),"",interne1!H113) -> 2 | J120: =IF(ISBLANK(interne1!J113),"",interne1!J113) | K120: =IF(ISBLANK(interne1!K113),"",interne1!K113) | L120: =IF(ISBLANK(interne1!L113),"",interne1!L113) | M120: =IF(ISBLANK(interne1!M113),"",interne1!M113) -> S:20, O:10 | N120: =IF(ISBLANK(interne1!N113),"",interne1!N113) -> Neuromonitoring peropératoire en collaboration avec la neurologie et participation au registre national des implants SIRIS Spine
A121: =IF(ISBLANK(interne1!A114),"",interne1!A114) | B121: =IF(ISBLANK(interne1!B114),"",interne1!B114) | C121: =IF(ISBLANK(interne1!C114),"",interne1!C114) -> BEW8.1.1 | D121: =IF(ISBLANK(interne1!D114),"",interne1!D114) -> Chirurgie complexe de la colonne vertébrale | E121: =IF(ISBLANK(interne1!I114),"",interne1!I114) -> PBP/PB | F121: =IF(ISBLANK(interne1!E114),"",interne1!E114) -> (Titre de formation approfondie en chirurgie de la colonne vertébrale) | G121: =IF(ISBLANK(interne1!F114),"",interne1!F114) -> 3 | H121: =IF(ISBLANK(interne1!G114),"",interne1!G114) | I121: =IF(ISBLANK(interne1!H114),"",interne1!H114) -> 2 | J121: =IF(ISBLANK(interne1!J114),"",interne1!J114) | K121: =IF(ISBLANK(interne1!K114),"",interne1!K114) | L121: =IF(ISBLANK(interne1!L114),"",interne1!L114) | M121: =IF(ISBLANK(interne1!M114),"",interne1!M114) -> S:15, O:10 dans BEW8.1 | N121: =IF(ISBLANK(interne1!N114),"",interne1!N114)
A122: =IF(ISBLANK(interne1!A115),"",interne1!A115) | B122: =IF(ISBLANK(interne1!B115),"",interne1!B115) | C122: =IF(ISBLANK(interne1!C115),"",interne1!C115) -> BEW9 | D122: =IF(ISBLANK(interne1!D115),"",interne1!D115) -> Tumeurs osseuses | E122: =IF(ISBLANK(interne1!I115),"",interne1!I115) -> PBP/PB | F122: =IF(ISBLANK(interne1!E115),"",interne1!E115) -> (Chirurgie orthopédique et traumatologie de l’appareil locomoteur) | G122: =IF(ISBLANK(interne1!F115),"",interne1!F115) -> 2 | H122: =IF(ISBLANK(interne1!G115),"",interne1!G115) -> 0 | I122: =IF(ISBLANK(interne1!H115),"",interne1!H115) -> 1 | J122: =IF(ISBLANK(interne1!J115),"",interne1!J115) -> BEW1 ou BEW2 ou NCH2 ou NCH3 | K122: =IF(ISBLANK(interne1!K115),"",interne1!K115) | L122: =IF(ISBLANK(interne1!L115),"",interne1!L115) -> oui | M122: =IF(ISBLANK(interne1!M115),"",interne1!M115) -> S:10 | N122: =IF(ISBLANK(interne1!N115),"",interne1!N115)
...

Sheet 3 Formulaires d'offre ->
A3: 3 Formulaires d’offre
C5: Veuillez répondre sur les feuilles grises ci-dessous à la question / aux questions concernant les points suivants : - Exigences générales (soins somatiques aigus) (feuille 3.1) - Exigences portant sur des prestations spécifiques (feuilles 3.2 – 3.7) - Exigences relatives aux soins de base (feuille 3.8) - Votre offre concerne-t-elle ce groupe de prestations de la liste hospitalière ? (sur la feuille gris foncé, feuille 3.9) - Exigences pour les domaines transversaux (feuilles 3.10 – 3.11), si le site fait une offre pour des prestations dans les domaines concernés. - Maison de naissance (feuille 3.12) - Autres informations relatives à l’offre (feuille 3.13) Prochaines étapes : - Informations générales sur le prestataire (feuille 4) - Confirmation / signatures (feuille 5)

Sheet 3.1
A1: Offre de l’établissement hospitalier : | C1: Pour le site :
A2: ='Page de garde'!$A$9 -> Veuillez saisir : établissement hospitalier | C2: ='Page de garde'!$A$12 -> Veuillez saisir : site
A3: 3.1 Exigences générales (soins somatiques aigus)
A5: Les exigences générales sont définies dans les documents mentionnés ci-après.
A6: - | B6: Exigences générales FR
A7: Les hôpitaux répertoriés doivent remplir en tout temps l’intégralité des exigences générales énoncées dans les documents susmentionnés pour pouvoir faire une offre pour les mandats de prestation. Le respect de ces exigences est donc une condition de base pour poursuivre l’établissement de votre offre pour les différents groupes de prestations.
F9: Exigences remplies à partir de 2024 ?
A10: Remplissez-vous toutes les exigences générales énoncées dans les documents susmentionnés ?
A12: Vous devez indiquer ci-dessous toutes les exigences qui ne sont pas entièrement remplies.
A13: Si vous ne répondez pas à une ou plusieurs des conditions 2024, veuillez préciser le problème. Indiquez également comment vous comptez compenser ce déficit afin de tout de même garantir la qualité requise. Veuillez systématiquement indiquer le document de référence et l’intitulé de la condition, ainsi que le chiffre ou la ligne auxquels vous vous référez. | C13: Nous attendons ici une explication sur chaque point pour lequel la condition n’est pas intégralement remplie.
A14: Compléments de portée générale. Veuillez systématiquement indiquer le document de référence avec le chiffre ou la ligne auxquels vous vous référez. | C14: Ceci est une cellule de texte libre.

Sheet 3.2
A1: ='3.1'!$A$1 -> Offre de l’établissement hospitalier : | B1: Pour le site :
A2: ='Page de garde'!$A$9 -> Veuillez saisir : établissement hospitalier | B2: ='Page de garde'!$A$12 -> Veuillez saisir : site
A3: 3.2 Informations sur les spécialistes et leur disponibilité
A5: Les spécialisations (FMH ou titre étranger équivalent) nécessaires dépendent du groupe de prestations. L’hôpital doit disposer d’au moins un des spécialistes mentionnés. En principe, les patients doivent être traités par ces spécialistes. Il incombe toutefois à l’hôpital ou aux spécialistes de déléguer le traitement. Lorsqu’un titre de spécialisation est indiqué, les interventions du groupe de prestations correspondant ne peuvent être pratiquées que par des opérateurs disposant de la qualification correspondante, qui interviennent en tant qu’opérateurs responsables.
A6: Si des prestations en pédiatrie sont proposées, le titre de spécialiste correspondant est obligatoire. Les qualifications de spécialiste avec titre de formation approfondie en médecine de l’enfant et de l’adolescent sont décrites dans le document « Exigences supplémentaires portant sur des prestations spécifiques - Soins somatiques aigus°».
A7: Pour chaque groupe de prestations, la rapidité avec laquelle l’hôpital doit pouvoir disposer d’un spécialiste ou d’un médecin au bénéfice de la qualification de spécialiste correspondante (MQS) est déterminée et doit être garantie 24 heures sur 24, 365 jours par an. Ces conditions s’appliquent également en cas de recours à des médecins agréés ou consultants.
B9: Disponibilité des spécialistes nécessaires
B10: Niveau 1 | C10: Spéc. joignable ≤ 60 minutes ou transfert | D10: Le MQS est joignable dans l’heure ou le patient est transféré dans l’heure.
B11: Niveau 2 | C11: Intervention spéc. ≤ 60 minutes | D11: Le MQS est joignable en tout temps. Une intervention diagnostique ou thérapeutique est possible dans l’heure ; elle peut être assurée par un autre biais dans des cas exceptionnels.
B12: Niveau 3 | C12: Intervention spéc. ≤ 30 minutes | D12: Le MQS est joignable en tout temps. Une intervention diagnostique ou thérapeutique est possible dans les 30 minutes.
B13: Niveau 4 (obstétrique) | C13: Intervention spéc. ≤ 15 minutes | D13: Le MQS en obstétrique est à l’hôpital dans les 15 minutes.
A14: Nous vous prions de bien vouloir nous fournir les informations relatives aux spécialistes indiqués ci-après. Il faut indiquer le nombre de spécialistes ainsi que leur disponibilité à partir de 2024 pour chaque titre de spécialisation.
A15: Titre fédéral de spécialiste ou titre étranger équivalent. Les formations approfondies ne peuvent pas être considérées comme des titres séparés. | B15: Nombre prévu de spécialistes | D15: Niveau de disponibilité des spécialistes | E15: Remarques, notamment en cas d’écart
B16: à partir de 2024 | D16: à partir de 2024 | F16: FA SL 2022?
A17: Médecine interne générale (sans formation approfondie) | F17: =+IF(B17>0,2,0) -> 0
A18: Médecine interne générale, avec formation approfondie en gériatrie | F18: =+IF(B18>0,2,0) -> 0
A19: Anesthésiologie | F19: =+IF(B19>0,2,0) -> 0
A20: Angiologie | F20: =+IF(B20>0,2,0) -> 0
A21: Chirurgie (sans formation approfondie) | F21: =+IF(B21>0,2,0) -> 0
A22: Chirurgie, avec formation approfondie - Chirurgie générale et traumatologie | F22: =+IF(B22>0,2,0) -> 0
A23: Chirurgie vasculaire | F23: =+IF(B23>0,2,0) -> 0
A24: Chirurgie thoracique | F24: =+IF(B24>0,2,0) -> 0
A25: Chirurgie avec formation approfondie en chirurgie viscérale | F25: =+IF(B25>0,2,0) -> 0
A26: Dermatologie et vénérologie | F26: =+IF(B26>0,2,0) -> 0
A27: Endocrinologie / diabétologie | F27: =+IF(B27>0,2,0) -> 0
A28: Gastroentérologie | F28: =+IF(B28>0,2,0) -> 0
A29: Gynécologie et obstétrique (sans formation approfondie) | F29: =+IF(B29>0,2,0) -> 0 | G29: 1 | H29: 2 | I29: 3 | J29: 4
A30: Gynécologie et obstétrique avec formation approfondie en médecine médecine fœto-maternelle | F30: =+IF(B30>0,2,0) -> 0 | G30: 1 | H30: 2 | I30: 3 | J30: 4
A31: Hématologie | F31: =+IF(B31>0,2,0) -> 0
A32: Chirurgie de la main | F32: =+IF(B32>0,2,0) -> 0
A33: Chirurgie cardiaque et vasculaire thoracique | F33: =+IF(B33>0,2,0) -> 0
A34: Infectiologie | F34: =+IF(B34>0,2,0) -> 0
A35: Médecine intensive | F35: =+IF(B35>0,2,0) -> 0
A36: Radiologie interventionnelle EBIR | F36: =+IF(B36>0,2,0) -> 0
A37: Cardiologie | F37: =+IF(B37>0,2,0) -> 0
A38: Chirurgie orale et maxillo-faciale | F38: =+IF(B38>0,2,0) -> 0
A39: Médecine de l’enfant et de l’adolescent (sans formation approfondie) | F39: =+IF(B39>0,2,0) -> 0
A40: Médecine de l’enfant et de l’adolescent avec formation approfondie en néonatologie | F40: =+IF(B40>0,2,0) -> 0
A41: Chirurgie pédiatrique (sans formation approfondie) | F41: =+IF(B41>0,2,0) -> 0
A42: Oncologie médicale | F42: =+IF(B42>0,2,0) -> 0
... A61: Titre de formation approfondie en chirurgie de la colonne vertébrale | F61: =+IF(B61>0,2,0) -> 0
A63: Vos indications seront automatiquement reportées sur la feuille de l’offre en gris foncé :
A64: 3.9 Résumé de l’offre pour les groupes de prestations

Sheet 3.3
A1: ='3.1'!$A$1 -> Offre de l’établissement hospitalier : | D1: Pour le site :
A2: ='Page de garde'!$A$9 -> Veuillez saisir : établissement hospitalier | D2: ='Page de garde'!$A$12 -> Veuillez saisir : site
A3: 3.3 Exigences relatives au service d’urgences
A5: Les sites hospitaliers fournissant le paquet de base (PB) et accueillant donc des patients en urgence doivent impérativement disposer d’un service d’urgences adéquat. Les exigences relatives aux services d’urgence sont classées en niveaux 1 à 3 en fonction de l’urgence des traitements d’urgence par groupe de prestations. Des exigences spécifiques pour les cas d’urgence en obstétrique sont en outre définies au niveau 4. Nous vous prions de bien vouloir indiquer le niveau d’urgence que vous visez pour la liste hospitalière 2024 dans les champs jaune clair ci-dessous.
A7: L’accueil de patients transférés par les services d’urgence ou le transfert de patients à ces services se font conformément au protocole de prise en charge SSMUS. Même en cas d’accueil d’urgence, l’éventail de prestations autorisées selon le mandat de prestation doit être observé dans toute la mesure du possible. Les informations disponibles au moment de la décision sont déterminantes pour les traitements attendus.
A9: Exigences | B9: Niveau 1 | D9: Niveau 2 | F9: Niveau 3 | I9: Niveau 4 Obstétrique
A10: Soins médicaux | B10: Lundi – vendredi, 8h-17h : Des médecins au bénéfice d’une qualification de spécialiste en médecine interne générale et en chirurgie sont disponibles pour les urgences (service hospitalier multifonctionnel). Lundi – vendredi, 17h-8h et 24 heures sur 24 durant les week-ends et les jours fériés : Des médecins-assistants en médecine interne générale et en chirurgie sont disponibles pour les urgences. En cas de nécessité médicale, un spécialiste en médecine interne générale ou en chirurgie doit être à disposition du service d’urgences en 30 minutes et un spécialiste en anesthésiologie en 15 minutes. | D10: Lundi – vendredi, 8h-17h : Des médecins au bénéfice d’une qualification de spécialiste en médecine interne générale et en chirurgie sont disponibles en première priorité pour les urgences. Ils sont disponibles pour le service d’urgences en 5 minutes en cas de nécessité médicale. Leur intervention en salle d’opération est uniquement permise pour les opérations d’urgence. Lundi – vendredi, 17h-8h et 24 heures sur 24 durant les week-ends et les jours fériés : Exigences identiques au niveau 1. | F10: Lundi – vendredi, 8h-23h : Exigences identiques au niveau 2. Lundi – vendredi, 23h-8h et 24 heures sur 24 durant les week-ends et les jours fériés : Des médecins-assistants en médecine interne générale et en chirurgie sont disponibles en première priorité pour les urgences. Ils sont disponibles pour le service d’urgences en 5 minutes en cas de nécessité médicale. Au moins un de ces médecins doit être un médecin-assistant en médecine interne dans la 2e moitié de sa formation de spécialiste. Par ailleurs, en cas de nécessité médicale, un médecin au bénéfice d’une qualification de spécialiste en chirurgie doit être à disposition du service d’urgences en 15 minutes (intervention en salle d’opération uniquement permise pour les opérations d’urgence) et un médecin au bénéfice d’une qualification de spécialiste en médecine interne générale doit être disponible en 30 minutes. | I10: Niveau 4 (obstétrique) : Lundi – dimanche, 0h-24h : Un médecin au bénéfice d’une qualification de spécialiste en gynécologie et obstétrique est à la disposition du service d’obstétrique dans les 10 minutes. Les césariennes en urgence doivent intervenir dans un délai de 15 minutes ; le temps écoulé entre la décision de pratiquer une césarienne et l’accouchement (délai décision-naissance ou DN) fait foi.
A11: Disciplines nécessaires à l’hôpital | B11: Spécialistes disponibles sen cas de nécessité médicale : - Médecine interne générale (en 30 minutes1) - Chirurgie (en 30 minutes1) - Anesthésie (en 15 minutes1) | F11: En cas de nécessité médicale, un médecin spécialiste est disponible : - anesthésiologie (sur place) - médecine intensive (sur place) | I11: En cas de nécessité médicale, un médecin spécialiste est disponible : - anesthésiologie (sur place) - une sage-femme (sur place)
A12: Remplissez-vous les exigences à partir de 2024 ? | C12: =IF(B12="oui",1,0) -> 0 | E12: =IF(D12="oui",2,0) -> 0 | G12: =IF(F12="oui",3,0) -> 0 | H12: =MAX(C12,E12,G12) -> 0
A14: 1 Une présence permanente sur place n’est pas nécessaire.
A15: Vos indications seront automatiquement reportées sur la feuille de l’offre en gris foncé :
A16: 3.9 Résumé de l’offre pour les groupes de prestations

Sheet 3.4
A1: ='3.1'!$A$1 -> Offre de l’établissement hospitalier : | D1: Pour le site :
A2: ='Page de garde'!$A$9 -> Veuillez saisir : établissement hospitalier | D2: ='Page de garde'!$A$12 -> Veuillez saisir : site
A3: 3.4 Exigences relatives aux unités de soins intensifs | H3: LEVEL alle
A5: Une unité de soins intensifs est obligatoire pour les groupes de prestations qui nécessitent relativement souvent le transfert de patients aux soins intensifs. On distingue trois niveaux de soins intensifs par groupe de prestations, définis selon la complexité du traitement intensif. Nous vous prions de bien vouloir indiquer le niveau de soins intensifs que vous visez pour la liste hospitalière 2024 dans les champs jaune clair ci-dessous.
A7: Exigences | B7: Niveau 1 Unité de soins de surveillance | D7: Niveau 2 Unité de soins intensifs (USI) selon la SSMI | F7: Niveau 3 Unité de soins intensifs (USI) selon la SSMI
A8: Directives de base | B8: Vous trouverez de plus amples informations à ce sujet dans l’annexe « Exigences supplémentaires portant sur des prestations spécifiques » de la liste hospitalière. | D8: Les directives actuelles de la Société suisse de médecine intensive (SSMI) du 3 septembre 2015 sur la reconnaissance des unités de soins intensifs, y compris l’annexe I Critères de qualité, doivent être respectées.
D9: https://www.swiss-icu-cert.ch/fr/directives.html
A10: Conditions supplémentaires | F10: En outre, les critères FMH suivants doivent être remplis pour un établissement de formation postgraduée de catégorie A : au moins 3000 journées de soins par an et au moins 24’000 heures de ventilation artificielle selon les DRG par an.
A11: Remplissez-vous les exigences à partir de 2024 ? | C11: =IF(B11="oui",1,0) -> 0 | E11: =+IF(D11="OUI",2,0) -> 0 | G11: =+IF(F11="OUI",3,0) -> 0 | H11: =MAX(G11,E11,C11) -> 0
A13: Remarque sur la procédure d’organe de substitution : l’oxygénation par membrane extracorporelle (ECMO) n’est autorisée qu’en association avec une chirurgie cardiaque.
A14: Vos indications seront automatiquement reportées sur la feuille de l’offre en gris foncé :
A15: 3.9 Résumé de l’offre pour les groupes de prestations

Sheet 3.5
A1: ='3.1'!$A$1 -> Offre de l’établissement hospitalier : | D1: Pour le site :
A2: ='Page de garde'!$A$9 -> Veuillez saisir : établissement hospitalier | D2: ='Page de garde'!$A$12 -> Veuillez saisir : site
A3: 3.5 Coopérations (liens)
A5: Description des coopérations et des liens
A6: De nombreux patients nécessitent un savoir interdisciplinaire. Les prestations qui sont étroitement liées du point de vue médical doivent donc être proposées sur le même site. Lorsque le rapport interdisciplinaire est particulièrement étroit et qu’il est particulièrement crucial que les prestations soient disponibles rapidement, elles doivent être fournies sur le même site (en interne). (cf. les colonnes Liens à la feuille 3.9).
A7: D’autres prestations telles que la radiologie interventionnelle sont étroitement liées à certains groupes de prestations sur le plan médical, mais ne revêtent pas un caractère particulièrement urgent. Ces prestations ne doivent donc pas impérativement être proposées sur le même site. Dans ce cas, une coopération avec un autre prestataire peut s’avérer judicieuse pour des raisons organisationnelles. Le partenaire externe doit disposer d’un mandat de prestation correspondant.
A8: La coopération doit être réglée dans une convention à part entière qui couvre les points suivants : - description des processus de traitement pertinents, y compris les interfaces - personnes de contact des deux côtés - étendue des prestations de coopération et rémunération - disponibilité - garantie du flux d’informations (documentation médicale).
A9: Les groupes de prestations qui ne doivent pas impérativement être fournis sur le même site mais peuvent l’être en coopération avec un autre hôpital répertorié sont indiqués ci-après.
A10: Les groupes de prestations suivants nécessitent une coopération ... | C10: ... avec les groupes de prestations (« prestations de tiers » possibles) :
A11: Abréviation GP | B11: Intitulé GP | C11: Abréviation GP
A12: =+'2.2'!C11 -> PBP | B12: =+'2.2'!D11 -> Paquet de base pour fournisseurs de prestations programmées | C12: =+'2.2'!K11 -> PB
A13: =+'2.2'!C24 -> HNO2 | B13: =+'2.2'!D24 -> Chirurgie de la thyroïde et des parathyroïdes | C13: =+'2.2'!K24 -> END1 + NUK1
A14: ='2.2'!C32 -> NCH2 | B14: ='2.2'!D32 -> Neurochirurgie spinale | C14: ='2.2'!K32 -> BEW8
A15: =+'2.2'!C37 -> NEU2.1 | B15: =+'2.2'!D37 -> Tumeur primaire du système nerveux (sans patients palliatifs) | C15: =+'2.2'!K37 -> RAO1
A16: ='2.2'!C38 -> NEU3 | B16: ='2.2'!D38 -> Maladies cérébrovasculaires | C16: ='2.2'!K38 -> NEU3.1
A17: =+'2.2'!C40 -> NEU4 | B17: =+'2.2'!D40 -> Epileptologie : diagnostic complexe | C17: =+'2.2'!K40 -> NEU4.1 + NEU4.2
A18: =+'2.2'!C50 -> GAE1 | B18: =+'2.2'!D50 -> Gastroentérologie | C18: =+'2.2'!K50 -> VIS1
A19: =+'2.2'!C56 -> VIS1.4 | B19: =+'2.2'!D56 -> Chirurgie bariatrique | C19: =+'2.2'!K56 -> END1
A20: =+'2.2'!C66 -> ANG1 | B20: =+'2.2'!D66 -> IInterventions sur les vaisseaux périphériques (artériels) | C20: =+'2.2'!K66 -> GEF1
A21: =+'2.2'!C67 -> GEFA | B21: =+'2.2'!D67 -> Interventions et chirurgie vasculaire sur les vaisseaux intra-abdominaux | C21: =+'2.2'!K67 -> HER1.1
A22: =+'2.2'!C68 -> GEF3 | B22: =+'2.2'!D68 -> Chirurgie carotidienne | C22: =+'2.2'!K68 -> ANG3 + HER1.1
A23: =+'2.2'!C69 -> ANG3 | B23: =+'2.2'!D69 -> Interventions sur la carotide et les vaisseaux extracrâniens | C23: =+'2.2'!K69 -> HER1.1
A24: =+'2.2'!C79 -> KAR1 | B24: =+'2.2'!D79 -> Cardiologie (y c. stimulateur cardiaque) | C24: =+'2.2'!K79 -> KAR3 + KAR3.1
A25: =+'2.2'!C80 -> KAR2 | B25: =+'2.2'!D80 -> Electrophysiologie et CRT | C25: =+'2.2'!K80 -> HER1.1
A26: =+'2.2'!C82 -> KAR3.1 | B26: =+'2.2'!D82 -> Cardiologie interventionnelle (interventions structurelles) | C26: =+'2.2'!K82 -> HER1.1
A27: =+'2.2'!C83 -> KAR3.1.1 | B27: =+'2.2'!D83 -> Cardiologie interventionnelle complexe (interventions structurelles) | C27: =+'2.2'!K83
A28: =+'2.2'!C84 -> NEP1 | B28: =+'2.2'!D84 -> Néphrologie (défaillance rénale aiguë et insuffisance rénale chronique terminale) | C28: =+'2.2'!K84 -> VIS1 + GEF1 + ANG1 + RAD1
A29: =+'2.2'!C90 -> URO1.1.4 | B29: =+'2.2'!D90 -> Surrénalectomie isolée | C29: =+'2.2'!K90 -> END1
A30: =+'2.2'!C93 -> PNE1 | B30: =+'2.2'!D93 -> Pneumologie | C30: =+'2.2'!K93 -> THO1.1
A31: =+'2.2'!C95 -> PNE1.2 | B31: =+'2.2'!D95 -> Evaluation avant ou status après transplantation pulmonaire | C31: =+'2.2'!K95 -> TPL2
A32: =+'2.2'!C96 -> PNE1.3 | B32: =+'2.2'!D96 -> Mmucoviscidose | C32: =+'2.2'!K96 -> TPL2
A33: ='2.2'!C119 -> BEW8 | B33: ='2.2'!D119 -> Chirurgie de la colonne vertébrale | C33: =+'2.2'!K119 -> RHE1 + NCH2
A34: =+'2.2'!C125 -> RHE1 | B34: =+'2.2'!D125 -> Rhumatologie | C34: =+'2.2'!K125 -> BEW8 + NEU1
A35: =+'2.2'!C128 -> GYNT | B35: =+'2.2'!D128 -> Tumeurs gynécologiques | C35: =+'2.2'!K128 -> RAO1
A36: =+'2.2'!C131 -> GEBH | B36: =+'2.2'!D131 -> GEBH Maisons de naissance (≥ 36 0/7 SA) | C36: =+'2.2'!K131 -> GEB1 + NEO1
A37: =+'2.2'!C132 -> GEBS | B37: =+'2.2'!D132 -> Obstétrique dirigée par des sages-femmes à l’hôpital ou en milieu hospitalier | C37: =+'2.2'!K132 -> GEB1 + NEO1
A38: =+'2.2'!C133 -> GEB1 | B38: =+'2.2'!D133 -> Soins de base en obstétrique (AG ≥ 35 0/7 SA et PN 2000 g) | C38: =+'2.2'!K133 -> NEO1.1
A39: =+'2.2'!C134 -> GEB1.1 | B39: =+'2.2'!D134 -> Obstétrique (≥ 32 0/7 SA et PN 1250 g) | C39: =+'2.2'!K134 -> GEB1.1.1
A40: ='2.2'!C136 -> NEOG | B40: ='2.2'!D136 -> Soins de base aux nouveau-nés (AG ≥ 36 0/7 SA et PN 2000 g) | C40: ='2.2'!K136 -> GEB1 + NEO1
A41: ='2.2'!C138 -> NEO1.1 | B41: ='2.2'!D138 -> Néonatologie (AG ≥ 32 0/7 SA et PN 1250 g) | C41: ='2.2'!K138 -> NEO1.1.1.1
A42: ='2.2'!C139 -> NEO1.1.1 | B42: ='2.2'!D139 -> Néonatologie spécialisée (AG ≥ 28 0/7 SA et PN ≥1000 g) | C42: ='2.2'!K139 -> NEO1.1.1.1
A43: =+'2.2'!C141 -> ONK1 | B43: =+'2.2'!D141 -> Oncologie | C43: =+'2.2'!K141 -> RAO1 + NUK1
A44: =+'2.2'!C143 -> NUK1 | B44: =+'2.2'!D143 -> Médecine nucléaire | C44: =+'2.2'!K143 -> END1
A46: Tous les groupes de prestations qui peuvent être fournis en coopération avec un autre hôpital répertorié sont indiqués ci-après, conformément au tableau ci-dessus.
A47: Veuillez indiquer quelles coopérations vous établirez avec un autre hôpital répertorié et qui vous envisagez comme partenaire. Si vous proposez vous-même les groupes de prestations ci-dessous (en interne), nous vous prions de l’indiquer également.
A48: Vos informations seront automatiquement reportées sur la feuille 3.9 ; la colonne de coopération de la feuille 3.9 sera colorée en conséquence. Toutes les exigences doivent être remplies pour que la colonne de coopération soit en vert. Par exemple, pour le groupe de prestations GEF3, les groupes de prestations ANG3 et HER1.1 sont nécessaires au moins sous la forme d’un contrat de coopération.
A50: Les groupes de prestations suivants sont une condition minimale à la coopération pour .... | C50: ... les groupes de prestations énumérés ici | D50: Groupe de prestations Liste hospitalière 2024 | F50: En cas de coopération : partenaire de coopération pressenti ?
A51: N° GP | B51: Intitulé GP | C51: N° et intitulé GP | D51: Offre (liens) en interne ? | E51: En coopération (prestation de tiers possible) ?
A52: PB | B52: Paquet de base chirurgie et médecine interne
B53: Condition pour : | C53: PBP : Paquet de base pour fournisseurs de prestations programmées
A54: NCH2 | B54: Neurochirurgie spinale
B55: Condition pour : | C55: BEW8 : Chirurgie de la colonne vertébrale
A56: NEU1 | B56: Neurologie
B57: Condition pour : | C57: RHE1 : Rhumatologie
A58: NEU3.1 | B58: Traitement des maladies cérébrovasculaires en Stroke Center (CIMHS)
B59: Condition pour : | C59: NEU3 : Maladies cérébrovasculaires
A60: NEU4.1 | B60: Epileptologie : traitement complexe
B61: Condition pour : | C61: NEU4 : Epileptologie : diagnostic complexe
A62: NEU4.2 | B62: Epileptologie : diagnostic complexe avec surveillance intensive (CIMHS)
B63: Condition pour : | C63: NEU4 : Epileptologie : diagnostic complexe
A64: END1 | B64: Endocrinologie
B65: Condition pour : | C65: HNO2 : Chirurgie de la thyroïde et des parathyroïdes
C66: VIS1.4 : Chirurgie bariatrique
C67: URO1.1.4 : Surrénalectomie isolée
C68: NUK1 : Médecine nucléaire
A69: VIS1 | B69: Chirurgie viscérale
B70: Condition pour : | C70: GAE1 : Gastroentérologie
C71: NEP1 : Néphrologie (défaillance rénale aiguë et insuffisance rénale chronique terminale)
C72: GYNT : Tumeurs gynécologiques
A73: GEF1 | B73: Chirurgie vasculaire périphérique (artérielle)
B74: Condition pour : | C74: ANG1 : Interventions sur les vaisseaux périphériques (artériels)
C75: NEP1 : Néphrologie (défaillance rénale aiguë et insuffisance rénale chronique terminale)
A76: HER1.1 | B76: Chirurgie cardiaque et chirurgie vasculaire avec machine cœur-poumons (sans chirurgie coronarienne)
B77: Condition pour : | C77: GEFA : intervention et chirurgie vasculaire intra-abdominale
C78: GEF3 : Chirurgie carotidienne
C79: ANG3 : Interventions sur la carotide et les vaisseaux extracrâniens
C80: KAR2 : Electrophysiologie et CRT
C81: KAR3 : Cardiologie interventionnelle (interventions coronariennes)
C82: KAR3.1 : Cardiologie interventionnelle (interventions structurelles)
A83: ANG1 | B83: Interventions sur les vaisseaux périphériques (artériels)
B84: Condition pour : | C84: NEP1 : Néphrologie (défaillance rénale aiguë et insuffisance rénale chronique terminale)
A85: ANG3 | B85: Interventions sur la carotide et les vaisseaux extracrâniens
B86: Condition pour : | C86: GEF3 : Chirurgie carotidienne
A87: KAR3 | B87: Cardiologie interventionnelle (interventions coronariennes)
B88: Condition pour : | C88: KAR1 : Cardiologie et devices
A89: KAR3.1. | B89: Cardiologie interventionnelle complexe (interventions structurelles)
B90: Condition pour : | C90: KAR1 : Cardiologie et devices
A91: THO1 | B91: Chirurgie thoracique
B92: Condition pour : | C92: UNF1 : Chirurgie orthopédique et traumatologique (polytraumatismes)
A93: THO1.1 | B93: Néoplasmes malins de l’appareil respiratoire (résection curative par lobectomie / pneumonectomie)
B94: Condition pour : | C94: PNE1 : Pneumologie
A95: TPL2 | B95: Transplantation pulmonaire (CIMHS)
B96: Condition pour : | C96: PNE1.2 : Evaluation avant ou status après transplantation pulmonaire
C97: PNE1.3 : Mmucoviscidose
A98: BEW8 | B98: Chirurgie de la colonne vertébrale
B99: Condition pour : | C99: RHE1 : Rhumatologie
C100: NCH2 : Neurochirurgie spinale
A101: RHE1 | B101: Rhumatologie
B102: Condition pour : | C102: BEW8 : Chirurgie de la colonne vertébrale
C103: NEU1 : Neurologie
...

Sheet 3.6
A1: ='3.1'!$A$1 -> Offre de l’établissement hospitalier : | C1: Pour le site :
A2: ='Page de garde'!$A$9 -> Veuillez saisir : établissement hospitalier | C2: ='Page de garde'!$A$12 -> Veuillez saisir : site
A3: 3.6 Tumor boards
A5: Le traitement de patients présentant une tumeur maligne requiert un tumor board. Cela concerne également les groupes de prestations qui n’ont pas uniquement pour objet le traitement des tumeurs. Un tumor board se compose en règle générale de tous les spécialistes participant au traitement et se réunit régulièrement. Les participants peuvent s’y joindre par vidéoconférence. Le groupe peut être géré en coopération avec un autre hôpital. La décision du tumor board doit présenter toutes les options possibles, y compris les alternatives non opératoires, et recommander le traitement le plus approprié pour le patient d’un point de vue médical. Les recommandations du tumor board sont consignées dans un procès-verbal et expliquées aux patients par le spécialiste ou par ses collaborateurs formés et qualifiés lors d’un entretien d’information. En règle générale, les recommandations du tumor board doivent être mises en œuvre. Tout écart doit être justifié et documenté dans le système d’information de l’établissement.
A6: Veuillez indiquer si vous gérez le tumor board avec vos propres spécialistes en interne ou avec un partenaire de coopération externe.
A7: Domaine de prestation | B7: TB obligatoire | C7: TB à partir de 2024 | D7: En cas de coopération : partenaire de coopération pressenti ?
C8: Tous les spécialistes en interne ou avec des partenaires de coopération ?
A9: Dermatologie | B9: DER1.1
A10: ORL | B10: HNO1.1.1 ; HNO2
A11: Chirurgie maxillaire | B11: KIE1
A12: Neurochirurgie | B12: NCH1 ; NCH1.1
A13: Neurologie | B13: NEU2 ; NEU2.1
A14: Gastroentérologie | B14: GAE1 ; GAE1.1
A15: Chirurgie viscérale | B15: VIS1
A16: Hématologie | B16: HAE1 ; HAE1.1 ; HAE2 ; HAE3
A17: Urologie | B17: URO1 ; URO1.1.1 (pré- et postopératoire) ; URO1.1.3
A18: Pneumologie | B18: PNE1
A19: Chirurgie thoracique | B19: TTHO1.1 ; THO1.2
A20: Chirurgie de l’appareil locomoteur | B20: BEW9
... A23: Médecine nucléaire | B23: NUK1
A25: Vos indications seront automatiquement reportées sur la feuille de l’offre en gris foncé :
A26: 3.9 Résumé de l’offre pour les groupes de prestations

Sheet 3.7
A1: ='3.1'!$A$1 -> Offre de l’établissement hospitalier : | C1: Pour le site :
A2: ='Page de garde'!$A$9 -> Veuillez saisir : établissement hospitalier | C2: ='Page de garde'!$A$12 -> Veuillez saisir : site
A3: 3.7 Autres exigences
A5: Pour certains traitements, des conditions supplémentaires portant sur des groupes de prestations spécifiques doivent être remplies, par exemple des conseils en nutrition et en lien avec le diabète, des consultations ainsi que des soins préliminaires et un suivi. Ces conditions sont indiquées par groupe de prestations dans cette feuille.
A6: Les autres conditions sont décrites dans le document « Exigences supplémentaires portant sur des prestations spécifiques - Soins somatiques aigus ZH (état 01.03.2022) ».
A7: Veuillez indiquer pour chaque groupe de prestations si vous remplissez / ne remplissez pas les exigences supplémentaires à partir de la liste hospitalière 2024.
A8: Abréviation du groupe de prestations | B8: Intitulé du groupe de prestations | C8: Exigence | D8: Remplissez-vous les exigences à partir de 2024 ?
A9: =+'2.2'!C10 -> PB | B9: =+'2.2'!D10 -> Paquet de base chirurgie et médecine interne | C9: =+'2.2'!N10
A10: =+'2.2'!C11 -> PBP | B10: =+'2.2'!D11 -> Paquet de base pour fournisseurs de prestations programmées | C10: =+'2.2'!N11
A11: =+'2.2'!C12 -> DER1 | B11: =+'2.2'!D12 -> Dermatologie (y c. vénérologie) | C11: =+'2.2'!N12
A12: =+'2.2'!C13 -> DER1.1 | B12: =+'2.2'!D13 -> Oncologie dermatologique | C12: =+'2.2'!N13
A13: =+'2.2'!C14 -> DER1.2 | B13: =+'2.2'!D14 -> Affections cutanées graves | C13: =+'2.2'!N14
A14: =+'2.2'!C15 -> DER2 | B14: =+'2.2'!D15 -> Traitement des plaies | C14: =+'2.2'!N15 -> Centre de compétences plaies
A15: =+'2.2'!C16 -> HNO1 | B15: =+'2.2'!D16 -> Oto-rhino-laryngologie (chirurgie ORL) | C15: =+'2.2'!N16
A16: =+'2.2'!C17 -> HNO1.1 | B16: =+'2.2'!D17 -> Chirurgie cervico-faciale | C16: =+'2.2'!N17
A17: =+'2.2'!C18 -> HNO1.1.1 | B17: =+'2.2'!D18 -> Interventions ORL complexes (chirurgie tumorale interdisciplinaire) | C17: =+'2.2'!N18
A18: =+'2.2'!C19 -> HNO1.2 | B18: =+'2.2'!D19 -> Chirurgie élargie du nez et des sinus | C18: =+'2.2'!N19
A19: =+'2.2'!C20 -> HNO1.2.1 | B19: =+'2.2'!D20 -> Chirurgie élargie du nez et des sinus avec ouverture de la dure-mère (chirurgie interdisciplinaire de la base du crâne) | C19: =+'2.2'!N20
A20: =+'2.2'!C21 -> HNO1.3 | B20: =+'2.2'!D21 -> Chirurgie de l’oreille moyenne (tympanoplastie, chirurgie mastoïdienne, ossiculoplastie y c. chirurgie stapédienne) | C20: =+'2.2'!N21
... A152: =+'2.2'!C153 -> ISO | B152: =+'2.2'!D153 -> Unité d’isolement spéciale (CIMHS) | C152: =+'2.2'!N153 -> Le concept de la CDS concernant les maladies de type « Ebola » s’applique
A154: Vos indications seront automatiquement reportées sur la feuille de l’offre en gris foncé :
A155: 3.9 Résumé de l’offre pour les groupes de prestations

Sheet 3.8
A1: ='3.1'!$A$1 -> Offre de l’établissement hospitalier : | C1: Pour le site :
A2: ='Page de garde'!$A$9 -> Veuillez saisir : établissement hospitalier | C2: ='Page de garde'!$A$12 -> Veuillez saisir : site
A3: 3.8 Soins de base
A5: Le bon fonctionnement des hôpitaux implique que les soins de base soient assurés en tout temps, 365 jours par an et 24 heures sur 24. A cet effet, deux paquets de base sont définis et constituent, à quelques exceptions près, la base de tous les autres groupes de prestations. Il s’agit du paquet de base (PB) et du paquet de base programmé (PBP).
A6: Le PB comprend toutes les prestations relevant des soins de base dans tous les domaines de prestations. En règle générale, elles sont fournies au quotidien par les spécialistes en médecine interne et en chirurgie, sans recours à d’autres spécialistes. Le PB représente la base pour tous les hôpitaux disposant d’un service d’urgences. Il est également obligatoire pour tous les groupes de prestations comportant un fort pourcentage de patients admis en urgence. Comme ces derniers arrivent souvent à l’hôpital avec des troubles non encore définis, il ne suffit pas qu’il y ait un service d’urgences adéquat, il faut aussi une offre étendue en soins de base. C’est le seul moyen de garantir que les patients admis en urgence bénéficient d’un diagnostic différentiel complet et qu’ils reçoivent si nécessaire immédiatement un premier traitement. Les unités de médecine interne et de chirurgie sont une base essentielle ; les spécifications et autres exigences ressortent du tableau ci-dessous.
A7: Le PBP fait partie du PB. Il comprend les prestations relevant des soins de base associés aux prestations programmées pour lesquelles l’hôpital dispose d’un mandat de prestation. Si un hôpital a, par exemple, un mandat pour les groupes de prestations urologiques, le PBP comprend toutes les « prestations de base » urologiques. Le PBP constitue la base pour tous les prestataires ne disposant pas d’un service d’urgences. Les hôpitaux avec le PBP ne peuvent proposer que des groupes de prestations comportant majoritairement des interventions programmées. Il s’agit de groupes de prestations dans les domaines de prestations ORL, appareil locomoteur, gynécologie et urologie. Une base importante est la disponibilité d’un médecin à l’hôpital 24 heures sur 24 (p. ex. avec une spécialité médecine interne générale ou anesthésiologie). Pour le PBP, les exigences ne s’appliquent que lorsque des patients sont traités à l’hôpital. Les spécifications et autres exigences ressortent du tableau ci-dessous.
A9: Offre de prestation | B9: Paquet de base (PB) | C9: Paquet de base programmé (PBP)
A10: Soins de base | B10: Eventail complet des prestations : tous les codes DRG, CHOP et CIM qui ne sont pas explicitement attribués à un groupe de prestations | C10: Domaine de prestation : tous les codes DRG, CHOP et CIM du domaine de prestation qui ne sont pas explicitement attribués à un groupe de prestations
A11: Exigences
A12: Spécialistes et unités de l’hôpital | B12: Clinique de médecine dirigée par un spécialiste en médecine interne générale Clinique de chirurgie dirigée par un spécialiste en chirurgie Unité d’anesthésie dirigée par un spécialiste en anesthésiologie Suivi médical sur place 24 heures sur 24 | C12: Suivi médical sur place 24 heures sur 24
A13: Urgence (feuille 3.3) | B13: Niveau 1 | C13: -
A14: Unité de soins intensifs (feuille 3.4) | B14: Niveau 1 | C14: Niveau 1
A15: Laboratoire | B15: 365 jours ; 24 heures | C15: 7h à 17h
A16: Radiologie à rayons X et TDM | B16: 365 jours ; 24 heures. résultat de la TDM en 30 minutes par un médecin-assistant en radiologie (minimum 2 années d’expérience comme assistant en radiologie) ou, en cas de nécessité médicale, par le spécialiste | C16: Coopération avec hôpital avec PB
A17: Coopération avec hôpital ou médecin consultant | B17: Infectiologie | C17: Infectiologie
B18: Psychiatrie ou psychosomatique | C18: -
A19: Soins palliatifs de base | B19: En principe, les soins palliatifs font partie des soins de base de tous les hôpitaux disposant d’un service d’urgences. Seuls les patients pour qui un traitement palliatif spécifique est indiqué doivent être pris en charge médicalement dans un centre de compétence en soins palliatifs (voir la feuille 3.11).
A20: Remplissez-vous les exigences à partir de 2024 ?
A22: Vos indications seront automatiquement reportées sur la feuille de l’offre en gris foncé :
A23: 3.9 Résumé de l’offre pour les groupes de prestations

Sheet 3.9
A1: ='3.1'!$A$1 -> Offre de l’établissement hospitalier : | D1: Pour le site :
A2: ='Page de garde'!$A$9 -> Veuillez saisir : établissement hospitalier | D2: ='Page de garde'!$A$12 -> Veuillez saisir : site
A3: 3.9 Récapitulatif des offres pour les groupes de prestations Soins somatiques aigus FR 2024
D5: Exigences portant sur des groupes de prestations spécifiques | Y5: Votre offre concerne-t-elle ce groupe de prestations pour la liste hospitalière 2024 ? | Z5: Nombre minimum de cas | AB5: Si vous ne répondez pas à une ou plusieurs des conditions, veuillez préciser le problème. Veuillez indiquer concrètement comment vous comptez compenser ce déficit afin de tout de même garantir la qualité requise. Veuillez systématiquement indiquer le document de référence et l’intitulé de la condition, ainsi que le chiffre ou la ligne auxquels vous vous référez.
A6: Domaines de prestations | B6: Groupes de prestations | D6: 3.8 : Paquet de base obligatoire | F6: 3.2 : Spécialiste et disponibilité | J6: 3.3 : Service d’urgences | L6: 3.4 : Unité de soins intensifs (USI) | N6: 2.2 Réseaux et hiérarchie | T6: 3.6 : Tumor board (TB) | V6: 3.7 : Autres exigences | Z6: Remplissez-vous le nombre minimum de cas indiqué dans la colonne AB ? | AA6: Exigence
B7: Abréviation | C7: Intitulé | E7: BAS SL 2022 | F7: Spécialiste | G7: Disponibilité | H7: Facharzt SL 2022 verfügbar | I7: NR zur zeitl. Verfügbark. SL 2022 | K7: SL 2022 | M7: SL 2022 | N7: 3.5 : Coopération | O7: SL 2022 | P7: Au sein du domaine de prestations | Q7: Hierarchie | R7: Entre domaines de prestations (en interne) | S7: Interdisziplinarität | U7: SL 2022 | W7: SL 2022
A8: =+'2.2'!B10 -> Paquet de base | B8: =+'2.2'!C10 -> PB | C8: =+'2.2'!D10 -> Paquet de base chirurgie et médecine interne | D8: ='2.2'!E10 | E8: =IF('3.8'!$B$20="oui",2,IF('3.8'!$C$20="oui",1,0)) -> 0 | F8: =+'2.2'!F10 -> Médecine interne générale et chirurgie et anesthésiologie | G8: =+'2.2'!G10 -> 1 | H8: =IF(interne2!AX160>=interne2!AX5,1,0) -> 0 | I8: =IF(G8="",1,IF(MAX(interne3!C9:AT9)>=G8,1,0)) -> 0 | J8: =+'2.2'!H10 -> 1 | K8: =VALUE(IF(J8=1,IF('3.3'!H$12>=1,1,0),IF(J8=2,IF('3.3'!H$12>=2,1,0),IF(J8=3,IF('3.3'!H$12>=3,1,0),1)))) -> 0 | L8: =+'2.2'!I10 -> 1 | M8: =+IF(L8=1,IF('3.4'!H$11>=1,1,0),IF(L8=2,IF('3.4'!H$11>=2,1,0),IF(L8=3,IF('3.4'!H$11>=3,1,0),1))) -> 0 | N8: =+'2.2'!K10 | O8: =IF(N8="",1,0) -> 1 | P8: =IF(ISBLANK(interne1!P3),"",interne1!P3) | Q8: =IF(P8="",1,0) -> 1 | R8: ='2.2'!J10 | S8: =IF(R8="",1,0) -> 1 | T8: =+'2.2'!L10 | U8: =IF(T8="",1,0) -> 1 | V8: =+'2.2'!N10 | W8: =IF(V8="",1,IF('3.7'!$D9="oui",1,0)) -> 1 | AA8: =+'2.2'!M10 | AB8: Nous attendons ici une explication sur chaque point pour lequel la condition n’est pas intégralement remplie.
A9: =+'2.2'!B11 -> Paquet de base programmé | B9: =+'2.2'!C11 -> PBP | C9: =+'2.2'!D11 -> Paquet de base pour fournisseurs de prestations programmées | D9: ='2.2'!E11 | E9: =IF('3.8'!$B$20="oui",2,IF('3.8'!$C$20="oui",1,0)) -> 0 | F9: =+'2.2'!F11 -> En fonction du groupe de prestations | G9: =+'2.2'!G11 -> 2 | H9: =IF(interne2!AX161>=interne2!AX6,1,0) -> 1 | I9: 1 | J9: =+'2.2'!H11 -> 0 | K9: =VALUE(IF(J9=1,IF('3.3'!H$12>=1,1,0),IF(J9=2,IF('3.3'!H$12>=2,1,0),IF(J9=3,IF('3.3'!H$12>=3,1,0),1)))) -> 1 | L9: =+'2.2'!I11 -> 1 | M9: =+IF(L9=1,IF('3.4'!H$11>=1,1,0),IF(L9=2,IF('3.4'!H$11>=2,1,0),IF(L9=3,IF('3.4'!H$11>=3,1,0),1))) -> 0 | N9: =+'2.2'!K11 -> PB | O9: =IF(N9="",1,IF(OR('3.5'!D52="oui",'3.5'!E52="oui"),1,0)) -> 0 | P9: =IF(ISBLANK(interne1!P4),"",interne1!P4) | Q9: =IF(P9="",1,0) -> 1 | R9: ='2.2'!J11 | S9: =IF(R9="",1,0) -> 1 | T9: =+'2.2'!L11 | U9: =IF(T9="",1,0) -> 1 | V9: =+'2.2'!N11 | W9: =IF(V9="",1,IF('3.7'!$D10="oui",1,0)) -> 1 | AA9: =+'2.2'!M11
A10: =+'2.2'!B12 -> Dermatologie | B10: =+'2.2'!C12 -> DER1 | C10: =+'2.2'!D12 -> Dermatologie (y c. vénérologie) | D10: ='2.2'!E12 -> PB | E10: =IF('3.8'!$B$20="oui",2,IF('3.8'!$C$20="oui",1,0)) -> 0 | F10: =+'2.2'!F12 -> (dermatologie et vénérologie) | G10: =+'2.2'!G12 -> 1 | H10: =IF(interne2!AX162>=interne2!AX7,1,0) -> 0 | I10: =IF(G10="",1,IF(MAX(interne3!C11:AT11)>=G10,1,0)) -> 0 | J10: =+'2.2'!H12 -> 2 | K10: =VALUE(IF(J10=1,IF('3.3'!H$12>=1,1,0),IF(J10=2,IF('3.3'!H$12>=2,1,0),IF(J10=3,IF('3.3'!H$12>=3,1,0),1)))) -> 0 | L10: =+'2.2'!I12 -> 1 | M10: =+IF(L10=1,IF('3.4'!H$11>=1,1,0),IF(L10=2,IF('3.4'!H$11>=2,1,0),IF(L10=3,IF('3.4'!H$11>=3,1,0),1))) -> 0 | N10: =+'2.2'!K12 | O10: =IF(N10="",1,0) -> 1 | P10: =IF(ISBLANK(interne1!P5),"",interne1!P5) | Q10: =IF(P10="",1,0) -> 1 | R10: ='2.2'!J12 | S10: =IF(R10="",1,0) -> 1 | T10: =+'2.2'!L12 | U10: =IF(T10="",1,0) -> 1 | V10: =+'2.2'!N12 | W10: =IF(V10="",1,IF('3.7'!$D11="oui",1,0)) -> 1 | AA10: =+'2.2'!M12
A11: =+'2.2'!B13 | B11: =+'2.2'!C13 -> DER1.1 | C11: =+'2.2'!D13 -> Oncologie dermatologique | D11: ='2.2'!E13 -> PB | E11: =IF('3.8'!$B$20="oui",2,IF('3.8'!$C$20="oui",1,0)) -> 0 | F11: =+'2.2'!F13 -> (dermatologie et vénérologie) | G11: =+'2.2'!G13 | H11: =IF(interne2!AX163>=interne2!AX8,1,0) -> 0 | I11: =IF(G11="",1,IF(MAX(interne3!C12:AT12)>=G11,1,0)) -> 1 | J11: =+'2.2'!H13 -> 0 | K11: =VALUE(IF(J11=1,IF('3.3'!H$12>=1,1,0),IF(J11=2,IF('3.3'!H$12>=2,1,0),IF(J11=3,IF('3.3'!H$12>=3,1,0),1)))) -> 1 | L11: =+'2.2'!I13 -> 1 | M11: =+IF(L11=1,IF('3.4'!H$11>=1,1,0),IF(L11=2,IF('3.4'!H$11>=2,1,0),IF(L11=3,IF('3.4'!H$11>=3,1,0),1))) -> 0 | N11: =+'2.2'!K13 | O11: =IF(N11="",1,0) -> 1 | P11: =IF(ISBLANK(interne1!P6),"",interne1!P6) -> DER1 | Q11: =IF(P11="",1,IF(Y10="oui",1,0)) -> 0 | R11: ='2.2'!J13 -> ONK1 | S11: =IF(R11="",1,IF(Y139="oui",1,0)) -> 0 | T11: =+'2.2'!L13 -> oui | U11: =IF(T11="",1,IF((OR('3.6'!$C9="Partenaire de coopération",'3.6'!$C9="Tous les spécialistes necessaires en interne")),1,0)) -> 0 | V11: =+'2.2'!N13 | W11: =IF(V11="",1,IF('3.7'!$D12="oui",1,0)) -> 1 | AA11: =+'2.2'!M13 -> S:10
A12: =+'2.2'!B14 | B12: =+'2.2'!C14 -> DER1.2 | C12: =+'2.2'!D14 -> Affections cutanées graves | D12: ='2.2'!E14 -> PB | E12: =IF('3.8'!$B$20="oui",2,IF('3.8'!$C$20="oui",1,0)) -> 0 | F12: =+'2.2'!F14 -> (dermatologie et vénérologie) | G12: =+'2.2'!G14 -> 2 | H12: =IF(interne2!AX164>=interne2!AX9,1,0) -> 0 | I12: =IF(G12="",1,IF(MAX(interne3!C13:AT13)>=G12,1,0)) -> 0 | J12: =+'2.2'!H14 -> 2 | K12: =VALUE(IF(J12=1,IF('3.3'!H$12>=1,1,0),IF(J12=2,IF('3.3'!H$12>=2,1,0),IF(J12=3,IF('3.3'!H$12>=3,1,0),1)))) -> 0 | L12: =+'2.2'!I14 -> 2 | M12: =+IF(L12=1,IF('3.4'!H$11>=1,1,0),IF(L12=2,IF('3.4'!H$11>=2,1,0),IF(L12=3,IF('3.4'!H$11>=3,1,0),1))) -> 0 | N12: =+'2.2'!K14 | O12: =IF(N12="",1,0) -> 1 | P12: =IF(ISBLANK(interne1!P7),"",interne1!P7) -> DER1 | Q12: =IF(P12="",1,IF(Y10="oui",1,0)) -> 0 | R12: ='2.2'!J14 | S12: =IF(R12="",1,0) -> 1 | T12: =+'2.2'!L14 | U12: =IF(T12="",1,0) -> 1 | V12: =+'2.2'!N14 | W12: =IF(V12="",1,IF('3.7'!$D13="oui",1,0)) -> 1 | AA12: =+'2.2'!M14
A13: =+'2.2'!B15 | B13: =+'2.2'!C15 -> DER2 | C13: =+'2.2'!D15 -> Traitement des plaies | D13: ='2.2'!E15 -> PBP/PB | E13: =IF('3.8'!$B$20="oui",2,IF('3.8'!$C$20="oui",1,0)) -> 0 | F13: =+'2.2'!F15 | G13: =+'2.2'!G15 | H13: =IF(interne2!AX165>=interne2!AX10,1,0) -> 1 | I13: =IF(G13="",1,IF(MAX(interne3!C14:AT14)>=G13,1,0)) -> 1 | J13: =+'2.2'!H15 -> 0 | K13: =VALUE(IF(J13=1,IF('3.3'!H$12>=1,1,0),IF(J13=2,IF('3.3'!H$12>=2,1,0),IF(J13=3,IF('3.3'!H$12>=3,1,0),1)))) -> 1 | L13: =+'2.2'!I15 -> 0 | M13: =+IF(L13=1,IF('3.4'!H$11>=1,1,0),IF(L13=2,IF('3.4'!H$11>=2,1,0),IF(L13=3,IF('3.4'!H$11>=3,1,0),1))) -> 1 | N13: =+'2.2'!K15 | O13: =IF(N13="",1,0) -> 1 | P13: =IF(ISBLANK(interne1!P8),"",interne1!P8) | Q13: =IF(P13="",1,0) -> 1 | R13: ='2.2'!J15 | S13: =IF(R13="",1,0) -> 1 | T13: =+'2.2'!L15 | U13: =IF(T13="",1,0) -> 1 | V13: =+'2.2'!N15 -> Centre de compétences plaies | W13: =IF(V13="",1,IF('3.7'!$D14="oui",1,0)) -> 0 | AA13: =+'2.2'!M15
A14: =+'2.2'!B16 -> ORL | B14: =+'2.2'!C16 -> HNO1 | C14: =+'2.2'!D16 -> Oto-rhino-laryngologie (chirurgie ORL) | D14: ='2.2'!E16 -> PBP/PB | E14: =IF('3.8'!$B$20="oui",2,IF('3.8'!$C$20="oui",1,0)) -> 0 | F14: =+'2.2'!F16 -> Oto-rhino-laryngologie | G14: =+'2.2'!G16 -> 2 | H14: =IF(interne2!AX166>=interne2!AX11,1,0) -> 0 | I14: =IF(G14="",1,IF(MAX(interne3!C15:AT15)>=G14,1,0)) -> 0 | J14: =+'2.2'!H16 -> 0 | K14: =VALUE(IF(J14=1,IF('3.3'!H$12>=1,1,0),IF(J14=2,IF('3.3'!H$12>=2,1,0),IF(J14=3,IF('3.3'!H$12>=3,1,0),1)))) -> 1 | L14: =+'2.2'!I16 -> 1 | M14: =+IF(L14=1,IF('3.4'!H$11>=1,1,0),IF(L14=2,IF('3.4'!H$11>=2,1,0),IF(L14=3,IF('3.4'!H$11>=3,1,0),1))) -> 0 | N14: =+'2.2'!K16 | O14: =IF(N14="",1,0) -> 1 | P14: =IF(ISBLANK(interne1!P9),"",interne1!P9) | Q14: =IF(P14="",1,0) -> 1 | R14: ='2.2'!J16 | S14: =IF(R14="",1,0) -> 1 | T14: =+'2.2'!L16 | U14: =IF(T14="",1,0) -> 1 | V14: =+'2.2'!N16 | W14: =IF(V14="",1,IF('3.7'!$D15="oui",1,0)) -> 1 | AA14: =+'2.2'!M16
A15: =+'2.2'!B17 | B15: =+'2.2'!C17 -> HNO1.1 | C15: =+'2.2'!D17 -> Chirurgie cervico-faciale | D15: ='2.2'!E17 -> PBP/PB | E15: =IF('3.8'!$B$20="oui",2,IF('3.8'!$C$20="oui",1,0)) -> 0 | F15: =+'2.2'!F17 -> Oto-rhino-laryngologie | G15: =+'2.2'!G17 -> 2 | H15: =IF(interne2!AX167>=interne2!AX12,1,0) -> 0 | I15: =IF(G15="",1,IF(MAX(interne3!C16:AT16)>=G15,1,0)) -> 0 | J15: =+'2.2'!H17 -> 0 | K15: =VALUE(IF(J15=1,IF('3.3'!H$12>=1,1,0),IF(J15=2,IF('3.3'!H$12>=2,1,0),IF(J15=3,IF('3.3'!H$12>=3,1,0),1)))) -> 1 | L15: =+'2.2'!I17 -> 1 | M15: =+IF(L15=1,IF('3.4'!H$11>=1,1,0),IF(L15=2,IF('3.4'!H$11>=2,1,0),IF(L15=3,IF('3.4'!H$11>=3,1,0),1))) -> 0 | N15: =+'2.2'!K17 | O15: =IF(N15="",1,0) -> 1 | P15: =IF(ISBLANK(interne1!P10),"",interne1!P10) -> HNO1 | Q15: =IF(P15="",1,IF(Y14="oui",1,0)) -> 0 | R15: ='2.2'!J17 | S15: =IF(R15="",1,0) -> 1 | T15: =+'2.2'!L17 | U15: =IF(T15="",1,0) -> 1 | V15: =+'2.2'!N17 | W15: =IF(V15="",1,IF('3.7'!$D16="oui",1,0)) -> 1 | AA15: =+'2.2'!M17
A16: =+'2.2'!B18 | B16: =+'2.2'!C18 -> HNO1.1.1 | C16: =+'2.2'!D18 -> Interventions ORL complexes (chirurgie tumorale interdisciplinaire) | D16: ='2.2'!E18 -> PBP/PB | E16: =IF('3.8'!$B$20="oui",2,IF('3.8'!$C$20="oui",1,0)) -> 0 | F16: =+'2.2'!F18 -> (Oto-rhino-laryngologie avec formation approfondie en chirurgie cervico-faciale) | G16: =+'2.2'!G18 -> 2 | H16: =IF(interne2!AX168>=interne2!AX13,1,0) -> 0 | I16: =IF(G16="",1,IF(MAX(interne3!C17:AT17)>=G16,1,0)) -> 0 | J16: =+'2.2'!H18 -> 0 | K16: =VALUE(IF(J16=1,IF('3.3'!H$12>=1,1,0),IF(J16=2,IF('3.3'!H$12>=2,1,0),IF(J16=3,IF('3.3'!H$12>=3,1,0),1)))) -> 1 | L16: =+'2.2'!I18 -> 2 | M16: =+IF(L16=1,IF('3.4'!H$11>=1,1,0),IF(L16=2,IF('3.4'!H$11>=2,1,0),IF(L16=3,IF('3.4'!H$11>=3,1,0),1))) -> 0 | N16: =+'2.2'!K18 | O16: =IF(N16="",1,0) -> 1 | P16: =IF(ISBLANK(interne1!P11),"",interne1!P11) -> HNO1 HNO1.1 | Q16: =IF(P16="",1,IF(AND(Y15="oui",Y14="oui"),1,0)) -> 0 | R16: ='2.2'!J18 -> KIE1 | S16: =IF(R16="",1,IF(Y23="oui",1,0)) -> 0 | T16: =+'2.2'!L18 -> oui | U16: =IF(T16="",1,IF((OR('3.6'!$C10="Partenaire de coopération",'3.6'!$C10="Tous les spécialistes necessaires en interne")),1,0)) -> 0 | V16: =+'2.2'!N18 | W16: =IF(V16="",1,IF('3.7'!$D17="oui",1,0)) -> 1 | AA16: =+'2.2'!M18
A17: =+'2.2'!B19 | B17: =+'2.2'!C19 -> HNO1.2 | C17: =+'2.2'!D19 -> Chirurgie élargie du nez et des sinus | D17: ='2.2'!E19 -> PBP/PB | E17: =IF('3.8'!$B$20="oui",2,IF('3.8'!$C$20="oui",1,0)) -> 0 | F17: =+'2.2'!F19 -> Oto-rhino-laryngologie | G17: =+'2.2'!G19 -> 2 | H17: =IF(interne2!AX169>=interne2!AX14,1,0) -> 0 | I17: =IF(G17="",1,IF(MAX(interne3!C18:AT18)>=G17,1,0)) -> 0 | J17: =+'2.2'!H19 -> 0 | K17: =VALUE(IF(J17=1,IF('3.3'!H$12>=1,1,0),IF(J17=2,IF('3.3'!H$12>=2,1,0),IF(J17=3,IF('3.3'!H$12>=3,1,0),1)))) -> 1 | L17: =+'2.2'!I19 -> 1 | M17: =+IF(L17=1,IF('3.4'!H$11>=1,1,0),IF(L17=2,IF('3.4'!H$11>=2,1,0),IF(L17=3,IF('3.4'!H$11>=3,1,0),1))) -> 0 | N17: =+'2.2'!K19 | O17: =IF(N17="",1,0) -> 1 | P17: =IF(ISBLANK(interne1!P12),"",interne1!P12) -> HNO1 | Q17: =IF(P17="",1,IF(Y14="oui",1,0)) -> 0 | R17: ='2.2'!J19 | S17: =IF(R17="",1,0) -> 1 | T17: =+'2.2'!L19 | U17: =IF(T17="",1,0) -> 1 | V17: =+'2.2'!N19 | W17: =IF(V17="",1,IF('3.7'!$D18="oui",1,0)) -> 1 | AA17: =+'2.2'!M19
A18: =+'2.2'!B20 | B18: =+'2.2'!C20 -> HNO1.2.1 | C18: =+'2.2'!D20 -> Chirurgie élargie du nez et des sinus avec ouverture de la dure-mère (chirurgie interdisciplinaire de la base du crâne) | D18: ='2.2'!E20 -> PB | E18: =IF('3.8'!$B$20="oui",2,IF('3.8'!$C$20="oui",1,0)) -> 0 | F18: =+'2.2'!F20 -> (Oto-rhino-laryngologie avec formation approfondie en chirurgie cervico-faciale) | G18: =+'2.2'!G20 -> 2 | H18: =IF(interne2!AX170>=interne2!AX15,1,0) -> 0 | I18: =IF(G18="",1,IF(MAX(interne3!C19:AT19)>=G18,1,0)) -> 0 | J18: =+'2.2'!H20 -> 0 | K18: =VALUE(IF(J18=1,IF('3.3'!H$12>=1,1,0),IF(J18=2,IF('3.3'!H$12>=2,1,0),IF(J18=3,IF('3.3'!H$12>=3,1,0),1)))) -> 1 | L18: =+'2.2'!I20 -> 1 | M18: =+IF(L18=1,IF('3.4'!H$11>=1,1,0),IF(L18=2,IF('3.4'!H$11>=2,1,0),IF(L18=3,IF('3.4'!H$11>=3,1,0),1))) -> 0 | N18: =+'2.2'!K20 | O18: =IF(N18="",1,0) -> 1 | P18: =IF(ISBLANK(interne1!P13),"",interne1!P13) -> HNO1 HNO1.2 | Q18: =IF(P18="",1,IF(AND(Y17="oui",Y14="oui"),1,0)) -> 0 | R18: ='2.2'!J20 -> NCH1 | S18: =IF(R18="",1,IF(Y24="oui",1,0)) -> 0 | T18: =+'2.2'!L20 | U18: =IF(T18="",1,0) -> 1 | V18: =+'2.2'!N20 | W18: =IF(V18="",1,IF('3.7'!$D19="oui",1,0)) -> 1 | AA18: =+'2.2'!M20
A19: =+'2.2'!B21 | B19: =+'2.2'!C21 -> HNO1.3 | C19: =+'2.2'!D21 -> Chirurgie de l’oreille moyenne (tympanoplastie, chirurgie mastoïdienne, ossiculoplastie y c. chirurgie stapédienne) | D19: ='2.2'!E21 -> PBP/PB | E19: =IF('3.8'!$B$20="oui",2,IF('3.8'!$C$20="oui",1,0)) -> 0 | F19: =+'2.2'!F21 -> Oto-rhino-laryngologie | G19: =+'2.2'!G21 -> 2 | H19: =IF(interne2!AX171>=interne2!AX16,1,0) -> 0 | I19: =IF(G19="",1,IF(MAX(interne3!C20:AT20)>=G19,1,0)) -> 0 | J19: =+'2.2'!H21 -> 0 | K19: =VALUE(IF(J19=1,IF('3.3'!H$12>=1,1,0),IF(J19=2,IF('3.3'!H$12>=2,1,0),IF(J19=3,IF('3.3'!H$12>=3,1,0),1)))) -> 1 | L19: =+'2.2'!I21 -> 1 | M19: =+IF(L19=1,IF('3.4'!H$11>=1,1,0),IF(L19=2,IF('3.4'!H$11>=2,1,0),IF(L19=3,IF('3.4'!H$11>=3,1,0),1))) -> 0 | N19: =+'2.2'!K21 | O19: =IF(N19="",1,0) -> 1 | P19: =IF(ISBLANK(interne1!P14),"",interne1!P14) -> HNO1 | Q19: =IF(P19="",1,IF(Y14="oui",1,0)) -> 0 | R19: ='2.2'!J21 | S19: =IF(R19="",1,0) -> 1 | T19: =+'2.2'!L21 | U19: =IF(T19="",1,0) -> 1 | V19: =+'2.2'!N21 | W19: =IF(V19="",1,IF('3.7'!$D20="oui",1,0)) -> 1 | AA19: =+'2.2'!M21
A20: =+'2.2'!B22 | B20: =+'2.2'!C22 -> HNO1.3.1 | C20: =+'2.2'!D22 -> Chirurgie élargie de l’oreille avec oreille interne et/ou ouverture de la dure-mère | D20: ='2.2'!E22 -> PB | E20: =IF('3.8'!$B$20="oui",2,IF('3.8'!$C$20="oui",1,0)) -> 0 | F20: =+'2.2'!F22 -> (Oto-rhino-laryngologie avec formation approfondie en chirurgie cervico-faciale) | G20: =+'2.2'!G22 -> 2 | H20: =IF(interne2!AX172>=interne2!AX17,1,0) -> 0 | I20: =IF(G20="",1,IF(MAX(interne3!C21:AT21)>=G20,1,0)) -> 0 | J20: =+'2.2'!H22 -> 0 | K20: =VALUE(IF(J20=1,IF('3.3'!H$12>=1,1,0),IF(J20=2,IF('3.3'!H$12>=2,1,0),IF(J20=3,IF('3.3'!H$12>=3,1,0),1)))) -> 1 | L20: =+'2.2'!I22 -> 1 | M20: =+IF(L20=1,IF('3.4'!H$11>=1,1,0),IF(L20=2,IF('3.4'!H$11>=2,1,0),IF(L20=3,IF('3.4'!H$11>=3,1,0),1))) -> 0 | N20: =+'2.2'!K22 | O20: =IF(N20="",1,0) -> 1 | P20: =IF(ISBLANK(interne1!P15),"",interne1!P15) -> HNO1 HNO1.3 | Q20: =IF(P20="",1,IF(AND(Y19="oui",Y14="oui"),1,0)) -> 0 | R20: ='2.2'!J22 -> NCH1 | S20: =IF(R20="",1,IF(Y24="oui",1,0)) -> 0 | T20: =+'2.2'!L22 | U20: =IF(T20="",1,0) -> 1 | V20: =+'2.2'!N22 | W20: =IF(V20="",1,IF('3.7'!$D21="oui",1,0)) -> 1 | AA20: =+'2.2'!M22
A21: =+'2.2'!B23 | B21: =+'2.2'!C23 -> HNO1.3.2 | C21: =+'2.2'!D23 -> Implants cochléaires (CIMHS) | D21: ='2.2'!E23 | F21: =+'2.2'!F23 | V21: =+'2.2'!N23 -> Les exigences actuelles de la CIMHS font foi
A22: =+'2.2'!B24 | B22: =+'2.2'!C24 -> HNO2 | C22: =+'2.2'!D24 -> Chirurgie de la thyroïde et des parathyroïdes | D22: ='2.2'!E24 -> PBP/PB | E22: =IF('3.8'!$B$20="oui",2,IF('3.8'!$C$20="oui",1,0)) -> 0 | F22: =+'2.2'!F24 -> (Oto-rhino-laryngologie) (chirurgie) | G22: =+'2.2'!G24 -> 2 | H22: =IF(interne2!AX174>=interne2!AX19,1,0) -> 0 | I22: =IF(G22="",1,IF(MAX(interne3!C23:AT23)>=G22,1,0)) -> 0 | J22: =+'2.2'!H24 -> 0 | K22: =VALUE(IF(J22=1,IF('3.3'!H$12>=1,1,0),IF(J22=2,IF('3.3'!H$12>=2,1,0),IF(J22=3,IF('3.3'!H$12>=3,1,0),1)))) -> 1 | L22: =+'2.2'!I24 -> 1 | M22: =+IF(L22=1,IF('3.4'!H$11>=1,1,0),IF(L22=2,IF('3.4'!H$11>=2,1,0),IF(L22=3,IF('3.4'!H$11>=3,1,0),1))) -> 0 | N22: =+'2.2'!K24 -> END1 + NUK1 | O22: =IF(N22="",1,IF(AND(OR('3.5'!D64="oui",'3.5'!E64="oui"),OR('3.5'!D127="oui",'3.5'!E127="oui")),1,0)) -> 0 | P22: =IF(ISBLANK(interne1!P17),"",interne1!P17) | Q22: =IF(P22="",1,0) -> 1 | R22: ='2.2'!J24 | S22: =IF(R22="",1,0) -> 1 | T22: =+'2.2'!L24 -> Ex post oui | U22: =IF(T22="",1,IF((OR('3.6'!$C10="Partenaire de coopération",'3.6'!$C10="Tous les spécialistes necessaires en interne")),1,0)) -> 0 | V22: =+'2.2'!N24 -> Neuromonitoring du nerf récurrent, évaluation postopératoire systématique de la fonction des cordes vocales, mesures du taux de calcium et de parathormone en cas de thyroïdectomie totale. | W22: =IF(V22="",1,IF('3.7'!$D23="oui",1,0)) -> 0 | AA22: =+'2.2'!M24 -> S:10
A23: =+'2.2'!B25 | B23: =+'2.2'!C25 -> KIE1 | C23: =+'2.2'!D25 -> Chirurgie maxillaire | D23: ='2.2'!E25 -> PBP/PB | E23: =IF('3.8'!$B$20="oui",2,IF('3.8'!$C$20="oui",1,0)) -> 0 | F23: =+'2.2'!F25 -> (Chirurgie orale et maxillo-faciale) (chirurgie plastique, reconstructive et esthétique) | G23: =+'2.2'!G25 -> 2 | H23: =IF(interne2!AX175>=interne2!AX20,1,0) -> 0 | I23: =IF(G23="",1,IF(MAX(interne3!C24:AT24)>=G23,1,0)) -> 0 | J23: =+'2.2'!H25 -> 0 | K23: =VALUE(IF(J23=1,IF('3.3'!H$12>=1,1,0),IF(J23=2,IF('3.3'!H$12>=2,1,0),IF(J23=3,IF('3.3'!H$12>=3,1,0),1)))) -> 1 | L23: =+'2.2'!I25 -> 1 | M23: =+IF(L23=1,IF('3.4'!H$11>=1,1,0),IF(L23=2,IF('3.4'!H$11>=2,1,0),IF(L23=3,IF('3.4'!H$11>=3,1,0),1))) -> 0 | N23: =+'2.2'!K25 | O23: =IF(N23="",1,0) -> 1 | P23: =IF(ISBLANK(interne1!P18),"",interne1!P18) | Q23: =IF(P23="",1,0) -> 1 | R23: ='2.2'!J25 | S23: =IF(R23="",1,0) -> 1 | T23: =+'2.2'!L25 -> oui | U23: =IF(T23="",1,IF((OR('3.6'!$C11="Partenaire de coopération",'3.6'!$C11="Tous les spécialistes necessaires en interne")),1,0)) -> 0 | V23: =+'2.2'!N25 | W23: =IF(V23="",1,IF('3.7'!$D24="oui",1,0)) -> 1 | AA23: =+'2.2'!M25
A24: =+'2.2'!B26 -> Neurochirurgie | B24: =+'2.2'!C26 -> NCH1 | C24: =+'2.2'!D26 -> Neurochirurgie crânienne | D24: ='2.2'!E26 -> PB | E24: =IF('3.8'!$B$20="oui",2,IF('3.8'!$C$20="oui",1,0)) -> 0 | F24: =+'2.2'!F26 -> Neurochirurgie | G24: =+'2.2'!G26 -> 2 | H24: =IF(interne2!AX176>=interne2!AX21,1,0) -> 0 | I24: =IF(G24="",1,IF(MAX(interne3!C25:AT25)>=G24,1,0)) -> 0 | J24: =+'2.2'!H26 -> 2 | K24: =VALUE(IF(J24=1,IF('3.3'!H$12>=1,1,0),IF(J24=2,IF('3.3'!H$12>=2,1,0),IF(J24=3,IF('3.3'!H$12>=3,1,0),1)))) -> 0 | L24: =+'2.2'!I26 -> 2 | M24: =+IF(L24=1,IF('3.4'!H$11>=1,1,0),IF(L24=2,IF('3.4'!H$11>=2,1,0),IF(L24=3,IF('3.4'!H$11>=3,1,0),1))) -> 0 | N24: =+'2.2'!K26 | O24: =IF(N24="",1,0) -> 1 | P24: =IF(ISBLANK(interne1!P19),"",interne1!P19) | Q24: =IF(P24="",1,0) -> 1 | R24: ='2.2'!J26 -> RAD1 + NEU1 + HNO1 | S24: =IF(R24="",1,IF(AND(Y33="oui",Y14="oui",Y68="oui"),1,0)) -> 0 | T24: =+'2.2'!L26 -> oui | U24: =IF(T24="",1,IF((OR('3.6'!$C12="Partenaire de coopération",'3.6'!$C12="Tous les spécialistes necessaires en interne")),1,0)) -> 0 | V24: =+'2.2'!N26 | W24: =IF(V24="",1,IF('3.7'!$D25="oui",1,0)) -> 1 | AA24: =+'2.2'!M26
A25: =+'2.2'!B27 | B25: =+'2.2'!C27 -> NCH1.1 | C25: =+'2.2'!D27 -> Neurochirurgie spécialisée | D25: ='2.2'!E27 -> PB | E25: =IF('3.8'!$B$20="oui",2,IF('3.8'!$C$20="oui",1,0)) -> 0 | F25: =+'2.2'!F27 -> Neurochirurgie | G25: =+'2.2'!G27 -> 3 | H25: =IF(interne2!AX177>=interne2!AX22,1,0) -> 0 | I25: =IF(G25="",1,IF(MAX(interne3!C26:AT26)>=G25,1,0)) -> 0 | J25: =+'2.2'!H27 -> 3 | K25: =VALUE(IF(J25=1,IF('3.3'!H$12>=1,1,0),IF(J25=2,IF('3.3'!H$12>=2,1,0),IF(J25=3,IF('3.3'!H$12>=3,1,0),1)))) -> 0 | L25: =+'2.2'!I27 -> 3 | M25: =+IF(L25=1,IF('3.4'!H$11>=1,1,0),IF(L25=2,IF('3.4'!H$11>=2,1,0),IF(L25=3,IF('3.4'!H$11>=3,1,0),1))) -> 0 | N25: =+'2.2'!K27 | O25: =IF(N25="",1,0) -> 1 | P25: =IF(ISBLANK(interne1!P20),"",interne1!P20) -> NCH1 | Q25: =IF(P25="",1,IF(Y24="oui",1,0)) -> 0 | R25: ='2.2'!J27 -> AUG1 + END1 | S25: =IF(R25="",1,IF(AND(Y41="oui",Y47="oui"),1,0)) -> 0 | T25: =+'2.2'!L27 -> oui | U25: =IF(T25="",1,IF((OR('3.6'!$C12="Partenaire de coopération",'3.6'!$C12="Tous les spécialistes necessaires en interne")),1,0)) -> 0 | V25: =+'2.2'!N27 | W25: =IF(V25="",1,IF('3.7'!$D26="oui",1,0)) -> 1 | AA25: =+'2.2'!M27 -> S:10
A26: =+'2.2'!B28 | B26: =+'2.2'!C28 -> NCH1.1.1 | C26: =+'2.2'!D28 -> Traitement des pathologies vasculaires du SNC autres que les anomalies vasculaires complexes (CIMHS) | D26: ='2.2'!E28 | F26: =+'2.2'!F28 | G26: =+'2.2'!G28 | V26: =+'2.2'!N28 -> Les exigences actuelles de la CIMHS font foi
A27: =+'2.2'!B29 | B27: =+'2.2'!C29 -> NCH1.1.1.1 | C27: =+'2.2'!D29 -> Traitement des anomalies vasculaires complexes du SNC (CIMHS) | D27: ='2.2'!E29 | F27: =+'2.2'!F29 | G27: =+'2.2'!G29 | V27: =+'2.2'!N29 -> Les exigences actuelles de la CIMHS font foi
A28: =+'2.2'!B30 | B28: =+'2.2'!C30 -> NCH1.1.2 | C28: =+'2.2'!D30 -> Neurochirurgie stéréotaxique fonctionnelle (CIMHS) | D28: ='2.2'!E30 | F28: =+'2.2'!F30 | G28: =+'2.2'!G30 | V28: =+'2.2'!N30 -> Les exigences actuelles de la CIMHS font foi
A29: =+'2.2'!B31 | B29: =+'2.2'!C31 -> NCH1.1.3 | C29: =+'2.2'!D31 -> Chirurgie de l’épilepsie (CIMHS) | D29: ='2.2'!E31 | F29: =+'2.2'!F31 | G29: =+'2.2'!G31 | V29: =+'2.2'!N31 -> Les exigences actuelles de la CIMHS font foi
B30: =+'2.2'!C32 -> NCH2 | C30: =+'2.2'!D32 -> Neurochirurgie spinale | D30: ='2.2'!E32 -> PBP/PB | E30: =IF('3.8'!$B$20="oui",2,IF('3.8'!$C$20="oui",1,0)) -> 0 | F30: =+'2.2'!F32 -> (Neurochirurgie) | G30: =+'2.2'!G32 -> 2 | H30: =IF(interne2!AX182>=interne2!AX27,1,0) -> 0 | I30: =IF(G30="",1,IF(MAX(interne3!C31:AT31)>=G30,1,0)) -> 0 | J30: =+'2.2'!H32 | K30: =VALUE(IF(J30=1,IF('3.3'!H$12>=1,1,0),IF(J30=2,IF('3.3'!H$12>=2,1,0),IF(J30=3,IF('3.3'!H$12>=3,1,0),1)))) -> 1 | L30: =+'2.2'!I32 -> 1 | M30: =+IF(L30=1,IF('3.4'!H$11>=1,1,0),IF(L30=2,IF('3.4'!H$11>=2,1,0),IF(L30=3,IF('3.4'!H$11>=3,1,0),1))) -> 0 | N30: =+'2.2'!K32 -> BEW8 | O30: =IF(N30="",1,IF(OR('3.5'!D98="oui",'3.5'!E98="oui"),1,0)) -> 0 | P30: =IF(ISBLANK(interne1!P25),"",interne1!P25) | Q30: =IF(P30="",1,0) -> 1 | R30: ='2.2'!J32 | S30: =IF(R30="",1,0) -> 1 | T30: =+'2.2'!L32 | U30: =IF(T30="",1,0) -> 1 | V30: =+'2.2'!N32 | W30: =IF(V30="",1,IF('3.7'!$D31="oui",1,0)) -> 1 | AA30: =+'2.2'!M32
B31: =+'2.2'!C33 -> NCH2.1 | C31: =+'2.2'!D33 -> Processus expansifs intramédullaires primaires et secondaires (CIMHS) | D31: ='2.2'!E33 | F31: =+'2.2'!F33 | G31: =+'2.2'!G33 | R31: ='2.2'!J33 | V31: =+'2.2'!N33 -> Les exigences actuelles de la CIMHS font foi | AA31: =+'2.2'!M33
B32: =+'2.2'!C34 -> NCH3 | C32: =+'2.2'!D34 -> Neurochirurgie périphérique | D32: ='2.2'!E34 -> PBP/PB | E32: =IF('3.8'!$B$20="oui",2,IF('3.8'!$C$20="oui",1,0)) -> 0 | F32: =+'2.2'!F34 -> (Neurochirurgie) | G32: =+'2.2'!G34 -> 2 | H32: =IF(interne2!AX184>=interne2!AX29,1,0) -> 0 | I32: =IF(G32="",1,IF(MAX(interne3!C33:AT33)>=G32,1,0)) -> 0 | J32: =+'2.2'!H34 | K32: =VALUE(IF(J32=1,IF('3.3'!H$12>=1,1,0),IF(J32=2,IF('3.3'!H$12>=2,1,0),IF(J32=3,IF('3.3'!H$12>=3,1,0),1)))) -> 1 | L32: =+'2.2'!I34 -> 1 | M32: =+IF(L32=1,IF('3.4'!H$11>=1,1,0),IF(L32=2,IF('3.4'!H$11>=2,1,0),IF(L32=3,IF('3.4'!H$11>=3,1,0),1))) -> 0 | N32: =+'2.2'!K34 | O32: =IF(N32="",1,0) -> 1 | P32: =IF(ISBLANK(interne1!P27),"",interne1!P27) | Q32: =IF(P32="",1,0) -> 1 | R32: ='2.2'!J34 -> BEW1 ou BEW2 ou BEW3 | S32: =IF(R32="",1,IF(OR(Y106="oui",Y107="oui",Y108="oui"),1,0)) -> 0 | T32: =+'2.2'!L34 | U32: =IF(T32="",1,0) -> 1 | V32: =+'2.2'!N34 | W32: =IF(V32="",1,IF('3.7'!$D33="oui",1,0)) -> 1 | AA32: =+'2.2'!M34
A33: =+'2.2'!B35 -> Neurologie | B33: =+'2.2'!C35 -> NEU1 | C33: =+'2.2'!D35 -> Neurologie | D33: ='2.2'!E35 -> PB | E33: =IF('3.8'!$B$20="oui",2,IF('3.8'!$C$20="oui",1,0)) -> 0 | F33: =+'2.2'!F35 -> (Neurologie) | G33: =+'2.2'!G35 -> 2 | H33: =IF(interne2!AX185>=interne2!AX30,1,0) -> 0 | I33: =IF(G33="",1,IF(MAX(interne3!C34:AT34)>=G33,1,0)) -> 0 | J33: =+'2.2'!H35 -> 2 | K33: =VALUE(IF(J33=1,IF('3.3'!H$12>=1,1,0),IF(J33=2,IF('3.3'!H$12>=2,1,0),IF(J33=3,IF('3.3'!H$12>=3,1,0),1)))) -> 0 | L33: =+'2.2'!I35 -> 0 | M33: =+IF(L33=1,IF('3.4'!H$11>=1,1,0),IF(L33=2,IF('3.4'!H$11>=2,1,0),IF(L33=3,IF('3.4'!H$11>=3,1,0),1))) -> 1 | N33: =+'2.2'!K35 | O33: =IF(N33="",1,0) -> 1 | P33: =IF(ISBLANK(interne1!P28),"",interne1!P28) | Q33: =IF(P33="",1,0) -> 1 | R33: ='2.2'!J35 | S33: =IF(R33="",1,0) -> 1 | T33: =+'2.2'!L35 | U33: =IF(T33="",1,0) -> 1 | V33: =+'2.2'!N35 | W33: =IF(V33="",1,IF('3.7'!$D34="oui",1,0)) -> 1 | AA33: =+'2.2'!M35
A34: =+'2.2'!B36 | B34: =+'2.2'!C36 -> NEU2 | C34: =+'2.2'!D36 -> Tumeur maligne secondaire du système nerveux | D34: ='2.2'!E36 -> PB | E34: =IF('3.8'!$B$20="oui",2,IF('3.8'!$C$20="oui",1,0)) -> 0 | F34: =+'2.2'!F36 -> Médecine interne générale Neurologie Radio-oncologie / radiothérapie Oncologie médicale | G34: =+'2.2'!G36 -> 2 | H34: =IF(interne2!AX186>=interne2!AX31,1,0) -> 0 | I34: =IF(G34="",1,IF(MAX(interne3!C35:AT35)>=G34,1,0)) -> 0 | J34: =+'2.2'!H36 -> 2 | K34: =VALUE(IF(J34=1,IF('3.3'!H$12>=1,1,0),IF(J34=2,IF('3.3'!H$12>=2,1,0),IF(J34=3,IF('3.3'!H$12>=3,1,0),1)))) -> 0 | L34: =+'2.2'!I36 -> 0 | M34: =+IF(L34=1,IF('3.4'!H$11>=1,1,0),IF(L34=2,IF('3.4'!H$11>=2,1,0),IF(L34=3,IF('3.4'!H$11>=3,1,0),1))) -> 1 | N34: =+'2.2'!K36 | O34: =IF(N34="",1,0) -> 1 | P34: =IF(ISBLANK(interne1!P29),"",interne1!P29) | Q34: =IF(P34="",1,0) -> 1 | R34: ='2.2'!J36 | S34: =IF(R34="",1,0) -> 1 | T34: =+'2.2'!L36 -> oui | U34: =IF(T34="",1,IF((OR('3.6'!$C13="Partenaire de coopération",'3.6'!$C13="Tous les spécialistes necessaires en interne")),1,0)) -> 0 | V34: =+'2.2'!N36 | W34: =IF(V34="",1,IF('3.7'!$D35="oui",1,0)) -> 1 | AA34: =+'2.2'!M36
A35: =+'2.2'!B37 | B35: =+'2.2'!C37 -> NEU2.1 | C35: =+'2.2'!D37 -> Tumeur primaire du système nerveux (sans patients palliatifs) | D35: ='2.2'!E37 -> PB | E35: =IF('3.8'!$B$20="oui",2,IF('3.8'!$C$20="oui",1,0)) -> 0 | F35: =+'2.2'!F37 -> Neurologie Neurochirurgie | G35: =+'2.2'!G37 -> 2 | H35: =IF(interne2!AX187>=interne2!AX32,1,0) -> 0 | I35: =IF(G35="",1,IF(MAX(interne3!C36:AT36)>=G35,1,0)) -> 0 | J35: =+'2.2'!H37 -> 2 | K35: =VALUE(IF(J35=1,IF('3.3'!H$12>=1,1,0),IF(J35=2,IF('3.3'!H$12>=2,1,0),IF(J35=3,IF('3.3'!H$12>=3,1,0),1)))) -> 0 | L35: =+'2.2'!I37 -> 0 | M35: =+IF(L35=1,IF('3.4'!H$11>=1,1,0),IF(L35=2,IF('3.4'!H$11>=2,1,0),IF(L35=3,IF('3.4'!H$11>=3,1,0),1))) -> 1 | N35: =+'2.2'!K37 -> RAO1 | O35: =IF(N35="",1,IF(OR('3.5'!D121="oui",'3.5'!E121="oui"),1,0)) -> 0 | P35: =IF(ISBLANK(interne1!P30),"",interne1!P30) -> NEU2 | Q35: =IF(P35="",1,IF(Y34="oui",1,0)) -> 0 | R35: ='2.2'!J37 -> NEU1 + NCH1 | S35: =IF(R35="",1,IF(AND(Y33="oui",Y24="oui"),1,0)) -> 0 | T35: =+'2.2'!L37 -> oui | U35: =IF(T35="",1,IF((OR('3.6'!$C13="Partenaire de coopération",'3.6'!$C13="Tous les spécialistes necessaires en interne")),1,0)) -> 0 | V35: =+'2.2'!N37 | W35: =IF(V35="",1,IF('3.7'!$D36="oui",1,0)) -> 1 | AA35: =+'2.2'!M37
A36: =+'2.2'!B38 | B36: =+'2.2'!C38 -> NEU3 | C36: =+'2.2'!D38 -> Maladies cérébrovasculaires | D36: ='2.2'!E38 -> PB | E36: =IF('3.8'!$B$20="oui",2,IF('3.8'!$C$20="oui",1,0)) -> 0 | F36: =+'2.2'!F38 -> Neurologie Médecine interne générale | G36: =+'2.2'!G38 -> 2 | H36: =IF(interne2!AX188>=interne2!AX33,1,0) -> 0 | I36: =IF(G36="",1,IF(MAX(interne3!C37:AT37)>=G36,1,0)) -> 0 | J36: =+'2.2'!H38 -> 2 | K36: =VALUE(IF(J36=1,IF('3.3'!H$12>=1,1,0),IF(J36=2,IF('3.3'!H$12>=2,1,0),IF(J36=3,IF('3.3'!H$12>=3,1,0),1)))) -> 0 | L36: =+'2.2'!I38 -> 2 | M36: =+IF(L36=1,IF('3.4'!H$11>=1,1,0),IF(L36=2,IF('3.4'!H$11>=2,1,0),IF(L36=3,IF('3.4'!H$11>=3,1,0),1))) -> 0 | N36: =+'2.2'!K38 -> NEU3.1 | O36: =IF(N36="",1,IF(OR('3.5'!D58="oui",'3.5'!E58="oui"),1,0)) -> 0 | P36: =IF(ISBLANK(interne1!P31),"",interne1!P31) | Q36: =IF(P36="",1,0) -> 1 | R36: ='2.2'!J38 | S36: =IF(R36="",1,0) -> 1 | T36: =+'2.2'!L38 | U36: =IF(T36="",1,0) -> 1 | V36: =+'2.2'!N38 -> Stroke unit certifiée selon la Swiss Federation of Clinical Neuro-Societies (SFCNS) | W36: =IF(V36="",1,IF('3.7'!$D37="oui",1,0)) -> 0 | AA36: =+'2.2'!M38
A37: =+'2.2'!B39 | B37: =+'2.2'!C39 -> NEU3.1 | C37: =+'2.2'!D39 -> Traitement des maladies cérébrovasculaires en Stroke Center (CIMHS) | D37: ='2.2'!E39 | F37: =+'2.2'!F39 | G37: =+'2.2'!G39 | T37: =+'2.2'!L39 | U37: =IF(T37="",1,0) -> 1 | V37: =+'2.2'!N39 -> Les exigences actuelles de la CIMHS font foi | W37: =IF(V37="",1,IF('3.7'!$D38="oui",1,0)) -> 0
A38: =+'2.2'!B40 | B38: =+'2.2'!C40 -> NEU4 | C38: =+'2.2'!D40 -> Epileptologie : diagnostic complexe | D38: ='2.2'!E40 | E38: =IF('3.8'!$B$20="oui",2,IF('3.8'!$C$20="oui",1,0)) -> 0 | F38: =+'2.2'!F40 -> Neurologie | G38: =+'2.2'!G40 -> 2 | H38: =IF(interne2!AX190>=interne2!AX35,1,0) -> 0 | I38: =IF(G38="",1,IF(MAX(interne3!C39:AT39)>=G38,1,0)) -> 0 | J38: =+'2.2'!H40 | K38: =VALUE(IF(J38=1,IF('3.3'!H$12>=1,1,0),IF(J38=2,IF('3.3'!H$12>=2,1,0),IF(J38=3,IF('3.3'!H$12>=3,1,0),1)))) -> 1 | L38: =+'2.2'!I40 | M38: =+IF(L38=1,IF('3.4'!H$11>=1,1,0),IF(L38=2,IF('3.4'!H$11>=2,1,0),IF(L38=3,IF('3.4'!H$11>=3,1,0),1))) -> 1 | N38: =+'2.2'!K40 -> NEU4.1 + NEU4.2 | O38: =IF(N38="",1,IF(AND(OR('3.5'!D60="oui",'3.5'!E60="oui"),OR('3.5'!D62="oui",'3.5'!E62="oui")),1,0)) -> 0 | P38: =IF(ISBLANK(interne1!P33),"",interne1!P33) | Q38: =IF(P38="",1,0) -> 1 | R38: ='2.2'!J40 | S38: =IF(R38="",1,0) -> 1 | T38: =+'2.2'!L40 | U38: =IF(T38="",1,0) -> 1 | V38: =+'2.2'!N40 -> Un monitorage vidéo/EEG à long terme est obligatoire, personnel formé dans le domaine (FND) disponible en cas de besoin. Evaluation psychiatrique obligatoire pour le diagnostic d’une crise psychogène non épileptique. | W38: =IF(V38="",1,IF('3.7'!$D39="oui",1,0)) -> 0 | AA38: =+'2.2'!M40 -> S:10
A39: =+'2.2'!B41 | B39: =+'2.2'!C41 -> NEU4.1 | C39: =+'2.2'!D41 -> Epileptologie : traitement complexe | D39: ='2.2'!E41 | E39: =IF('3.8'!$B$20="oui",2,IF('3.8'!$C$20="oui",1,0)) -> 0 | F39: =+'2.2'!F41 -> Neurologie | G39: =+'2.2'!G41 -> 2 | H39: =IF(interne2!AX191>=interne2!AX36,1,0) -> 0 | I39: =IF(G39="",1,IF(MAX(interne3!C40:AT40)>=G39,1,0)) -> 0 | J39: =+'2.2'!H41 | K39: =VALUE(IF(J39=1,IF('3.3'!H$12>=1,1,0),IF(J39=2,IF('3.3'!H$12>=2,1,0),IF(J39=3,IF('3.3'!H$12>=3,1,0),1)))) -> 1 | L39: =+'2.2'!I41 | M39: =+IF(L39=1,IF('3.4'!H$11>=1,1,0),IF(L39=2,IF('3.4'!H$11>=2,1,0),IF(L39=3,IF('3.4'!H$11>=3,1,0),1))) -> 1 | N39: =+'2.2'!K41 | O39: =IF(N39="",1,0) -> 1 | P39: =IF(ISBLANK(interne1!P34),"",interne1!P34) -> NEU4 | Q39: =IF(P39="",1,IF(Y38="oui",1,0)) -> 0 | R39: ='2.2'!J41 | S39: =IF(R39="",1,0) -> 1 | T39: =+'2.2'!L41 | U39: =IF(T39="",1,0) -> 1 | V39: =+'2.2'!N41 -> Des représentants de tous les domaines thérapeutiques impliqués doivent participer à chaque réunion hebdomadaire de l’équipe. | W39: =IF(V39="",1,IF('3.7'!$D40="oui",1,0)) -> 0 | AA39: =+'2.2'!M41 -> S:10
A40: =+'2.2'!B42 | B40: =+'2.2'!C42 -> NEU4.2 | C40: =+'2.2'!D42 -> Epileptologie : diagnostic préopératoire de l’épilepsie (CIMHS) | D40: ='2.2'!E42 | F40: =+'2.2'!F42 | G40: =+'2.2'!G42 | V40: =+'2.2'!N42 -> Les exigences actuelles de la CIMHS font foi
A41: =+'2.2'!B43 -> Ophtalmologie | B41: =+'2.2'!C43 -> AUG1 | C41: =+'2.2'!D43 -> Ophtalmologie | D41: ='2.2'!E43 -> PBP/PB | E41: =IF('3.8'!$B$20="oui",2,IF('3.8'!$C$20="oui",1,0)) -> 0 | F41: =+'2.2'!F43 -> (Ophtalmologie avec formation approfondie en chirurgie ophtalmologique) | G41: =+'2.2'!G43 -> 2 | H41: =IF(interne2!AX193>=interne2!AX38,1,0) -> 0 | I41: =IF(G41="",1,IF(MAX(interne3!C42:AT42)>=G41,1,0)) -> 0 | J41: =+'2.2'!H43 -> 0 | K41: =VALUE(IF(J41=1,IF('3.3'!H$12>=1,1,0),IF(J41=2,IF('3.3'!H$12>=2,1,0),IF(J41=3,IF('3.3'!H$12>=3,1,0),1)))) -> 1 | L41: =+'2.2'!I43 -> 1 | M41: =+IF(L41=1,IF('3.4'!H$11>=1,1,0),IF(L41=2,IF('3.4'!H$11>=2,1,0),IF(L41=3,IF('3.4'!H$11>=3,1,0),1))) -> 0 | N41: =+'2.2'!K43 | O41: =IF(N41="",1,0) -> 1 | P41: =IF(ISBLANK(interne1!P36),"",interne1!P36) | Q41: =IF(P41="",1,0) -> 1 | R41: ='2.2'!J43 | S41: =IF(R41="",1,0) -> 1 | T41: =+'2.2'!L43 | U41: =IF(T41="",1,0) -> 1 | V41: =+'2.2'!N43 | W41: =IF(V41="",1,IF('3.7'!$D42="oui",1,0)) -> 1 | AA41: =+'2.2'!M43
A42: =+'2.2'!B44 | B42: =+'2.2'!C44 -> AUG1.1 | C42: =+'2.2'!D44 -> Strabologie | D42: ='2.2'!E44 -> PBP/PB | E42: =IF('3.8'!$B$20="oui",2,IF('3.8'!$C$20="oui",1,0)) -> 0 | F42: =+'2.2'!F44 -> (Ophtalmologie avec formation approfondie en chirurgie ophtalmologique) | G42: =+'2.2'!G44 -> 2 | H42: =IF(interne2!AX194>=interne2!AX39,1,0) -> 0 | I42: =IF(G42="",1,IF(MAX(interne3!C43:AT43)>=G42,1,0)) -> 0 | J42: =+'2.2'!H44 -> 0 | K42: =VALUE(IF(J42=1,IF('3.3'!H$12>=1,1,0),IF(J42=2,IF('3.3'!H$12>=2,1,0),IF(J42=3,IF('3.3'!H$12>=3,1,0),1)))) -> 1 | L42: =+'2.2'!I44 -> 1 | M42: =+IF(L42=1,IF('3.4'!H$11>=1,1,0),IF(L42=2,IF('3.4'!H$11>=2,1,0),IF(L42=3,IF('3.4'!H$11>=3,1,0),1))) -> 0 | N42: =+'2.2'!K44 | O42: =IF(N42="",1,0) -> 1 | P42: =IF(ISBLANK(interne1!P37),"",interne1!P37) -> AUG1 | Q42: =IF(P42="",1,IF(Y$41="oui",1,0)) -> 0 | R42: ='2.2'!J44 | S42: =IF(R42="",1,0) -> 1 | T42: =+'2.2'!L44 | U42: =IF(T42="",1,0) -> 1 | V42: =+'2.2'!N44 | W42: =IF(V42="",1,IF('3.7'!$D43="oui",1,0)) -> 1 | AA42: =+'2.2'!M44
A43: =+'2.2'!B45 | B43: =+'2.2'!C45 -> AUG1.2 | C43: =+'2.2'!D45 -> Orbite, paupières, voies lacrymales | D43: ='2.2'!E45 -> PBP/PB | E43: =IF('3.8'!$B$20="oui",2,IF('3.8'!$C$20="oui",1,0)) -> 0 | F43: =+'2.2'!F45 -> (Ophtalmologie avec formation approfondie en chirurgie ophtalmologique) | G43: =+'2.2'!G45 -> 2 | H43: =IF(interne2!AX195>=interne2!AX40,1,0) -> 0 | I43: =IF(G43="",1,IF(MAX(interne3!C44:AT44)>=G43,1,0)) -> 0 | J43: =+'2.2'!H45 -> 0 | K43: =VALUE(IF(J43=1,IF('3.3'!H$12>=1,1,0),IF(J43=2,IF('3.3'!H$12>=2,1,0),IF(J43=3,IF('3.3'!H$12>=3,1,0),1)))) -> 1 | L43: =+'2.2'!I45 -> 1 | M43: =+IF(L43=1,IF('3.4'!H$11>=1,1,0),IF(L43=2,IF('3.4'!H$11>=2,1,0),IF(L43=3,IF('3.4'!H$11>=3,1,0),1))) -> 0 | N43: =+'2.2'!K45 | O43: =IF(N43="",1,0) -> 1 | P43: =IF(ISBLANK(interne1!P38),"",interne1!P38) -> AUG1 | Q43: =IF(P43="",1,IF(Y$41="oui",1,0)) -> 0 | R43: ='2.2'!J45 | S43: =IF(R43="",1,0) -> 1 | T43: =+'2.2'!L45 | U43: =IF(T43="",1,0) -> 1 | V43: =+'2.2'!N45 | W43: =IF(V43="",1,IF('3.7'!$D44="oui",1,0)) -> 1 | AA43: =+'2.2'!M45
A44: =+'2.2'!B46 | B44: =+'2.2'!C46 -> AUG1.3 | C44: =+'2.2'!D46 -> Chirurgie spécialisée du segment antérieur | D44: ='2.2'!E46 -> PBP/PB | E44: =IF('3.8'!$B$20="oui",2,IF('3.8'!$C$20="oui",1,0)) -> 0 | F44: =+'2.2'!F46 -> (Ophtalmologie avec formation approfondie en chirurgie ophtalmologique) | G44: =+'2.2'!G46 -> 2 | H44: =IF(interne2!AX196>=interne2!AX41,1,0) -> 0 | I44: =IF(G44="",1,IF(MAX(interne3!C45:AT45)>=G44,1,0)) -> 0 | J44: =+'2.2'!H46 -> 0 | K44: =VALUE(IF(J44=1,IF('3.3'!H$12>=1,1,0),IF(J44=2,IF('3.3'!H$12>=2,1,0),IF(J44=3,IF('3.3'!H$12>=3,1,0),1)))) -> 1 | L44: =+'2.2'!I46 -> 1 | M44: =+IF(L44=1,IF('3.4'!H$11>=1,1,0),IF(L44=2,IF('3.4'!H$11>=2,1,0),IF(L44=3,IF('3.4'!H$11>=3,1,0),1))) -> 0 | N44: =+'2.2'!K46 | O44: =IF(N44="",1,0) -> 1 | P44: =IF(ISBLANK(interne1!P39),"",interne1!P39) -> AUG1 | Q44: =IF(P44="",1,IF(Y$41="oui",1,0)) -> 0 | R44: ='2.2'!J46 | S44: =IF(R44="",1,0) -> 1 | T44: =+'2.2'!L46 | U44: =IF(T44="",1,0) -> 1 | V44: =+'2.2'!N46 | W44: =IF(V44="",1,IF('3.7'!$D45="oui",1,0)) -> 1 | AA44: =+'2.2'!M46
A45: =+'2.2'!B47 | B45: =+'2.2'!C47 -> AUG1.4 | C45: =+'2.2'!D47 -> Cataracte | D45: ='2.2'!E47 -> PBP/PB | E45: =IF('3.8'!$B$20="oui",2,IF('3.8'!$C$20="oui",1,0)) -> 0 | F45: =+'2.2'!F47 -> (Ophtalmologie avec formation approfondie en chirurgie ophtalmologique) | G45: =+'2.2'!G47 -> 2 | H45: =IF(interne2!AX197>=interne2!AX42,1,0) -> 0 | I45: =IF(G45="",1,IF(MAX(interne3!C46:AT46)>=G45,1,0)) -> 0 | J45: =+'2.2'!H47 -> 0 | K45: =VALUE(IF(J45=1,IF('3.3'!H$12>=1,1,0),IF(J45=2,IF('3.3'!H$12>=2,1,0),IF(J45=3,IF('3.3'!H$12>=3,1,0),1)))) -> 1 | L45: =+'2.2'!I47 -> 1 | M45: =+IF(L45=1,IF('3.4'!H$11>=1,1,0),IF(L45=2,IF('3.4'!H$11>=2,1,0),IF(L45=3,IF('3.4'!H$11>=3,1,0),1))) -> 0 | N45: =+'2.2'!K47 | O45: =IF(N45="",1,0) -> 1 | P45: =IF(ISBLANK(interne1!P40),"",interne1!P40) -> AUG1 | Q45: =IF(P45="",1,IF(Y$41="oui",1,0)) -> 0 | R45: ='2.2'!J47 | S45: =IF(R45="",1,0) -> 1 | T45: =+'2.2'!L47 | U45: =IF(T45="",1,0) -> 1 | V45: =+'2.2'!N47 | W45: =IF(V45="",1,IF('3.7'!$D46="oui",1,0)) -> 1 | AA45: =+'2.2'!M47
A46: =+'2.2'!B48 | B46: =+'2.2'!C48 -> AUG1.5 | C46: =+'2.2'!D48 -> Affections du corps vitré / de la rétine | D46: ='2.2'!E48 -> PBP/PB | E46: =IF('3.8'!$B$20="oui",2,IF('3.8'!$C$20="oui",1,0)) -> 0 | F46: =+'2.2'!F48 -> (Ophtalmologie avec formation approfondie en chirurgie ophtalmologique) | G46: =+'2.2'!G48 -> 2 | H46: =IF(interne2!AX198>=interne2!AX43,1,0) -> 0 | I46: =IF(G46="",1,IF(MAX(interne3!C47:AT47)>=G46,1,0)) -> 0 | J46: =+'2.2'!H48 -> 0 | K46: =VALUE(IF(J46=1,IF('3.3'!H$12>=1,1,0),IF(J46=2,IF('3.3'!H$12>=2,1,0),IF(J46=3,IF('3.3'!H$12>=3,1,0),1)))) -> 1 | L46: =+'2.2'!I48 -> 1 | M46: =+IF(L46=1,IF('3.4'!H$11>=1,1,0),IF(L46=2,IF('3.4'!H$11>=2,1,0),IF(L46=3,IF('3.4'!H$11>=3,1,0),1))) -> 0 | N46: =+'2.2'!K48 | O46: =IF(N46="",1,0) -> 1 | P46: =IF(ISBLANK(interne1!P41),"",interne1!P41) -> AUG1 | Q46: =IF(P46="",1,IF(Y$41="oui",1,0)) -> 0 | R46: ='2.2'!J48 | S46: =IF(R46="",1,0) -> 1 | T46: =+'2.2'!L48 | U46: =IF(T46="",1,0) -> 1 | V46: =+'2.2'!N48 | W46: =IF(V46="",1,IF('3.7'!$D47="oui",1,0)) -> 1 | AA46: =+'2.2'!M48
A47: =+'2.2'!B49 -> Endocrinologie | B47: =+'2.2'!C49 -> END1 | C47: =+'2.2'!D49 -> Endocrinologie | D47: ='2.2'!E49 -> PB | E47: =IF('3.8'!$B$20="oui",2,IF('3.8'!$C$20="oui",1,0)) -> 0 | F47: =+'2.2'!F49 -> (Endocrinologie/diabétologie) | G47: =+'2.2'!G49 -> 1 | H47: =IF(interne2!AX199>=interne2!AX44,1,0) -> 0 | I47: =IF(G47="",1,IF(MAX(interne3!C48:AT48)>=G47,1,0)) -> 0 | J47: =+'2.2'!H49 -> 1 | K47: =VALUE(IF(J47=1,IF('3.3'!H$12>=1,1,0),IF(J47=2,IF('3.3'!H$12>=2,1,0),IF(J47=3,IF('3.3'!H$12>=3,1,0),1)))) -> 0 | L47: =+'2.2'!I49 -> 1 | M47: =+IF(L47=1,IF('3.4'!H$11>=1,1,0),IF(L47=2,IF('3.4'!H$11>=2,1,0),IF(L47=3,IF('3.4'!H$11>=3,1,0),1))) -> 0 | N47: =+'2.2'!K49 | O47: =IF(N47="",1,0) -> 1 | P47: =IF(ISBLANK(interne1!P42),"",interne1!P42) | Q47: =IF(P47="",1,0) -> 1 | R47: ='2.2'!J49 | S47: =IF(R47="",1,0) -> 1 | T47: =+'2.2'!L49 | U47: =IF(T47="",1,0) -> 1 | V47: =+'2.2'!N49 -> Conseils en nutrition et en lien avec le diabète | W47: =IF(V47="",1,IF('3.7'!$D48="oui",1,0)) -> 0 | AA47: =+'2.2'!M49
A48: =+'2.2'!B50 -> Gastroentérologie | B48: =+'2.2'!C50 -> GAE1 | C48: =+'2.2'!D50 -> Gastroentérologie | D48: ='2.2'!E50 -> PB | E48: =IF('3.8'!$B$20="oui",2,IF('3.8'!$C$20="oui",1,0)) -> 0 | F48: =+'2.2'!F50 -> (Gastroentérologie) | G48: =+'2.2'!G50 -> 2 | H48: =IF(interne2!AX200>=interne2!AX45,1,0) -> 0 | I48: =IF(G48="",1,IF(MAX(interne3!C49:AT49)>=G48,1,0)) -> 0 | J48: =+'2.2'!H50 -> 2 | K48: =VALUE(IF(J48=1,IF('3.3'!H$12>=1,1,0),IF(J48=2,IF('3.3'!H$12>=2,1,0),IF(J48=3,IF('3.3'!H$12>=3,1,0),1)))) -> 0 | L48: =+'2.2'!I50 -> 1 | M48: =+IF(L48=1,IF('3.4'!H$11>=1,1,0),IF(L48=2,IF('3.4'!H$11>=2,1,0),IF(L48=3,IF('3.4'!H$11>=3,1,0),1))) -> 0 | N48: =+'2.2'!K50 -> VIS1 | O48: =IF(N48="",1,IF(OR('3.5'!D69="oui",'3.5'!E69="oui"),1,0)) -> 0 | P48: =IF(ISBLANK(interne1!P43),"",interne1!P43) | Q48: =IF(P48="",1,0) -> 1 | R48: ='2.2'!J50 | S48: =IF(R48="",1,0) -> 1 | T48: =+'2.2'!L50 -> oui | U48: =IF(T48="",1,IF((OR('3.6'!$C14="Partenaire de coopération",'3.6'!$C14="Tous les spécialistes necessaires en interne")),1,0)) -> 0 | V48: =+'2.2'!N50 | W48: =IF(V48="",1,IF('3.7'!$D49="oui",1,0)) -> 1 | AA48: =+'2.2'!M50
A49: =+'2.2'!B51 | B49: =+'2.2'!C51 -> GAE1.1 | C49: =+'2.2'!D51 -> Gastroentérologie spécialisée | D49: ='2.2'!E51 -> PB | E49: =IF('3.8'!$B$20="oui",2,IF('3.8'!$C$20="oui",1,0)) -> 0 | F49: =+'2.2'!F51 -> Gastroentérologie | G49: =+'2.2'!G51 -> 2 | H49: =IF(interne2!AX201>=interne2!AX46,1,0) -> 0 | I49: =IF(G49="",1,IF(MAX(interne3!C50:AT50)>=G49,1,0)) -> 0 | J49: =+'2.2'!H51 -> 2 | K49: =VALUE(IF(J49=1,IF('3.3'!H$12>=1,1,0),IF(J49=2,IF('3.3'!H$12>=2,1,0),IF(J49=3,IF('3.3'!H$12>=3,1,0),1)))) -> 0 | L49: =+'2.2'!I51 -> 2 | M49: =+IF(L49=1,IF('3.4'!H$11>=1,1,0),IF(L49=2,IF('3.4'!H$11>=2,1,0),IF(L49=3,IF('3.4'!H$11>=3,1,0),1))) -> 0 | N49: =+'2.2'!K51 | O49: =IF(N49="",1,0) -> 1 | P49: =IF(ISBLANK(interne1!P44),"",interne1!P44) -> GAE1 | Q49: =IF(P49="",1,IF(Y48="oui",1,0)) -> 0 | R49: ='2.2'!J51 | S49: =IF(R49="",1,0) -> 1 | T49: =+'2.2'!L51 -> oui | U49: =IF(T49="",1,IF((OR('3.6'!$C14="Partenaire de coopération",'3.6'!$C14="Tous les spécialistes necessaires en interne")),1,0)) -> 0 | V49: =+'2.2'!N51 | W49: =IF(V49="",1,IF('3.7'!$D50="oui",1,0)) -> 1 | AA49: =+'2.2'!M51
A50: =+'2.2'!B52 -> Chirurgie viscérale | B50: =+'2.2'!C52 -> VIS1 | C50: =+'2.2'!D52 -> Chirurgie viscérale | D50: ='2.2'!E52 -> PB | E50: =IF('3.8'!$B$20="oui",2,IF('3.8'!$C$20="oui",1,0)) -> 0 | F50: =+'2.2'!F52 -> (Chirurgie avec formation approfondie en chirurgie viscérale) | G50: =+'2.2'!G52 -> 2 | H50: =IF(interne2!AX202>=interne2!AX47,1,0) -> 0 | I50: =IF(G50="",1,IF(MAX(interne3!C51:AT51)>=G50,1,0)) -> 0 | J50: =+'2.2'!H52 -> 2 | K50: =VALUE(IF(J50=1,IF('3.3'!H$12>=1,1,0),IF(J50=2,IF('3.3'!H$12>=2,1,0),IF(J50=3,IF('3.3'!H$12>=3,1,0),1)))) -> 0 | L50: =+'2.2'!I52 -> 1 | M50: =+IF(L50=1,IF('3.4'!H$11>=1,1,0),IF(L50=2,IF('3.4'!H$11>=2,1,0),IF(L50=3,IF('3.4'!H$11>=3,1,0),1))) -> 0 | N50: =+'2.2'!K52 | O50: =IF(N50="",1,0) -> 1 | P50: =IF(ISBLANK(interne1!P45),"",interne1!P45) | Q50: =IF(P50="",1,0) -> 1 | R50: ='2.2'!J52 -> GAE1 | S50: =IF(R50="",1,IF(Y48="oui",1,0)) -> 0 | T50: =+'2.2'!L52 -> oui | U50: =IF(T50="",1,IF((OR('3.6'!$C15="Partenaire de coopération",'3.6'!$C15="Tous les spécialistes necessaires en interne")),1,0)) -> 0 | V50: =+'2.2'!N52 -> Le programme de qualité Chirurgie colorectale (« Kolonchirurgie ») de la société de chirurgie du canton de Zurich (CGZH) est en cours de finalisation. La participation est obligatoire pour les hôpitaux zurichois répertoriés avec mandat de prestation VIS1. | W50: =IF(V50="",1,IF('3.7'!$D51="oui",1,0)) -> 0 | AA50: =+'2.2'!M52
A51: =+'2.2'!B53 | B51: =+'2.2'!C53 -> VIS1.1 | C51: =+'2.2'!D53 -> Interventions majeures sur le pancréas (CIMHS) | D51: ='2.2'!E53 | F51: =+'2.2'!F53 | G51: =+'2.2'!G53 | R51: ='2.2'!J53 | V51: =+'2.2'!N53 -> Les exigences actuelles de la CIMHS font foi | AA51: =+'2.2'!M53
A52: =+'2.2'!B54 | B52: =+'2.2'!C54 -> VIS1.2 | C52: =+'2.2'!D54 -> Interventions majeures sur le foie (CIMHS) | D52: ='2.2'!E54 | F52: =+'2.2'!F54 | G52: =+'2.2'!G54 | R52: ='2.2'!J54 | V52: =+'2.2'!N54 -> Les exigences actuelles de la CIMHS font foi | AA52: =+'2.2'!M54
A53: =+'2.2'!B55 | B53: =+'2.2'!C55 -> VIS1.3 | C53: =+'2.2'!D55 -> Chirurgie de l’œsophage (CIMHS) | D53: ='2.2'!E55 | F53: =+'2.2'!F55 | G53: =+'2.2'!G55 | R53: ='2.2'!J55 | V53: =+'2.2'!N55 -> Les exigences actuelles de la CIMHS font foi | AA53: =+'2.2'!M55
A54: =+'2.2'!B56 | B54: =+'2.2'!C56 -> VIS1.4 | C54: =+'2.2'!D56 -> Chirurgie bariatrique | D54: ='2.2'!E56 -> PB | E54: =IF('3.8'!$B$20="oui",2,IF('3.8'!$C$20="oui",1,0)) -> 0 | F54: =+'2.2'!F56 -> (Chirurgie avec formation approfondie en chirurgie viscérale) | G54: =+'2.2'!G56 -> 2 | H54: =IF(interne2!AX206>=interne2!AX51,1,0) -> 0 | I54: =IF(G54="",1,IF(MAX(interne3!C55:AT55)>=G54,1,0)) -> 0 | J54: =+'2.2'!H56 -> 2 | K54: =VALUE(IF(J54=1,IF('3.3'!H$12>=1,1,0),IF(J54=2,IF('3.3'!H$12>=2,1,0),IF(J54=3,IF('3.3'!H$12>=3,1,0),1)))) -> 0 | L54: =+'2.2'!I56 -> 1 | M54: =+IF(L54=1,IF('3.4'!H$11>=1,1,0),IF(L54=2,IF('3.4'!H$11>=2,1,0),IF(L54=3,IF('3.4'!H$11>=3,1,0),1))) -> 0 | N54: =+'2.2'!K56 -> END1 | O54: =IF(N54="",1,IF(OR('3.5'!D64="oui",'3.5'!E64="oui"),1,0)) -> 0 | P54: =IF(ISBLANK(interne1!P49),"",interne1!P49) -> VIS1 | Q54: =IF(P54="",1,IF(Y50="oui",1,0)) -> 0 | R54: ='2.2'!J56 | S54: =IF(R54="",1,0) -> 1 | T54: =+'2.2'!L56 | U54: =IF(T54="",1,0) -> 1 | V54: =+'2.2'!N56 -> Reconnaissance SMOB Centre primaire ou centre de référence | W54: =IF(V54="",1,IF('3.7'!$D55="oui",1,0)) -> 0 | AA54: =+'2.2'!M56
A55: =+'2.2'!B57 -> 0 | B55: =+'2.2'!C57 -> VIS1.4.1 | C55: =+'2.2'!D57 -> Chirurgie bariatrique spécialisée (CIMHS) | D55: ='2.2'!E57 | F55: =+'2.2'!F57 | G55: =+'2.2'!G57 | R55: ='2.2'!J57 | V55: =+'2.2'!N57 -> Les exigences actuelles de la CIMHS font foi | AA55: =+'2.2'!M57
A56: =+'2.2'!B58 | B56: =+'2.2'!C58 -> VIS1.5 | C56: =+'2.2'!D58 -> Interventions sur le bas rectum (CIMHS) | D56: ='2.2'!E58 | F56: =+'2.2'!F58 | G56: =+'2.2'!G58 | P56: =IF(ISBLANK(interne1!P51),"",interne1!P51) | R56: ='2.2'!J58 | V56: =+'2.2'!N58 -> Les exigences actuelles de la CIMHS font foi | AA56: =+'2.2'!M58
A57: =+'2.2'!B59 -> Hématologie | B57: =+'2.2'!C59 -> HAE1 | C57: =+'2.2'!D59 -> Lymphomes agressifs et leucémies aiguës | D57: ='2.2'!E59 -> PB | E57: =IF('3.8'!$B$20="oui",2,IF('3.8'!$C$20="oui",1,0)) -> 0 | F57: =+'2.2'!F59 -> Hématologie Oncologie médicale Médecine interne générale | G57: =+'2.2'!G59 -> 1 | H57: =IF(interne2!AX209>=interne2!AX54,1,0) -> 0 | I57: =IF(G57="",1,IF(MAX(interne3!C58:AT58)>=G57,1,0)) -> 0 | J57: =+'2.2'!H59 -> 1 | K57: =VALUE(IF(J57=1,IF('3.3'!H$12>=1,1,0),IF(J57=2,IF('3.3'!H$12>=2,1,0),IF(J57=3,IF('3.3'!H$12>=3,1,0),1)))) -> 0 | L57: =+'2.2'!I59 -> 2 | M57: =+IF(L57=1,IF('3.4'!H$11>=1,1,0),IF(L57=2,IF('3.4'!H$11>=2,1,0),IF(L57=3,IF('3.4'!H$11>=3,1,0),1))) -> 0 | N57: =+'2.2'!K59 | O57: =IF(N57="",1,0) -> 1 | P57: =IF(ISBLANK(interne1!P52),"",interne1!P52) | Q57: =IF(P57="",1,0) -> 1 | R57: ='2.2'!J59 -> ONK1 | S57: =IF(R57="",1,IF(Y$139="oui",1,0)) -> 0 | T57: =+'2.2'!L59 -> oui | U57: =IF(T57="",1,IF((OR('3.6'!$C16="Partenaire de coopération",'3.6'!$C16="Tous les spécialistes necessaires en interne")),1,0)) -> 0 | V57: =+'2.2'!N59 | W57: =IF(V57="",1,IF('3.7'!$D58="oui",1,0)) -> 1 | AA57: =+'2.2'!M59
A58: =+'2.2'!B60 | B58: =+'2.2'!C60 -> HAE1.1 | C58: =+'2.2'!D60 -> Lymphomes très agressifs et leucémies aiguës avec chimiothérapie curative | D58: ='2.2'!E60 -> PB | E58: =IF('3.8'!$B$20="oui",2,IF('3.8'!$C$20="oui",1,0)) -> 0 | F58: =+'2.2'!F60 -> Hématologie Oncologie médicale | G58: =+'2.2'!G60 -> 1 | H58: =IF(interne2!AX210>=interne2!AX55,1,0) -> 0 | I58: =IF(G58="",1,IF(MAX(interne3!C59:AT59)>=G58,1,0)) -> 0 | J58: =+'2.2'!H60 -> 1 | K58: =VALUE(IF(J58=1,IF('3.3'!H$12>=1,1,0),IF(J58=2,IF('3.3'!H$12>=2,1,0),IF(J58=3,IF('3.3'!H$12>=3,1,0),1)))) -> 0 | L58: =+'2.2'!I60 -> 2 | M58: =+IF(L58=1,IF('3.4'!H$11>=1,1,0),IF(L58=2,IF('3.4'!H$11>=2,1,0),IF(L58=3,IF('3.4'!H$11>=3,1,0),1))) -> 0 | N58: =+'2.2'!K60 | O58: =IF(N58="",1,0) -> 1 | P58: =IF(ISBLANK(interne1!P53),"",interne1!P53) -> HAE1 | Q58: =IF(P58="",1,IF(Y$57="oui",1,0)) -> 0 | R58: ='2.2'!J60 -> ONK1 | S58: =IF(R58="",1,IF(Y$139="oui",1,0)) -> 0 | T58: =+'2.2'!L60 -> oui | U58: =IF(T58="",1,IF((OR('3.6'!$C16="Partenaire de coopération",'3.6'!$C16="Tous les spécialistes necessaires en interne")),1,0)) -> 0 | V58: =+'2.2'!N60 | W58: =IF(V58="",1,IF('3.7'!$D59="oui",1,0)) -> 1 | AA58: =+'2.2'!M60 -> S:10
A59: =+'2.2'!B61 | B59: =+'2.2'!C61 -> HAE2 | C59: =+'2.2'!D61 -> Lymphomes indolents et leucémies chroniques | D59: ='2.2'!E61 -> PB | E59: =IF('3.8'!$B$20="oui",2,IF('3.8'!$C$20="oui",1,0)) -> 0 | F59: =+'2.2'!F61 -> Hématologie Oncologie médicale Médecine interne générale | G59: =+'2.2'!G61 -> 1 | H59: =IF(interne2!AX211>=interne2!AX56,1,0) -> 0 | I59: =IF(G59="",1,IF(MAX(interne3!C60:AT60)>=G59,1,0)) -> 0 | J59: =+'2.2'!H61 -> 1 | K59: =VALUE(IF(J59=1,IF('3.3'!H$12>=1,1,0),IF(J59=2,IF('3.3'!H$12>=2,1,0),IF(J59=3,IF('3.3'!H$12>=3,1,0),1)))) -> 0 | L59: =+'2.2'!I61 -> 1 | M59: =+IF(L59=1,IF('3.4'!H$11>=1,1,0),IF(L59=2,IF('3.4'!H$11>=2,1,0),IF(L59=3,IF('3.4'!H$11>=3,1,0),1))) -> 0 | N59: =+'2.2'!K61 | O59: =IF(N59="",1,0) -> 1 | P59: =IF(ISBLANK(interne1!P54),"",interne1!P54) | Q59: =IF(P59="",1,0) -> 1 | R59: ='2.2'!J61 -> ONK1 | S59: =IF(R59="",1,IF(Y$139="oui",1,0)) -> 0 | T59: =+'2.2'!L61 -> oui | U59: =IF(T59="",1,IF((OR('3.6'!$C16="Partenaire de coopération",'3.6'!$C16="Tous les spécialistes necessaires en interne")),1,0)) -> 0 | V59: =+'2.2'!N61 | W59: =IF(V59="",1,IF('3.7'!$D60="oui",1,0)) -> 1 | AA59: =+'2.2'!M61
A60: =+'2.2'!B62 | B60: =+'2.2'!C62 -> HAE3 | C60: =+'2.2'!D62 -> Affections myéloprolifératives et syndromes myélodysplasiques | D60: ='2.2'!E62 -> PB | E60: =IF('3.8'!$B$20="oui",2,IF('3.8'!$C$20="oui",1,0)) -> 0 | F60: =+'2.2'!F62 -> Hématologie Oncologie médicale Médecine interne générale | G60: =+'2.2'!G62 -> 1 | H60: =IF(interne2!AX212>=interne2!AX57,1,0) -> 0 | I60: =IF(G60="",1,IF(MAX(interne3!C61:AT61)>=G60,1,0)) -> 0 | J60: =+'2.2'!H62 -> 1 | K60: =VALUE(IF(J60=1,IF('3.3'!H$12>=1,1,0),IF(J60=2,IF('3.3'!H$12>=2,1,0),IF(J60=3,IF('3.3'!H$12>=3,1,0),1)))) -> 0 | L60: =+'2.2'!I62 -> 1 | M60: =+IF(L60=1,IF('3.4'!H$11>=1,1,0),IF(L60=2,IF('3.4'!H$11>=2,1,0),IF(L60=3,IF('3.4'!H$11>=3,1,0),1))) -> 0 | N60: =+'2.2'!K62 | O60: =IF(N60="",1,0) -> 1 | P60: =IF(ISBLANK(interne1!P55),"",interne1!P55) | Q60: =IF(P60="",1,0) -> 1 | R60: ='2.2'!J62 | S60: =IF(R60="",1,0) -> 1 | T60: =+'2.2'!L62 -> oui | U60: =IF(T60="",1,IF((OR('3.6'!$C16="Partenaire de coopération",'3.6'!$C16="Tous les spécialistes necessaires en interne")),1,0)) -> 0 | V60: =+'2.2'!N62 | W60: =IF(V60="",1,IF('3.7'!$D61="oui",1,0)) -> 1 | AA60: =+'2.2'!M62
A61: =+'2.2'!B63 | B61: =+'2.2'!C63 -> HAE4 | C61: =+'2.2'!D63 -> Transplantation de cellules souches hématopoïétiques autologues | D61: ='2.2'!E63 -> PB | E61: =IF('3.8'!$B$20="oui",2,IF('3.8'!$C$20="oui",1,0)) -> 0 | F61: =+'2.2'!F63 -> (Oncologie médicale) (Hématologie) | G61: =+'2.2'!G63 -> 2 | H61: =IF(interne2!AX213>=interne2!AX58,1,0) -> 0 | I61: =IF(G61="",1,IF(MAX(interne3!C62:AT62)>=G61,1,0)) -> 0 | J61: =+'2.2'!H63 -> 2 | K61: =VALUE(IF(J61=1,IF('3.3'!H$12>=1,1,0),IF(J61=2,IF('3.3'!H$12>=2,1,0),IF(J61=3,IF('3.3'!H$12>=3,1,0),1)))) -> 0 | L61: =+'2.2'!I63 -> 2 | M61: =+IF(L61=1,IF('3.4'!H$11>=1,1,0),IF(L61=2,IF('3.4'!H$11>=2,1,0),IF(L61=3,IF('3.4'!H$11>=3,1,0),1))) -> 0 | N61: =+'2.2'!K63 | O61: =IF(N61="",1,0) -> 1 | P61: =IF(ISBLANK(interne1!P56),"",interne1!P56) | Q61: =IF(P61="",1,0) -> 1 | R61: ='2.2'!J63 | S61: =IF(R61="",1,0) -> 1 | T61: =+'2.2'!L63 | U61: =IF(T61="",1,0) -> 1 | V61: =+'2.2'!N63 -> Accréditation JACIE | W61: =IF(V61="",1,IF('3.7'!$D62="oui",1,0)) -> 0 | AA61: =+'2.2'!M63 -> S:10
A62: =+'2.2'!B64 | B62: =+'2.2'!C64 -> HAE5 | C62: =+'2.2'!D64 -> Transplantation allogénique de cellules souches hématopoïétiques (CIMHS) | D62: ='2.2'!E64 | F62: =+'2.2'!F64 | P62: =IF(ISBLANK(interne1!P57),"",interne1!P57) | V62: =+'2.2'!N64 -> Les exigences actuelles de la CIMHS font foi | AA62: =+'2.2'!M64
A63: =+'2.2'!B65 -> Vaisseaux | B63: =+'2.2'!C65 -> GEF1 | C63: =+'2.2'!D65 -> Chirurgie vasculaire périphérique (artérielle) | D63: ='2.2'!E65 -> PB | E63: =IF('3.8'!$B$20="oui",2,IF('3.8'!$C$20="oui",1,0)) -> 0 | F63: =+'2.2'!F65 -> (Chirurgie vasculaire) (chirurgie cardiaque et vasculaire thoracique) | G63: =+'2.2'!G65 -> 2 | H63: =IF(interne2!AX215>=interne2!AX60,1,0) -> 0 | I63: =IF(G63="",1,IF(MAX(interne3!C64:AT64)>=G63,1,0)) -> 0 | J63: =+'2.2'!H65 -> 2 | K63: =VALUE(IF(J63=1,IF('3.3'!H$12>=1,1,0),IF(J63=2,IF('3.3'!H$12>=2,1,0),IF(J63=3,IF('3.3'!H$12>=3,1,0),1)))) -> 0 | L63: =+'2.2'!I65 -> 1 | M63: =+IF(L63=1,IF('3.4'!H$11>=1,1,0),IF(L63=2,IF('3.4'!H$11>=2,1,0),IF(L63=3,IF('3.4'!H$11>=3,1,0),1))) -> 0 | N63: =+'2.2'!K65 | O63: =IF(N63="",1,0) -> 1 | P63: =IF(ISBLANK(interne1!P58),"",interne1!P58) | Q63: =IF(P63="",1,0) -> 1 | R63: ='2.2'!J65 -> ANG1 + RAD1 | S63: =IF(R63="",1,IF(AND(Y$68="oui",Y$64="oui"),1,0)) -> 0 | T63: =+'2.2'!L65 | U63: =IF(T63="",1,0) -> 1 | V63: =+'2.2'!N65 -> Conférence interdisciplinaire d’indication avec des MQS chirurgie et intervention. Concept de collaboration spécifique nécessaire | W63: =IF(V63="",1,IF('3.7'!$D64="oui",1,0)) -> 0 | AA63: =+'2.2'!M65 -> S:10
A64: =+'2.2'!B66 | B64: =+'2.2'!C66 -> ANG1 | C64: =+'2.2'!D66 -> IInterventions sur les vaisseaux périphériques (artériels) | D64: ='2.2'!E66 -> PB | E64: =IF('3.8'!$B$20="oui",2,IF('3.8'!$C$20="oui",1,0)) -> 0 | F64: =+'2.2'!F66 -> Angiologie Radiologie interventionnelle EBIR Cardiologie Chirurgie vasculaire Oncologie médicale | G64: =+'2.2'!G66 -> 2 | H64: =IF(interne2!AX216>=interne2!AX61,1,0) -> 0 | I64: =IF(G64="",1,IF(MAX(interne3!C65:AT65)>=G64,1,0)) -> 0 | J64: =+'2.2'!H66 -> 2 | K64: =VALUE(IF(J64=1,IF('3.3'!H$12>=1,1,0),IF(J64=2,IF('3.3'!H$12>=2,1,0),IF(J64=3,IF('3.3'!H$12>=3,1,0),1)))) -> 0 | L64: =+'2.2'!I66 -> 1 | M64: =+IF(L64=1,IF('3.4'!H$11>=1,1,0),IF(L64=2,IF('3.4'!H$11>=2,1,0),IF(L64=3,IF('3.4'!H$11>=3,1,0),1))) -> 0 | N64: =+'2.2'!K66 -> GEF1 | O64: =IF(N64="",1,IF(OR('3.5'!D73="oui",'3.5'!E73="oui"),1,0)) -> 0 | P64: =IF(ISBLANK(interne1!P59),"",interne1!P59) | Q64: =IF(P64="",1,0) -> 1 | R64: ='2.2'!J66 -> RAD1 | S64: =IF(R64="",1,IF(Y$68="oui",1,0)) -> 0 | T64: =+'2.2'!L66 | U64: =IF(T64="",1,0) -> 1 | V64: =+'2.2'!N66 -> Conférence interdisciplinaire d’indication avec des MQS chirurgie et intervention. Concept de collaboration spécifique nécessaire | W64: =IF(V64="",1,IF('3.7'!$D65="oui",1,0)) -> 0 | AA64: =+'2.2'!M66
